Workbook
Name \a: #REF!
Name \a: #REF!
Name \a: #REF!
Name \a: #REF!
Name \s: #REF!
Name \s: #REF!
Name \s: #REF!
Name \s: #REF!
Name \X: [0]!ERR
Name \Z: [0]!ERR
Name _________AFC1: [1]INV!$A$25:$D$28
Name _________AFC3: [1]INV!$F$25:$I$28
Name _________AFC5: [1]INV!$K$25:$N$28
Name _________BGC1: [1]INV!$A$5:$D$8
Name _________BGC3: [1]INV!$F$5:$I$8
Name _________BGC5: [1]INV!$K$5:$N$8
Name _________CAC1: [1]INV!$A$19:$D$22
Name _________CAC3: [1]INV!$F$19:$I$22
Name _________CAC5: [1]INV!$K$19:$N$22
Name _________PJ50: #REF!
Name _________PJ50: #REF!
Name _________PJ50: #REF!
Name _________PJ50: #REF!
Name _________SBC1: [1]INV!$A$12:$D$15
Name _________SBC3: [1]INV!$F$12:$I$15
Name _________SBC5: [1]INV!$K$12:$N$15
Name ________AFC1: [1]INV!$A$25:$D$28
Name ________AFC3: [1]INV!$F$25:$I$28
Name ________AFC5: [1]INV!$K$25:$N$28
Name ________BGC1: [1]INV!$A$5:$D$8
Name ________BGC3: [1]INV!$F$5:$I$8
Name ________BGC5: [1]INV!$K$5:$N$8
Name ________CAC1: [1]INV!$A$19:$D$22
Name ________CAC3: [1]INV!$F$19:$I$22
Name ________CAC5: [1]INV!$K$19:$N$22
Name ________MA2: #REF!
Name ________MA2: #REF!
Name ________MA2: #REF!
Name ________MA2: #REF!
Name ________PJ50: #REF!
Name ________PJ50: #REF!
Name ________PJ50: #REF!
Name ________PJ50: #REF!
Name ________SBC1: [1]INV!$A$12:$D$15
Name ________SBC3: [1]INV!$F$12:$I$15
Name ________SBC5: [1]INV!$K$12:$N$15
Name _______AFC1: [1]INV!$A$25:$D$28
Name _______AFC3: [1]INV!$F$25:$I$28
Name _______AFC5: [1]INV!$K$25:$N$28
Name _______BGC1: [1]INV!$A$5:$D$8
Name _______BGC3: [1]INV!$F$5:$I$8
Name _______BGC5: [1]INV!$K$5:$N$8
Name _______CAC1: [1]INV!$A$19:$D$22
Name _______CAC3: [1]INV!$F$19:$I$22
Name _______CAC5: [1]INV!$K$19:$N$22
Name _______MA2: #REF!
Name _______MA2: #REF!
Name _______MA2: #REF!
Name _______MA2: #REF!
Name _______PJ50: #REF!

Sheet DATOS INICIALES 
B1: MINISTERIO DE TRANSPORTE | J1: CÓDIGO | K1: MSE--FR-14
B2: INSTITUTO NACIONAL DE VIAS
B3: DIRECCION OPERATIVA | J3: VERSIÓN | K3: 2
B4: PROCESO SUPERVISION, EJECUCION Y SEGUIMIENTO A PROYECTOS
B5: MANUAL DE INTERVENTORÍA OBRA PUBLICA | J5: PÁGINA | K5: 1 | L5: DE | M5: 1
B7: ANALISIS DE PRECIOS UNITARIOS
J9: FECHA | K9: DD | L9: MM | M9: AA
K10: XXX | L10: XXX | M10: XXX
A11: UNIDAD EJECUTORA: | C11: XXXXXXXXXX | H11: DIRECCIÓN TERRITORIAL: | I11: XXXXXXXXXX
A17: CONTRATO No. | C17: XXXXXXXXXX | F17: DE | G17: XXXXXXXXXX
A18: OBJETO DEL CONTRATO | C18: XXXXXXXXXXXXXXXXXXXXXXXXXXXXXXXXXXXXXX
A21: CONTRATISTA : | C21: XXXXXXXXXX
A23: INTERVENTOR | C23: XXXXXXXXXX
A25: GESTOR TECNICO DE CONTRATO | D25: XXXXXXXXXX
A27: FECHA CIERRE DE LICITACIÓN Y/O SELECCIÓN ABREVIADA | F27: XXXXXXXXXX
A31: PROVISION PARA AJUSTES, OBRAS COMPLEMENTARIAS Y/O ADICIONALES | E31: 0
A32: AJUSTE ESTUDIOS Y DISEÑOS | E32: 0
A33: GESTION SOCIAL Y PREDIAL (Incluye IVA 16%) | E33: 0 | I33: 1
A34: GESTION AMBIENTAL (Incluye PAGA e IVA 16%) | E34: 0

Sheet PRESUPUESTO OFICIAL
C3: INSTITUTO NACIONAL DE VIAS
C4: DIRECCION OPERATIVA
C5: SELECCIÓN ABREVIADA DE MENOR CUANTIA SA-MC-DT-CAL-009-2019
C6: CONSTRUCCION OBRAS DE SEÑALIZACION PARA LA SEGURIDAD VIAL EN VIAS A CARGO DEL INVIAS EN JURISDICCION DE LA DIRECCIÓN TERRITORIAL CALDAS. (VIAS CON DISPOSITIVOS CONTROL Y SEÑALIZACION- SISTEMA CONTENCION VEHICULARCOMPLEMENTARIAS-ZONAS ESCOLARES)
C8: PRESUPUESTO OFICIAL
C12: Nº | D12: ITEM DE PAGO | E12: ESPECIFICACIONES | G12: DESCRIPCION | H12: UND. | I12: CANTIDAD | J12: VALOR UNITARIO | K12: VALOR TOTAL
E13: GENERAL | F13: PARTICULAR
C14: SEÑALIZACIÓN VIAL
C15: 1 | D15: SV-02 | G15: SUMINISTRO E INSTALACIÓN DE SEÑAL VERTICAL SP, SR Y SI 75 CM X 75 CM | H15: UNIDAD | I15: 54 | J15: =+'SV-02'!N92 -> 381134 | K15: =I15*J15 -> 20581236
C16: 2 | D16: SV-07 | G16: MARCAS VIALES CON PINTURA EN FRIO ACRÍLICA PURA BASE AGUA | H16: M2 | I16: 1958 | J16: =+'SV-07'!N91 -> 24376 | K16: =I16*J16 -> 47728208
C17: 3 | D17: SV-12 | G17: LÍNEA DEMARCACION EN PINTURA ACRILICA CON MICROESFERAS | H17: M | I17: 15000 | J17: =+'SV-12'!N92 -> 2081 | K17: =I17*J17 -> 31215000
C18: 4 | D18: SV-19 | G18: SUMINISTRO E INSTALACIÓN DE SEÑAL VERTICAL SP-47B | H18: UNIDAD | I18: 12 | J18: =+'SV-19'!N97 -> 413244 | K18: =I18*J18 -> 4958928
C19: 5 | D19: SV-20 | G19: SUMINISTRO E INSTALACIÓN DE SEÑAL VERTICAL SP-47 | H19: UNIDAD | I19: 12 | J19: =+'SV-20'!N96 -> 407053 | K19: =I19*J19 -> 4884636
C24: Subtotal | K24: =ROUND(SUM(K15:K23),0) -> 109368008
G26: PROVISION PARA AJUSTES, OBRAS COMPLEMENTARIAS Y/O ADICIONALES | K26: ='DATOS INICIALES '!E31 -> 0
G27: VALOR BASICO DEL CONTRATO INCLUYE OBRAS COMPLEMENTARIAS Y AJUSTES | K27: =+K24 -> 109368008
G28: VALOR IVA (OBRA) (19% SOBRE UTILIDAD OBRA ) | K28: =ROUND((K27/(1+K42))*K41*0.19,0) -> 799228
G29: SUBTOTAL OBRAS (INCLUYE IVA) | K29: =K27+K28 -> 110167236
G30: REVISION Y/O COMPLEMENTACION Y/O AJUSTE DE ESTUDIOS Y DISEÑOS | K30: =+'DATOS INICIALES '!E32 -> 0
G31: IVA AJUSTE ESTUDIOS Y DISEÑOS | K31: =ROUND(0.16*K30,0) -> 0
G32: TOTAL ESTUDIOS Y DISEÑOS, REVISION Y AJUSTE DE ESTUDIOS Y DISEÑOS EXISTENTES | K32: =K30+K31 -> 0
G33: GESTION SOCIAL Y PREDIAL (Incluye IVA 16%) | K33: =+'DATOS INICIALES '!E33 -> 0
G34: GESTION AMBIENTAL (Incluye PAGA e IVA 16%) | K34: =+'DATOS INICIALES '!E34 -> 0
G35: VALOR TOTAL | K35: =K29+K32+K33+K34 -> 110167236 | N35: 110175000 | O35: =+N35-K35 -> 7764
C37: VALOR TOTAL EN LETRAS:
C38: NOTA 1: Teniendo en cuenta el Manual de Señalización Vial - Dispositivos para la Regulación del Tránsito en Calles, Carreteras y Ciclorrutas de Colombia, adoptado mediante Resolución No. 001050 del 5 de mayo de 2004 del Ministerio de Transporte, se aclara que el aparte de SEÑALIZACIÓN se debe ajustar a todo su contenido, esta señalización debe colocarse desde la órden de iniciación del contrato. | H38: DESCRIPCION | K38: PORCENTAJE
C39: NOTA 2: El control de tráfico temporal y la señalización provisional necesarios para la ejecución de las obras será por cuenta y riesgo del contratista. | H39: ADMINISTRACION | J39: A= | K39: 0.2
C40: NOTA 3: Se debe tener en cuenta que el PRECIO UNITARIO incluye el valor de A.I.U. | H40: IMPREVISTO | J40: I= | K40: 0.05
C41: NOTA 4: Si el valor del A.I.U. presentado es menor al NOVENTA por ciento (90%) o mayor al Ciento diez por ciento (110%) del Valor Oficial del Porcentaje de A.I.U., establecido en el formulario No 1 "presupuesto oficial", la propuesta será rechazada | H41: UTILIDAD (NO MODIFICAR) | J41: U= | K41: 0.05
C42: NOTA 5: Cuando la fracción decimal del peso sea igual o superior a 5 se aproximara por exceso al número entero siguiente del peso y cuando la fracción decimal del peso sea inferior a 5 se aproximará por defecto al número entero del peso. | H42: TOTAL A.I.U | J42: A.I.U.= | K42: =SUM(K39:K41) -> 0.3
C43: NOTA 6: El A.I.U y su discriminación deben estar en porcentaje (%).
C44: NOTA 7: El reconocimiento económico de los requerimientos ambientales exigidos por las autoridades ambientales, y/o sociales que son de obligatorio cumplimiento, serán reconocidos a cargo de reembolso de gastos (afectados por un % de administracion).

Sheet Materiales
B2: =+'DATOS INICIALES '!C18 -> XXXXXXXXXXXXXXXXXXXXXXXXXXXXXXXXXXXXXX
A3: CODIGO | B3: MATERIALES | C3: UNIDAD | D3: COSTO
A4: SV-1001 | B4: Acero Canastilla | C4: KG | D4: 4160
A5: SV-1002 | B5: Acero PDR-60 | C5: KG | D5: 3330
A6: SV-1003 | B6: ACPM | C6: gl | D6: 8330
A7: SV-1004 | B7: Aditivo acelerante | C7: kg | D7: 7760
A8: SV-1005 | B8: Agregado para concreto hidraulico | C8: M³ | D8: 54330
A9: SV-1006 | B9: Agregado petreo para mezclas asfálticas | C9: M³ | D9: 54330
A10: SV-1007 | B10: Agregados seleccionados (tamaño máximo 1") (bandas sonoras reduce velocidad) | C10: M³ | D10: 129150
A11: SV-1008 | B11: Agua | C11: LT | D11: 54
A12: SV-1009 | B12: Alambre de pua calibre 12 (340 m) | C12: ML | D12: 540
A13: SV-1010 | B13: Alambre negro para amarre | C13: KG | D13: 5720
A14: SV-1011 | B14: Antisol | C14: KG | D14: 7700
A15: SV-1012 | B15: Arena lavada | C15: M³ | D15: 61440
... A94: SV-1091 | B94: FORMALETA PARA JUNTAS | C94: M2 | D94: 13430
B144: KG: KILOGRAMO
B145: LB: LIBRA
B146: M²: METRO CUADRADO
B147: M³: METRO CUBICO
B148: ML: METRO LINEAL
B149: LT: LITRO
B150: U: UNIDAD

Sheet Equipo
B2: =+'DATOS INICIALES '!C18 -> XXXXXXXXXXXXXXXXXXXXXXXXXXXXXXXXXXXXXX
A3: CODIGO | B3: EQUIPO | C3: UNIDAD | D3: TARIFA
A4: E-SV-001 | B4: CORTADORA DE LÁMINA | C4: $/HORA | D4: 20339
A5: E-SV-002 | B5: CORTADORA DE ANGULO | C5: $/HORA | D5: 20339
A6: E-SV-003 | B6: EQUIPO DE SOLDADURA | C6: $/HORA | D6: 16271
A7: E-SV-004 | B7: EQUIPO DE PINTURA | C7: $/HORA | D7: 20339
A8: E-SV-005 | B8: EQUIPO DE SERIGRAFÍA | C8: $/HORA | D8: 13574
A9: E-SV-006 | B9: EQUIPO DE LAMINACIÓN | C9: $/HORA | D9: 8003
A10: E-SV-007 | B10: TALADRO | C10: $/HORA | D10: 2715
A11: E-SV-008 | B11: Camioneta D-300 | C11: $/HORA | D11: 39346
A12: E-SV-009 | B12: Maquina térmica | C12: $/HORA | D12: 13282
A13: E-SV-010 | B13: Camiontta con Platon | C13: $/HORA | D13: 31870
A14: E-SV-011 | B14: Maquina Manual | C14: $/HORA | D14: 17706
A15: E-SV-012 | B15: Vehiculo delineador, capacidad de 120 galones, tanque para microesfera de 1200 lb. | C15: $/HORA | D15: 105610
... A17: E-SV-014 | B17: EQUIPO MANUAL PARA PINTURA TERMOPLASTICA INCLUYE CALDERA | C17: $/HORA | D17: 53606
A18: E-SV-015 | C18: $/HORA
A19: E-SV-016 | C19: $/HORA
A20: E-SV-017 | C20: $/HORA
A21: E-SV-018 | C21: $/HORA
A22: E-SV-019 | B22: Cargador 920 o equivalente | C22: $/HORA
A23: E-SV-020 | B23: Cargador Frontal 966H | C23: $/HORA
A24: E-SV-021 | B24: Carrotanque de agua 10000 Litros | C24: $/HORA
A25: E-SV-022 | B25: Carrotanque Irrigador de asfalto | C25: $/HORA
A26: E-SV-023 | B26: Central de fabricación de la mezcla (Concreto) | C26: $/HORA
A27: E-SV-024 | B27: Cizalla | C27: $/HORA
A28: E-SV-025 | B28: Compactador manual (RANA) | C28: $/HORA
A29: E-SV-026 | B29: Compactador neumatico | C29: $/HORA
A30: E-SV-027 | B30: Compresor 125 pies 3 con martillo | C30: $/HORA
A31: E-SV-028 | B31: Compresor (barrido y soplado) | C31: $/HORA
A32: E-SV-029 | B32: Compresor 125 pies3 con martillo o superior | C32: $/HORA
A33: E-SV-030 | B33: Compresor 175 CFM o superior | C33: $/HORA
... A64: E-SV-061 | B64: Plana de Asfalto CM | C64: $/HORA
A65: E-SV-062 | B65: Planta eléctrica 25 kw | C65: $/HORA | D65: 13324
A66: E-SV-063 | B66: Pluma de 500 Kg motor a gasolina (Incluye combustible | C66: $/HORA
A67: E-SV-064 | B67: Pulidora | C67: $/HORA
A68: E-SV-065 | B68: Regla vibratoria L=3m | C68: $/HORA
A69: E-SV-066 | B69: Retroexcavadora 120 HP | C69: $/HORA
A70: E-SV-067 | B70: Soplete gas propano | C70: $/HORA
A71: E-SV-068 | B71: Taladro (broca de Tugsteno 1 1/8") | C71: $/HORA
A72: E-SV-069 | B72: Tarifa de transporte | C72: M³-KM
A73: E-SV-070 | B73: Tarifa de transporte de mezcla de concreto | C73: M³-KM
A74: E-SV-071 | B74: Terminadora de asfalto (Finisher) | C74: $/HORA
A75: E-SV-072 | B75: Vehiculo delineador | C75: $/HORA
A76: E-SV-073 | B76: Vibrador de concreto | C76: $/HORA
A77: E-SV-074 | B77: Vibrocompatador (8 TON) | C77: $/HORA
... A80: E-SV-077 | B80: HERRAMIENTA MENOR | C80: $/HORA
B87: SV: SEGURIDAD VIAL
B88: E. EQUIPO
B89: $/HORA: PESOS M/C POR CADA HORA DE TRABAJO
B90: M³-KM: COSTO DE TRANSPORTE DE CADA METRO CUBICO POR CADA KILOMETRO
B91: KG-KM: COSTO DE TRANSPORTE DE CADA KILOGRAMO POR CADA KILOMETRO

Sheet Mano de Obra
B2: =+'DATOS INICIALES '!C18 -> XXXXXXXXXXXXXXXXXXXXXXXXXXXXXXXXXXXXXX
A3: CODIGO | B3: CARGO | C3: JORNAL | D3: PRESTACIONES | E3: TARIFA
A4: MO-SV-001 | B4: CORTADOR | C4: 72000 | D4: 1.85 | E4: =+C4*D4 -> 133200
A5: MO-SV-002 | B5: SOLDADOR | C5: 88000 | D5: 1.85 | E5: =+C5*D5 -> 162800
A6: MO-SV-003 | B6: PINTOR | C6: 72000 | D6: 1.85 | E6: =+C6*D6 -> 133200
A7: MO-SV-004 | B7: LAMINADOR | C7: 72000 | D7: 1.85 | E7: =+C7*D7 -> 133200
A8: MO-SV-005 | B8: SERIGRAFISTA | C8: 72000 | D8: 1.85 | E8: =+C8*D8 -> 133200
A9: MO-SV-006 | B9: AYUDANTE | C9: 28000 | D9: 1.85 | E9: =+C9*D9 -> 51800
A10: MO-SV-007 | B10: CUADRILLA DE INSTALÑACIÓN (3) | C10: 83000 | D10: 1.85 | E10: =+C10*D10 -> 153550
A11: MO-SV-008 | B11: OFICIAL | C11: 48000 | D11: 1.85 | E11: =+C11*D11 -> 88800
A12: MO-SV-009 | B12: INSPECTOR DE OBRA | C12: 64000 | D12: 1.85 | E12: =+C12*D12 -> 118400
A13: MO-SV-010 | B13: INGENIERO RESIDENTE | C13: 131631.37 | D13: 1.85 | E13: =+C13*D13 -> 243518.03
A14: MO-SV-011 | B14: INGENIERO ESPECIALISTA | C14: 157957.64 | D14: 1.85 | E14: =+C14*D14 -> 292221.64
A15: MO-SV-012 | B15: OPERADOR DE EQUIPO | C15: 72000 | D15: 1.85 | E15: =+C15*D15 -> 133200
A16: MO-SV-013 | B16: OPERADOR DE CALDERA | C16: 72000 | D16: 1.85 | E16: =+C16*D16 -> 133200
E17: =+C17*D17 -> 0
E18: =+C18*D18 -> 0
E19: =+C19*D19 -> 0
E20: =+C20*D20 -> 0
E21: =+C21*D21 -> 0
E22: =+C22*D22 -> 0
E23: =+C23*D23 -> 0
B93: $/HORA: PESOS M/C POR CADA HORA DE TRABAJO
B94: M³-KM: COSTO DE TRANSPORTE DE CADA METRO CUBICO POR CADA KILOMETRO
B95: KG-KM: COSTO DE TRANSPORTE DE CADA KILOGRAMO POR CADA KILOMETRO

Sheet SV-01
C2: MINISTERIO DE TRANSPORTE | K2: CÓDIGO | L2: MSE--FR-14
C3: INSTITUTO NACIONAL DE VIAS
C4: DIRECCION OPERATIVA | K4: VERSIÓN | L4: 2
C5: PROCESO SUPERVISION, EJECUCION Y SEGUIMIENTO A PROYECTOS
C6: =+'DATOS INICIALES '!B5 -> MANUAL DE INTERVENTORÍA OBRA PUBLICA | K6: PÁGINA | L6: 1 | M6: DE | N6: 1
C8: ANALISIS DE PRECIOS UNITARIOS
K10: FECHA | L10: DD | M10: MM | N10: AA
L11: =+'DATOS INICIALES '!K10 -> XXX | M11: =+'DATOS INICIALES '!L10 -> XXX | N11: =+'DATOS INICIALES '!M10 -> XXX
B12: UNIDAD EJECUTORA: | D12: =+'DATOS INICIALES '!C11 -> XXXXXXXXXX | I12: DIRECCIÓN TERRITORIAL: | J12: =+'DATOS INICIALES '!I11 -> XXXXXXXXXX
B18: CONTRATO No. | D18: =+'DATOS INICIALES '!C17 -> XXXXXXXXXX | G18: DE | H18: =+'DATOS INICIALES '!G17 -> XXXXXXXXXX
B19: OBJETO DEL CONTRATO | D19: =+'DATOS INICIALES '!C18 -> XXXXXXXXXXXXXXXXXXXXXXXXXXXXXXXXXXXXXX
B22: CONTRATISTA : | D22: =+'DATOS INICIALES '!C21 -> XXXXXXXXXX
B24: INTERVENTOR | D24: =+'DATOS INICIALES '!C23 -> XXXXXXXXXX
B26: GESTOR TECNICO DE CONTRATO | E26: =+'DATOS INICIALES '!D25 -> XXXXXXXXXX
B28: FECHA CIERRE DE LICITACIÓN Y/O SELECCIÓN ABREVIADA | G28: =+'DATOS INICIALES '!F27 -> XXXXXXXXXX
B30: DATOS ESPECÍFICOS
B32: ITEM | C32: DESCRIPCIÓN | L32: UNIDAD | N32: CANTIDAD
B33: =+'PRESUPUESTO OFICIAL'!#REF! -> #REF! | C33: =+'PRESUPUESTO OFICIAL'!#REF! -> #REF! | L33: =+'PRESUPUESTO OFICIAL'!#REF! -> #REF! | N33: =+'PRESUPUESTO OFICIAL'!#REF! -> #REF!
B34: I. EQUIPO
B37: DESCRIPCIÓN | I37: TIPO | K37: TARIFA/HORA | L37: RENDIMIENTO | N37: Vr. UNITARIO
A38: E-SV-001 | B38: =VLOOKUP(A38,Equipo!$A$4:$D$79,2,0) -> CORTADORA DE LÁMINA | K38: =VLOOKUP(A38,Equipo!$A$4:$D$79,4,0) -> 20339 | L38: 3 | N38: =+K38/L38 -> 6779.6667
A39: E-SV-002 | B39: =VLOOKUP(A39,Equipo!$A$4:$D$79,2,0) -> CORTADORA DE ANGULO | K39: =VLOOKUP(A39,Equipo!$A$4:$D$79,4,0) -> 20339 | L39: 3 | N39: =+K39/L39 -> 6779.6667
A40: E-SV-003 | B40: =VLOOKUP(A40,Equipo!$A$4:$D$79,2,0) -> EQUIPO DE SOLDADURA | K40: =VLOOKUP(A40,Equipo!$A$4:$D$79,4,0) -> 16271 | L40: 3 | N40: =+K40/L40 -> 5423.6667
A41: E-SV-004 | B41: =VLOOKUP(A41,Equipo!$A$4:$D$79,2,0) -> EQUIPO DE PINTURA | K41: =VLOOKUP(A41,Equipo!$A$4:$D$79,4,0) -> 20339 | L41: 3 | N41: =+K41/L41 -> 6779.6667
A42: E-SV-005 | B42: =VLOOKUP(A42,Equipo!$A$4:$D$79,2,0) -> EQUIPO DE SERIGRAFÍA | K42: =VLOOKUP(A42,Equipo!$A$4:$D$79,4,0) -> 13574 | L42: 2 | N42: =+K42/L42 -> 6787
A43: E-SV-006 | B43: =VLOOKUP(A43,Equipo!$A$4:$D$79,2,0) -> EQUIPO DE LAMINACIÓN | K43: =VLOOKUP(A43,Equipo!$A$4:$D$79,4,0) -> 8003 | L43: 2 | N43: =+K43/L43 -> 4001.5
A44: E-SV-007 | B44: =VLOOKUP(A44,Equipo!$A$4:$D$79,2,0) -> TALADRO | K44: =VLOOKUP(A44,Equipo!$A$4:$D$79,4,0) -> 2715 | L44: 3 | N44: =+K44/L44 -> 905
A45: E-SV-077 | B45: =VLOOKUP(A45,Equipo!$A$4:$D$80,2,0) -> HERRAMIENTA MENOR | N45: 2790.67
B46: SUBTOTAL $ | N46: =SUM(N38:N45) -> 40246.837
B47: II. MATERIALES
B50: DESCRIPCIÓN | J50: UNIDAD | K50: CANTIDAD | L50: PRECIO UNIT. | N50: Vr. UNITARIO
A51: SV-1063 | B51: =VLOOKUP(A51,Materiales!$A$4:$D$141,2,0) -> LAMINA GALV. CALIBRE 16 | J51: =VLOOKUP(A51,Materiales!$A$4:$D$141,3,0) -> M2 | K51: 0.396 | L51: =VLOOKUP(A51,Materiales!$A$4:$D$141,4,0) -> 49580 | N51: =+K51*L51 -> 19633.68 | O51: =0.6*0.6 -> 0.36 | P51: =+O51*1.05 -> 0.378
A52: SV-1064 | B52: =VLOOKUP(A52,Materiales!$A$4:$D$141,2,0) -> PAPEL REFLECTIVO TIPO III | J52: =VLOOKUP(A52,Materiales!$A$4:$D$141,3,0) -> M2 | K52: 0.378 | L52: =VLOOKUP(A52,Materiales!$A$4:$D$141,4,0) -> 48400 | N52: =+K52*L52 -> 18295.2 | O52: =0.75*0.75 -> 0.5625 | P52: =+O52*1.03 -> 0.579375
A53: SV-1065 | B53: =VLOOKUP(A53,Materiales!$A$4:$D$141,2,0) -> ANGULO DE 2" X 1/4" | J53: =VLOOKUP(A53,Materiales!$A$4:$D$141,3,0) -> ML | K53: 3.2 | L53: =VLOOKUP(A53,Materiales!$A$4:$D$141,4,0) -> 17710 | N53: =+K53*L53 -> 56672 | O53: =0.6+1.8+0.8 -> 3.2
A54: SV-1066 | B54: =VLOOKUP(A54,Materiales!$A$4:$D$141,2,0) -> ANGULO DE 2" X 1/8" | J54: =VLOOKUP(A54,Materiales!$A$4:$D$141,3,0) -> ML | K54: 1.2 | L54: =VLOOKUP(A54,Materiales!$A$4:$D$141,4,0) -> 9810 | N54: =+K54*L54 -> 11772 | O54: =0.6*2 -> 1.2
A55: SV-1067 | B55: =VLOOKUP(A55,Materiales!$A$4:$D$141,2,0) -> TORNILLOS Y REMACHES | J55: =VLOOKUP(A55,Materiales!$A$4:$D$141,3,0) -> UND. | K55: 4 | L55: =VLOOKUP(A55,Materiales!$A$4:$D$141,4,0) -> 1004 | N55: =+K55*L55 -> 4016
A56: SV-1068 | B56: =VLOOKUP(A56,Materiales!$A$4:$D$141,2,0) -> PINTURA EN POLVO | J56: =VLOOKUP(A56,Materiales!$A$4:$D$141,3,0) -> GALON | K56: 0.05 | L56: =VLOOKUP(A56,Materiales!$A$4:$D$141,4,0) -> 170330 | N56: =+K56*L56 -> 8516.5
A57: SV-1069 | B57: =VLOOKUP(A57,Materiales!$A$4:$D$141,2,0) -> PINTURA ESMALTE | J57: =VLOOKUP(A57,Materiales!$A$4:$D$141,3,0) -> GALON | K57: 0.06 | L57: =VLOOKUP(A57,Materiales!$A$4:$D$141,4,0) -> 59020 | N57: =+K57*L57 -> 3541.2
A58: SV-1070 | B58: =VLOOKUP(A58,Materiales!$A$4:$D$141,2,0) -> SOLDADURA | J58: =VLOOKUP(A58,Materiales!$A$4:$D$141,3,0) -> KG | K58: 0.25 | L58: =VLOOKUP(A58,Materiales!$A$4:$D$141,4,0) -> 7210 | N58: =+K58*L58 -> 1802.5
A59: SV-1071 | B59: =VLOOKUP(A59,Materiales!$A$4:$D$141,2,0) -> CONCRETO CLASE E | J59: =VLOOKUP(A59,Materiales!$A$4:$D$141,3,0) -> M3 | K59: 0.05 | L59: =VLOOKUP(A59,Materiales!$A$4:$D$141,4,0) -> 463800 | N59: =+K59*L59 -> 23190
B60: SUBTOTAL $ | N60: =SUM(N51:N59) -> 147439.08
B61: III. TRANSPORTES
B64: MATERIAL | I64: VOL. o PESO | J64: DISTANCIA | K64: M3 o Ton/Km | L64: TARIFA | N64: Vr. UNITARIO
B65: SEÑAL | N65: 22680
B67: SUBTOTAL $ | N67: =SUM(N65:N66) -> 22680
B68: IV. MANO DE OBRA
B71: TRABAJADOR | H71: CANTIDAD | I71: JORNAL | J71: PRESTACIONES | K71: JORNAL TOTAL | L71: RENDIMIENTO | N71: Vr. UNITARIO
A72: MO-SV-001 | B72: =VLOOKUP(A72,'Mano de Obra'!$A$4:$E$80,2,0) -> CORTADOR | H72: 1 | I72: =VLOOKUP(A72,'Mano de Obra'!$A$4:$E$80,3,0) -> 72000 | J72: =VLOOKUP(A72,'Mano de Obra'!$A$4:$E$80,4,0) -> 1.85 | K72: =+H72*I72*J72 -> 133200 | L72: 35 | N72: =+K72/L72 -> 3805.7143
A73: MO-SV-002 | B73: =VLOOKUP(A73,'Mano de Obra'!$A$4:$E$80,2,0) -> SOLDADOR | H73: 1 | I73: =VLOOKUP(A73,'Mano de Obra'!$A$4:$E$80,3,0) -> 88000 | J73: =VLOOKUP(A73,'Mano de Obra'!$A$4:$E$80,4,0) -> 1.85 | K73: =+H73*I73*J73 -> 162800 | L73: 35 | N73: =+K73/L73 -> 4651.4286
A74: MO-SV-003 | B74: =VLOOKUP(A74,'Mano de Obra'!$A$4:$E$80,2,0) -> PINTOR | H74: 1 | I74: =VLOOKUP(A74,'Mano de Obra'!$A$4:$E$80,3,0) -> 72000 | J74: =VLOOKUP(A74,'Mano de Obra'!$A$4:$E$80,4,0) -> 1.85 | K74: =+H74*I74*J74 -> 133200 | L74: 35 | N74: =+K74/L74 -> 3805.7143
A75: MO-SV-004 | B75: =VLOOKUP(A75,'Mano de Obra'!$A$4:$E$80,2,0) -> LAMINADOR | H75: 1 | I75: =VLOOKUP(A75,'Mano de Obra'!$A$4:$E$80,3,0) -> 72000 | J75: =VLOOKUP(A75,'Mano de Obra'!$A$4:$E$80,4,0) -> 1.85 | K75: =+H75*I75*J75 -> 133200 | L75: 35 | N75: =+K75/L75 -> 3805.7143
A76: MO-SV-005 | B76: =VLOOKUP(A76,'Mano de Obra'!$A$4:$E$80,2,0) -> SERIGRAFISTA | H76: 1 | I76: =VLOOKUP(A76,'Mano de Obra'!$A$4:$E$80,3,0) -> 72000 | J76: =VLOOKUP(A76,'Mano de Obra'!$A$4:$E$80,4,0) -> 1.85 | K76: =+H76*I76*J76 -> 133200 | L76: 35 | N76: =+K76/L76 -> 3805.7143
A77: MO-SV-006 | B77: =VLOOKUP(A77,'Mano de Obra'!$A$4:$E$80,2,0) -> AYUDANTE | H77: 2 | I77: =VLOOKUP(A77,'Mano de Obra'!$A$4:$E$80,3,0) -> 28000 | J77: =VLOOKUP(A77,'Mano de Obra'!$A$4:$E$80,4,0) -> 1.85 | K77: =+H77*I77*J77 -> 103600 | L77: 35 | N77: =+K77/L77 -> 2960
A78: MO-SV-007 | B78: =VLOOKUP(A78,'Mano de Obra'!$A$4:$E$80,2,0) -> CUADRILLA DE INSTALÑACIÓN (3) | H78: 1 | I78: =VLOOKUP(A78,'Mano de Obra'!$A$4:$E$80,3,0) -> 83000 | J78: =VLOOKUP(A78,'Mano de Obra'!$A$4:$E$80,4,0) -> 1.85 | K78: =+H78*I78*J78 -> 153550 | L78: 35 | N78: =+K78/L78 -> 4387.1429
B80: SUBTOTAL $ | N80: =SUM(N72:N79) -> 27221.429
B82: TOTAL COSTO DIRECTO $ | N82: =+N80+N67+N60+N46 -> 237587.35
B83: V. COSTOS INDIRECTOS
B86: Descripción | K86: Porcentaje | L86: Valor Total
B87: ADMINISTRACION | K87: 0.2 | L87: =+$N$82*K87 -> 47517.469
B88: IMPREVISTOS | K88: 0.05 | L88: =+$N$82*K88 -> 11879.367
B89: UTILIDAD | K89: 0.05 | L89: =+$N$82*K89 -> 11879.367
B90: SUBTOTAL | N90: =SUM(L87:M89) -> 71276.204
B92: Precio Unitario Total Aproximado al peso $ | N92: =ROUND(N82+N90,0) -> 308864
G96: Firma
G97: Nombre:
G98: Representante Legal del Contratista o su Apoderado
G99: Matricula No. :
B101: OBSERVACIONES INTERVENTORÍA
G105: Firma
G106: Nombre:
G107: Representante Legal del Interventor o su Apoderado
G108: Matricula No. :
B109: Original: Archivo de Gestión Contractual ( Subdirecciòn Administrativa)
B110: Copias : Unidad Ejecutora, Contratista, Interventor y Dirección Territorial.

Sheet SV-02
C2: MINISTERIO DE TRANSPORTE | K2: CÓDIGO | L2: MSE--FR-14
C3: INSTITUTO NACIONAL DE VIAS
C4: DIRECCION OPERATIVA | K4: VERSIÓN | L4: 2
C5: PROCESO SUPERVISION, EJECUCION Y SEGUIMIENTO A PROYECTOS
C6: =+'DATOS INICIALES '!B5 -> MANUAL DE INTERVENTORÍA OBRA PUBLICA | K6: PÁGINA | L6: 1 | M6: DE | N6: 1
C8: ANALISIS DE PRECIOS UNITARIOS
K10: FECHA | L10: DD | M10: MM | N10: AA
L11: =+'DATOS INICIALES '!K10 -> XXX | M11: =+'DATOS INICIALES '!L10 -> XXX | N11: =+'DATOS INICIALES '!M10 -> XXX
B12: UNIDAD EJECUTORA: | D12: =+'DATOS INICIALES '!C11 -> XXXXXXXXXX | I12: DIRECCIÓN TERRITORIAL: | J12: =+'DATOS INICIALES '!I11 -> XXXXXXXXXX
B18: CONTRATO No. | D18: =+'DATOS INICIALES '!C17 -> XXXXXXXXXX | G18: DE | H18: =+'DATOS INICIALES '!G17 -> XXXXXXXXXX
B19: OBJETO DEL CONTRATO | D19: =+'DATOS INICIALES '!C18 -> XXXXXXXXXXXXXXXXXXXXXXXXXXXXXXXXXXXXXX
B22: CONTRATISTA : | D22: =+'DATOS INICIALES '!C21 -> XXXXXXXXXX
B24: INTERVENTOR | D24: =+'DATOS INICIALES '!C23 -> XXXXXXXXXX
B26: GESTOR TECNICO DE CONTRATO | E26: =+'DATOS INICIALES '!D25 -> XXXXXXXXXX
B28: FECHA CIERRE DE LICITACIÓN Y/O SELECCIÓN ABREVIADA | G28: =+'DATOS INICIALES '!F27 -> XXXXXXXXXX
B30: DATOS ESPECÍFICOS
B32: ITEM | C32: DESCRIPCIÓN | L32: UNIDAD | N32: CANTIDAD
B33: ='PRESUPUESTO OFICIAL'!D15 -> SV-02 | C33: ='PRESUPUESTO OFICIAL'!G15 -> SUMINISTRO E INSTALACIÓN DE SEÑAL VERTICAL SP, SR Y SI 75 CM X 75 CM | L33: ='PRESUPUESTO OFICIAL'!H15 -> UNIDAD | N33: ='PRESUPUESTO OFICIAL'!I15 -> 54
B34: I. EQUIPO
B37: DESCRIPCIÓN | I37: TIPO | K37: TARIFA/HORA | L37: RENDIMIENTO | N37: Vr. UNITARIO
A38: E-SV-001 | B38: =VLOOKUP(A38,Equipo!$A$4:$D$80,2,0) -> CORTADORA DE LÁMINA | K38: =VLOOKUP(A38,Equipo!$A$4:$D$80,4,0) -> 20339 | L38: 4 | N38: =+K38/L38 -> 5084.75
A39: E-SV-002 | B39: =VLOOKUP(A39,Equipo!$A$4:$D$80,2,0) -> CORTADORA DE ANGULO | K39: =VLOOKUP(A39,Equipo!$A$4:$D$80,4,0) -> 20339 | L39: 4 | N39: =+K39/L39 -> 5084.75
A40: E-SV-003 | B40: =VLOOKUP(A40,Equipo!$A$4:$D$80,2,0) -> EQUIPO DE SOLDADURA | K40: =VLOOKUP(A40,Equipo!$A$4:$D$80,4,0) -> 16271 | L40: 4 | N40: =+K40/L40 -> 4067.75
A41: E-SV-004 | B41: =VLOOKUP(A41,Equipo!$A$4:$D$80,2,0) -> EQUIPO DE PINTURA | K41: =VLOOKUP(A41,Equipo!$A$4:$D$80,4,0) -> 20339 | L41: 4 | N41: =+K41/L41 -> 5084.75
A42: E-SV-005 | B42: =VLOOKUP(A42,Equipo!$A$4:$D$80,2,0) -> EQUIPO DE SERIGRAFÍA | K42: =VLOOKUP(A42,Equipo!$A$4:$D$80,4,0) -> 13574 | L42: 3 | N42: =+K42/L42 -> 4524.6667
A43: E-SV-006 | B43: =VLOOKUP(A43,Equipo!$A$4:$D$80,2,0) -> EQUIPO DE LAMINACIÓN | K43: =VLOOKUP(A43,Equipo!$A$4:$D$80,4,0) -> 8003 | L43: 3 | N43: =+K43/L43 -> 2667.6667
A44: E-SV-007 | B44: =VLOOKUP(A44,Equipo!$A$4:$D$80,2,0) -> TALADRO | K44: =VLOOKUP(A44,Equipo!$A$4:$D$80,4,0) -> 2715 | L44: 4 | N44: =+K44/L44 -> 678.75
A45: E-SV-008 | B45: =VLOOKUP(A45,Equipo!$A$4:$D$80,2,0) -> Camioneta D-300 | K45: =VLOOKUP(A45,Equipo!$A$4:$D$80,4,0) -> 39346 | L45: 4 | N45: =+K45/L45 -> 9836.5
N46: =SUM(N38:N45) -> 37029.583
B47: II. MATERIALES
B50: DESCRIPCIÓN | J50: UNIDAD | K50: CANTIDAD | L50: PRECIO UNIT. | N50: Vr. UNITARIO
A51: SV-1063 | B51: =VLOOKUP(A51,Materiales!$A$4:$D$141,2,0) -> LAMINA GALV. CALIBRE 16 | J51: =VLOOKUP(A51,Materiales!$A$4:$D$141,3,0) -> M2 | K51: 0.63046 | L51: =VLOOKUP(A51,Materiales!A4:D141,4,0) -> 49580 | N51: =+K51*L51 -> 31258.207 | Q51: =0.75*0.75 -> 0.5625
A52: SV-1064 | B52: =VLOOKUP(A52,Materiales!$A$4:$D$141,2,0) -> PAPEL REFLECTIVO TIPO III | J52: Rollo | K52: 0.017 | L52: 3522400 | N52: =+K52*L52 -> 59880.8
A53: SV-1065 | B53: =VLOOKUP(A53,Materiales!$A$4:$D$141,2,0) -> ANGULO DE 2" X 1/4" | J53: =VLOOKUP(A53,Materiales!$A$4:$D$141,3,0) -> ML | K53: 3.35 | L53: =VLOOKUP(A53,Materiales!A6:D143,4,0) -> 17710 | N53: =+K53*L53 -> 59328.5 | O53: =0.75+1.8+0.8 -> 3.35
A54: SV-1066 | B54: =VLOOKUP(A54,Materiales!$A$4:$D$141,2,0) -> ANGULO DE 2" X 1/8" | J54: =VLOOKUP(A54,Materiales!$A$4:$D$141,3,0) -> ML | K54: 1.5 | L54: =VLOOKUP(A54,Materiales!A7:D144,4,0) -> 9810 | N54: =+K54*L54 -> 14715
A55: SV-1067 | B55: =VLOOKUP(A55,Materiales!$A$4:$D$141,2,0) -> TORNILLOS Y REMACHES | J55: =VLOOKUP(A55,Materiales!$A$4:$D$141,3,0) -> UND. | K55: 4 | L55: =VLOOKUP(A55,Materiales!A8:D145,4,0) -> 1004 | N55: =+K55*L55 -> 4016
A56: SV-1068 | B56: =VLOOKUP(A56,Materiales!$A$4:$D$141,2,0) -> PINTURA EN POLVO | J56: =VLOOKUP(A56,Materiales!$A$4:$D$141,3,0) -> GALON | K56: 0.05 | L56: =VLOOKUP(A56,Materiales!A9:D146,4,0) -> 170330 | N56: =+K56*L56 -> 8516.5
A57: SV-1069 | B57: =VLOOKUP(A57,Materiales!$A$4:$D$141,2,0) -> PINTURA ESMALTE | J57: =VLOOKUP(A57,Materiales!$A$4:$D$141,3,0) -> GALON | K57: 0.06 | L57: =VLOOKUP(A57,Materiales!A10:D147,4,0) -> 59020 | N57: =+K57*L57 -> 3541.2
A58: SV-1070 | B58: =VLOOKUP(A58,Materiales!$A$4:$D$141,2,0) -> SOLDADURA | J58: =VLOOKUP(A58,Materiales!$A$4:$D$141,3,0) -> KG | K58: 0.25 | L58: =VLOOKUP(A58,Materiales!A11:D148,4,0) -> 7210 | N58: =+K58*L58 -> 1802.5
A59: SV-1071 | B59: =VLOOKUP(A59,Materiales!$A$4:$D$141,2,0) -> CONCRETO CLASE E | J59: =VLOOKUP(A59,Materiales!$A$4:$D$141,3,0) -> M3 | K59: 0.05 | L59: =VLOOKUP(A59,Materiales!A12:D149,4,0) -> 463800 | N59: =+K59*L59 -> 23190
B60: SUBTOTAL | N60: =SUM(N51:N59) -> 206248.71
B61: III. TRANSPORTES
B64: MATERIAL | I64: VOL. o PESO | J64: DISTANCIA | K64: M3 o Ton/Km | L64: TARIFA | N64: Vr. UNITARIO
B65: SEÑAL | N65: 22680
B67: SUBTOTAL $ | N67: =SUM(N65:N66) -> 22680
B68: IV. MANO DE OBRA
B71: TRABAJADOR | H71: CANTIDAD | I71: JORNAL | J71: PRESTACIONES | K71: JORNAL TOTAL | L71: RENDIMIENTO | N71: Vr. UNITARIO
A72: MO-SV-001 | B72: =VLOOKUP(A72,'Mano de Obra'!$A$4:$E$80,2,0) -> CORTADOR | H72: 1 | I72: =VLOOKUP(A72,'Mano de Obra'!$A$4:$E$79,3,0) -> 72000 | J72: =VLOOKUP(A72,'Mano de Obra'!$A$4:$E$80,4,0) -> 1.85 | K72: =+H72*I72*J72 -> 133200 | L72: 35 | N72: =+K72/L72 -> 3805.7143
A73: MO-SV-002 | B73: =VLOOKUP(A73,'Mano de Obra'!$A$4:$E$80,2,0) -> SOLDADOR | H73: 1 | I73: =VLOOKUP(A73,'Mano de Obra'!$A$4:$E$79,3,0) -> 88000 | J73: =VLOOKUP(A73,'Mano de Obra'!$A$4:$E$80,4,0) -> 1.85 | K73: =+H73*I73*J73 -> 162800 | L73: 35 | N73: =+K73/L73 -> 4651.4286
A74: MO-SV-003 | B74: =VLOOKUP(A74,'Mano de Obra'!$A$4:$E$80,2,0) -> PINTOR | H74: 1 | I74: =VLOOKUP(A74,'Mano de Obra'!$A$4:$E$79,3,0) -> 72000 | J74: =VLOOKUP(A74,'Mano de Obra'!$A$4:$E$80,4,0) -> 1.85 | K74: =+H74*I74*J74 -> 133200 | L74: 35 | N74: =+K74/L74 -> 3805.7143
A75: MO-SV-004 | B75: =VLOOKUP(A75,'Mano de Obra'!$A$4:$E$80,2,0) -> LAMINADOR | H75: 1 | I75: =VLOOKUP(A75,'Mano de Obra'!$A$4:$E$79,3,0) -> 72000 | J75: =VLOOKUP(A75,'Mano de Obra'!$A$4:$E$80,4,0) -> 1.85 | K75: =+H75*I75*J75 -> 133200 | L75: 35 | N75: =+K75/L75 -> 3805.7143
A76: MO-SV-005 | B76: =VLOOKUP(A76,'Mano de Obra'!$A$4:$E$80,2,0) -> SERIGRAFISTA | H76: 1 | I76: =VLOOKUP(A76,'Mano de Obra'!$A$4:$E$79,3,0) -> 72000 | J76: =VLOOKUP(A76,'Mano de Obra'!$A$4:$E$80,4,0) -> 1.85 | K76: =+H76*I76*J76 -> 133200 | L76: 35 | N76: =+K76/L76 -> 3805.7143
A77: MO-SV-006 | B77: =VLOOKUP(A77,'Mano de Obra'!$A$4:$E$80,2,0) -> AYUDANTE | H77: 2 | I77: =VLOOKUP(A77,'Mano de Obra'!$A$4:$E$79,3,0) -> 28000 | J77: =VLOOKUP(A77,'Mano de Obra'!$A$4:$E$80,4,0) -> 1.85 | K77: =+H77*I77*J77 -> 103600 | L77: 35 | N77: =+K77/L77 -> 2960
A78: MO-SV-007 | B78: =VLOOKUP(A78,'Mano de Obra'!$A$4:$E$80,2,0) -> CUADRILLA DE INSTALÑACIÓN (3) | H78: 1 | I78: =VLOOKUP(A78,'Mano de Obra'!$A$4:$E$79,3,0) -> 83000 | J78: =VLOOKUP(A78,'Mano de Obra'!$A$4:$E$80,4,0) -> 1.85 | K78: =+H78*I78*J78 -> 153550 | L78: 35 | N78: =+K78/L78 -> 4387.1429
B80: SUBTOTAL $ | N80: =SUM(N72:N79) -> 27221.429
B82: TOTAL COSTO DIRECTO $ | N82: =+N80+N67+N60+N46 -> 293179.72
B83: V. COSTOS INDIRECTOS
B86: Descripción | K86: Porcentaje | L86: Valor Total
B87: ADMINISTRACION | K87: 0.2 | L87: =+N82*K87 -> 58635.944
B88: IMPREVISTOS | K88: 0.05 | L88: =+N82*K88 -> 14658.986
B89: UTILIDAD | K89: 0.05 | L89: =+N82*K89 -> 14658.986
B90: SUBTOTAL | N90: =SUM(L87:M89) -> 87953.916
B92: Precio Unitario Total Aproximado al peso | N92: =ROUND(N82+N90,0) -> 381134
G96: Firma
G97: Nombre:
G98: Representante Legal del Contratista o su Apoderado
G99: Matricula No. :
B101: OBSERVACIONES INTERVENTORÍA
G105: Firma
G106: Nombre:
G107: Representante Legal del Interventor o su Apoderado
G108: Matricula No. :
B109: Original: Archivo de Gestión Contractual ( Subdirecciòn Administrativa)
B110: Copias : Unidad Ejecutora, Contratista, Interventor y Dirección Territorial.

Sheet SV-03
C2: MINISTERIO DE TRANSPORTE | K2: CÓDIGO | L2: MSE--FR-14
C3: INSTITUTO NACIONAL DE VIAS
C4: DIRECCION OPERATIVA | K4: VERSIÓN | L4: 2
C5: PROCESO SUPERVISION, EJECUCION Y SEGUIMIENTO A PROYECTOS
C6: =+'DATOS INICIALES '!B5 -> MANUAL DE INTERVENTORÍA OBRA PUBLICA | K6: PÁGINA | L6: 1 | M6: DE | N6: 1
C8: ANALISIS DE PRECIOS UNITARIOS
K10: FECHA | L10: DD | M10: MM | N10: AA
L11: =+'DATOS INICIALES '!K10 -> XXX | M11: =+'DATOS INICIALES '!L10 -> XXX | N11: =+'DATOS INICIALES '!M10 -> XXX
B12: UNIDAD EJECUTORA: | D12: =+'DATOS INICIALES '!C11 -> XXXXXXXXXX | I12: DIRECCIÓN TERRITORIAL: | J12: =+'DATOS INICIALES '!I11 -> XXXXXXXXXX
B18: CONTRATO No. | D18: =+'DATOS INICIALES '!C17 -> XXXXXXXXXX | G18: DE | H18: =+'DATOS INICIALES '!G17 -> XXXXXXXXXX
B19: OBJETO DEL CONTRATO | D19: =+'DATOS INICIALES '!C18 -> XXXXXXXXXXXXXXXXXXXXXXXXXXXXXXXXXXXXXX
B22: CONTRATISTA : | D22: =+'DATOS INICIALES '!C21 -> XXXXXXXXXX
B24: INTERVENTOR | D24: =+'DATOS INICIALES '!C23 -> XXXXXXXXXX
B26: GESTOR TECNICO DE CONTRATO | E26: =+'DATOS INICIALES '!D25 -> XXXXXXXXXX
B28: FECHA CIERRE DE LICITACIÓN Y/O SELECCIÓN ABREVIADA | G28: =+'DATOS INICIALES '!F27 -> XXXXXXXXXX
B30: DATOS ESPECÍFICOS
B32: ITEM | C32: DESCRIPCIÓN | L32: UNIDAD | N32: CANTIDAD
B33: =+'PRESUPUESTO OFICIAL'!#REF! -> #REF! | C33: =+'PRESUPUESTO OFICIAL'!#REF! -> #REF! | L33: =+'PRESUPUESTO OFICIAL'!#REF! -> #REF! | N33: ='PRESUPUESTO OFICIAL'!#REF! -> #REF!
B34: I. EQUIPO
B37: DESCRIPCIÓN | I37: TIPO | K37: TARIFA/HORA | L37: RENDIMIENTO | N37: Vr. UNITARIO
A38: E-SV-001 | B38: =VLOOKUP(A38,Equipo!$A$4:$D$80,2,0) -> CORTADORA DE LÁMINA | K38: =VLOOKUP(A38,Equipo!$A$4:$D$80,4,0) -> 20339 | L38: 4 | N38: =+K38/L38 -> 5084.75
A39: E-SV-002 | B39: =VLOOKUP(A39,Equipo!$A$4:$D$80,2,0) -> CORTADORA DE ANGULO | K39: =VLOOKUP(A39,Equipo!$A$4:$D$80,4,0) -> 20339 | L39: 4 | N39: =+K39/L39 -> 5084.75
A40: E-SV-003 | B40: =VLOOKUP(A40,Equipo!$A$4:$D$80,2,0) -> EQUIPO DE SOLDADURA | K40: =VLOOKUP(A40,Equipo!$A$4:$D$80,4,0) -> 16271 | L40: 4 | N40: =+K40/L40 -> 4067.75
A41: E-SV-004 | B41: =VLOOKUP(A41,Equipo!$A$4:$D$80,2,0) -> EQUIPO DE PINTURA | K41: =VLOOKUP(A41,Equipo!$A$4:$D$80,4,0) -> 20339 | L41: 4 | N41: =+K41/L41 -> 5084.75
A42: E-SV-005 | B42: =VLOOKUP(A42,Equipo!$A$4:$D$80,2,0) -> EQUIPO DE SERIGRAFÍA | K42: =VLOOKUP(A42,Equipo!$A$4:$D$80,4,0) -> 13574 | L42: 3 | N42: =+K42/L42 -> 4524.6667
A43: E-SV-006 | B43: =VLOOKUP(A43,Equipo!$A$4:$D$80,2,0) -> EQUIPO DE LAMINACIÓN | K43: =VLOOKUP(A43,Equipo!$A$4:$D$80,4,0) -> 8003 | L43: 3 | N43: =+K43/L43 -> 2667.6667
A44: E-SV-007 | B44: =VLOOKUP(A44,Equipo!$A$4:$D$80,2,0) -> TALADRO | K44: =VLOOKUP(A44,Equipo!$A$4:$D$80,4,0) -> 2715 | L44: 4 | N44: =+K44/L44 -> 678.75
B46: SUBTOTAL | N46: =SUM(N38:N45) -> 27193.083
B47: II. MATERIALES
B50: DESCRIPCIÓN | J50: UNIDAD | K50: CANTIDAD | L50: PRECIO UNIT. | N50: Vr. UNITARIO
A51: SV-1063 | B51: =VLOOKUP(A51,Materiales!$A$4:$D$141,2,0) -> LAMINA GALV. CALIBRE 16 | J51: =VLOOKUP(A51,Materiales!$A$4:$D$141,3,0) -> M2 | K51: 0.891 | L51: =VLOOKUP(A51,Materiales!$A$4:$D$141,4,0) -> 49580 | N51: =+K51*L51 -> 44175.78 | O51: =0.9*0.9*1.1 -> 0.891
A52: SV-1064 | B52: =VLOOKUP(A52,Materiales!$A$4:$D$141,2,0) -> PAPEL REFLECTIVO TIPO III | J52: =VLOOKUP(A52,Materiales!$A$4:$D$141,3,0) -> M2 | K52: =0.9*0.9*1.02 -> 0.8262 | L52: =VLOOKUP(A52,Materiales!$A$4:$D$141,4,0) -> 48400 | N52: =+K52*L52 -> 39988.08
A53: SV-1065 | B53: =VLOOKUP(A53,Materiales!$A$4:$D$141,2,0) -> ANGULO DE 2" X 1/4" | J53: =VLOOKUP(A53,Materiales!$A$4:$D$141,3,0) -> ML | K53: 3.5 | L53: =VLOOKUP(A53,Materiales!$A$4:$D$141,4,0) -> 17710 | N53: =+K53*L53 -> 61985 | O53: =0.9+1.8+0.8 -> 3.5
A54: SV-1066 | B54: =VLOOKUP(A54,Materiales!$A$4:$D$141,2,0) -> ANGULO DE 2" X 1/8" | J54: =VLOOKUP(A54,Materiales!$A$4:$D$141,3,0) -> ML | K54: 1.8 | L54: =VLOOKUP(A54,Materiales!$A$4:$D$141,4,0) -> 9810 | N54: =+K54*L54 -> 17658 | O54: =0.9*2 -> 1.8
A55: SV-1067 | B55: =VLOOKUP(A55,Materiales!$A$4:$D$141,2,0) -> TORNILLOS Y REMACHES | J55: =VLOOKUP(A55,Materiales!$A$4:$D$141,3,0) -> UND. | K55: 4 | L55: =VLOOKUP(A55,Materiales!$A$4:$D$141,4,0) -> 1004 | N55: =+K55*L55 -> 4016
A56: SV-1068 | B56: =VLOOKUP(A56,Materiales!$A$4:$D$141,2,0) -> PINTURA EN POLVO | J56: =VLOOKUP(A56,Materiales!$A$4:$D$141,3,0) -> GALON | K56: 0.05 | L56: =VLOOKUP(A56,Materiales!$A$4:$D$141,4,0) -> 170330 | N56: =+K56*L56 -> 8516.5
A57: SV-1069 | B57: =VLOOKUP(A57,Materiales!$A$4:$D$141,2,0) -> PINTURA ESMALTE | J57: =VLOOKUP(A57,Materiales!$A$4:$D$141,3,0) -> GALON | K57: 0.06 | L57: =VLOOKUP(A57,Materiales!$A$4:$D$141,4,0) -> 59020 | N57: =+K57*L57 -> 3541.2
A58: SV-1070 | B58: =VLOOKUP(A58,Materiales!$A$4:$D$141,2,0) -> SOLDADURA | J58: =VLOOKUP(A58,Materiales!$A$4:$D$141,3,0) -> KG | K58: 0.25 | L58: =VLOOKUP(A58,Materiales!$A$4:$D$141,4,0) -> 7210 | N58: =+K58*L58 -> 1802.5
A59: SV-1071 | B59: =VLOOKUP(A59,Materiales!$A$4:$D$141,2,0) -> CONCRETO CLASE E | J59: =VLOOKUP(A59,Materiales!$A$4:$D$141,3,0) -> M3 | K59: 0.05 | L59: =VLOOKUP(A59,Materiales!$A$4:$D$141,4,0) -> 463800 | N59: =+K59*L59 -> 23190
B62: SUBTOTAL | N62: =SUM(N51:N61) -> 204873.06
B63: III. TRANSPORTES
B66: MATERIAL | I66: VOL. o PESO | J66: DISTANCIA | K66: M3 o Ton/Km | L66: TARIFA | N66: Vr. UNITARIO
B67: SEÑAL | N67: 22680
B69: SUBTOTAL | N69: =SUM(N67:N68) -> 22680
B70: IV. MANO DE OBRA
B73: TRABAJADOR | H73: CANTIDAD | I73: JORNAL | J73: PRESTACIONES | K73: JORNAL TOTAL | L73: RENDIMIENTO | N73: Vr. UNITARIO
A74: MO-SV-001 | B74: =VLOOKUP(A74,'Mano de Obra'!$A$4:$E$80,2,0) -> CORTADOR | H74: 1 | I74: =VLOOKUP(A74,'Mano de Obra'!$A$4:$E$80,3,0) -> 72000 | J74: =VLOOKUP(A74,'Mano de Obra'!$A$4:$E$80,4,0) -> 1.85 | K74: =+H74*I74*J74 -> 133200 | L74: 35 | N74: =+K74/L74 -> 3805.7143
A75: MO-SV-002 | B75: =VLOOKUP(A75,'Mano de Obra'!$A$4:$E$80,2,0) -> SOLDADOR | H75: 1 | I75: =VLOOKUP(A75,'Mano de Obra'!$A$4:$E$80,3,0) -> 88000 | J75: =VLOOKUP(A75,'Mano de Obra'!$A$4:$E$80,4,0) -> 1.85 | K75: =+H75*I75*J75 -> 162800 | L75: 35 | N75: =+K75/L75 -> 4651.4286
A76: MO-SV-003 | B76: =VLOOKUP(A76,'Mano de Obra'!$A$4:$E$80,2,0) -> PINTOR | H76: 1 | I76: =VLOOKUP(A76,'Mano de Obra'!$A$4:$E$80,3,0) -> 72000 | J76: =VLOOKUP(A76,'Mano de Obra'!$A$4:$E$80,4,0) -> 1.85 | K76: =+H76*I76*J76 -> 133200 | L76: 35 | N76: =+K76/L76 -> 3805.7143
A77: MO-SV-004 | B77: =VLOOKUP(A77,'Mano de Obra'!$A$4:$E$80,2,0) -> LAMINADOR | H77: 1 | I77: =VLOOKUP(A77,'Mano de Obra'!$A$4:$E$80,3,0) -> 72000 | J77: =VLOOKUP(A77,'Mano de Obra'!$A$4:$E$80,4,0) -> 1.85 | K77: =+H77*I77*J77 -> 133200 | L77: 35 | N77: =+K77/L77 -> 3805.7143
A78: MO-SV-005 | B78: =VLOOKUP(A78,'Mano de Obra'!$A$4:$E$80,2,0) -> SERIGRAFISTA | H78: 1 | I78: =VLOOKUP(A78,'Mano de Obra'!$A$4:$E$80,3,0) -> 72000 | J78: =VLOOKUP(A78,'Mano de Obra'!$A$4:$E$80,4,0) -> 1.85 | K78: =+H78*I78*J78 -> 133200 | L78: 35 | N78: =+K78/L78 -> 3805.7143
A79: MO-SV-006 | B79: =VLOOKUP(A79,'Mano de Obra'!$A$4:$E$80,2,0) -> AYUDANTE | H79: 2 | I79: =VLOOKUP(A79,'Mano de Obra'!$A$4:$E$80,3,0) -> 28000 | J79: =VLOOKUP(A79,'Mano de Obra'!$A$4:$E$80,4,0) -> 1.85 | K79: =+H79*I79*J79 -> 103600 | L79: 35 | N79: =+K79/L79 -> 2960
A80: MO-SV-007 | B80: =VLOOKUP(A80,'Mano de Obra'!$A$4:$E$80,2,0) -> CUADRILLA DE INSTALÑACIÓN (3) | H80: 1 | I80: =VLOOKUP(A80,'Mano de Obra'!$A$4:$E$80,3,0) -> 83000 | J80: =VLOOKUP(A80,'Mano de Obra'!$A$4:$E$80,4,0) -> 1.85 | K80: =+H80*I80*J80 -> 153550 | L80: 35 | N80: =+K80/L80 -> 4387.1429
B84: SUBTOTAL | N84: =SUM(N74:N83) -> 27221.429
B86: TOTAL COSTO DIRECTO | N86: =+N84+N69+N62+N46 -> 281967.57
B87: V. COSTOS INDIRECTOS
B90: Descripción | K90: Porcentaje | L90: Valor Total
B91: ADMINISTRACION | K91: 0.25 | L91: =+N86*K91 -> 70491.893
B92: IMPREVISTOS | K92: 0.05 | L92: =+N86*K92 -> 14098.379
B93: UTILIDAD | K93: 0.05 | L93: =+N86*K93 -> 14098.379
B94: SUBTOTAL | N94: =SUM(L91:M93) -> 98688.65
B96: Precio Unitario Total Aproximado al peso | N96: =ROUND(N86+N94,0) -> 380656
G100: Firma
G101: Nombre:
G102: Representante Legal del Contratista o su Apoderado
G103: Matricula No. :
B105: OBSERVACIONES INTERVENTORÍA
G109: Firma
G110: Nombre:
G111: Representante Legal del Interventor o su Apoderado
G112: Matricula No. :
B113: Original: Archivo de Gestión Contractual ( Subdirecciòn Administrativa)
B114: Copias : Unidad Ejecutora, Contratista, Interventor y Dirección Territorial.

Sheet SV-04
C2: MINISTERIO DE TRANSPORTE | K2: CÓDIGO | L2: MSE--FR-14
C3: INSTITUTO NACIONAL DE VIAS
C4: DIRECCION OPERATIVA | K4: VERSIÓN | L4: 2
C5: PROCESO SUPERVISION, EJECUCION Y SEGUIMIENTO A PROYECTOS
C6: =+'DATOS INICIALES '!B5 -> MANUAL DE INTERVENTORÍA OBRA PUBLICA | K6: PÁGINA | L6: 1 | M6: DE | N6: 1
C8: ANALISIS DE PRECIOS UNITARIOS
K10: FECHA | L10: DD | M10: MM | N10: AA
L11: =+'DATOS INICIALES '!K10 -> XXX | M11: =+'DATOS INICIALES '!L10 -> XXX | N11: =+'DATOS INICIALES '!M10 -> XXX
B12: UNIDAD EJECUTORA: | D12: =+'DATOS INICIALES '!C11 -> XXXXXXXXXX | I12: DIRECCIÓN TERRITORIAL: | J12: =+'DATOS INICIALES '!I11 -> XXXXXXXXXX
B18: CONTRATO No. | D18: =+'DATOS INICIALES '!C17 -> XXXXXXXXXX | G18: DE | H18: =+'DATOS INICIALES '!G17 -> XXXXXXXXXX
B19: OBJETO DEL CONTRATO | D19: =+'DATOS INICIALES '!C18 -> XXXXXXXXXXXXXXXXXXXXXXXXXXXXXXXXXXXXXX
B22: CONTRATISTA : | D22: =+'DATOS INICIALES '!C21 -> XXXXXXXXXX
B24: INTERVENTOR | D24: =+'DATOS INICIALES '!C23 -> XXXXXXXXXX
B26: GESTOR TECNICO DE CONTRATO | E26: =+'DATOS INICIALES '!D25 -> XXXXXXXXXX
B28: FECHA CIERRE DE LICITACIÓN Y/O SELECCIÓN ABREVIADA | G28: =+'DATOS INICIALES '!F27 -> XXXXXXXXXX
B30: DATOS ESPECÍFICOS
B32: ITEM | C32: DESCRIPCIÓN | L32: UNIDAD | N32: CANTIDAD
B33: =+'PRESUPUESTO OFICIAL'!#REF! -> #REF! | C33: =+'PRESUPUESTO OFICIAL'!#REF! -> #REF! | L33: =+'PRESUPUESTO OFICIAL'!#REF! -> #REF! | N33: ='PRESUPUESTO OFICIAL'!#REF! -> #REF!
B34: I. EQUIPO
B37: DESCRIPCIÓN | I37: TIPO | K37: TARIFA/HORA | L37: RENDIMIENTO | N37: Vr. UNITARIO
A38: E-SV-001 | B38: =VLOOKUP(A38,Equipo!$A$4:$D$80,2,0) -> CORTADORA DE LÁMINA | K38: =+VLOOKUP(A38,Equipo!$A$4:$D$80,4,0) -> 20339 | L38: 4 | N38: =+K38/L38 -> 5084.75
A39: E-SV-002 | B39: =VLOOKUP(A39,Equipo!$A$4:$D$80,2,0) -> CORTADORA DE ANGULO | K39: =+VLOOKUP(A39,Equipo!$A$4:$D$80,4,0) -> 20339 | L39: 4 | N39: =+K39/L39 -> 5084.75
A40: E-SV-003 | B40: =VLOOKUP(A40,Equipo!$A$4:$D$80,2,0) -> EQUIPO DE SOLDADURA | K40: =+VLOOKUP(A40,Equipo!$A$4:$D$80,4,0) -> 16271 | L40: 4 | N40: =+K40/L40 -> 4067.75
A41: E-SV-004 | B41: =VLOOKUP(A41,Equipo!$A$4:$D$80,2,0) -> EQUIPO DE PINTURA | K41: =+VLOOKUP(A41,Equipo!$A$4:$D$80,4,0) -> 20339 | L41: 4 | N41: =+K41/L41 -> 5084.75
A42: E-SV-005 | B42: =VLOOKUP(A42,Equipo!$A$4:$D$80,2,0) -> EQUIPO DE SERIGRAFÍA | K42: =+VLOOKUP(A42,Equipo!$A$4:$D$80,4,0) -> 13574 | L42: 3 | N42: =+K42/L42 -> 4524.6667
A43: E-SV-006 | B43: =VLOOKUP(A43,Equipo!$A$4:$D$80,2,0) -> EQUIPO DE LAMINACIÓN | K43: =+VLOOKUP(A43,Equipo!$A$4:$D$80,4,0) -> 8003 | L43: 3 | N43: =+K43/L43 -> 2667.6667
A44: E-SV-007 | B44: =VLOOKUP(A44,Equipo!$A$4:$D$80,2,0) -> TALADRO | K44: =+VLOOKUP(A44,Equipo!$A$4:$D$80,4,0) -> 2715 | L44: 4 | N44: =+K44/L44 -> 678.75
B46: SUBTOTAL | N46: =SUM(N38:N45) -> 27193.083
B47: II. MATERIALES
B50: DESCRIPCIÓN | J50: UNIDAD | K50: CANTIDAD | L50: PRECIO UNIT. | N50: Vr. UNITARIO
A51: SV-1063 | B51: =VLOOKUP(A51,Materiales!$A$4:$D$141,2,0) -> LAMINA GALV. CALIBRE 16 | J51: =VLOOKUP(A51,Materiales!$A$4:$D$141,3,0) -> M2 | K51: 1.584 | L51: =VLOOKUP(A51,Materiales!$A$4:$D$141,4,0) -> 49580 | M51: =VLOOKUP(D51,Materiales!$A$4:$D$141,3,0) -> #N/A | N51: =+K51*L51 -> 78534.72 | O51: =1.2*1.2*1.1 -> 1.584
A52: SV-1064 | B52: =VLOOKUP(A52,Materiales!$A$4:$D$141,2,0) -> PAPEL REFLECTIVO TIPO III | J52: =VLOOKUP(A52,Materiales!$A$4:$D$141,3,0) -> M2 | K52: 1.4688 | L52: =VLOOKUP(A52,Materiales!$A$4:$D$141,4,0) -> 48400 | M52: =VLOOKUP(D52,Materiales!$A$4:$D$141,3,0) -> #N/A | N52: =+K52*L52 -> 71089.92 | O52: =1.2*1.2*1.02 -> 1.4688
A53: SV-1065 | B53: =VLOOKUP(A53,Materiales!$A$4:$D$141,2,0) -> ANGULO DE 2" X 1/4" | J53: =VLOOKUP(A53,Materiales!$A$4:$D$141,3,0) -> ML | K53: 3.8 | L53: =VLOOKUP(A53,Materiales!$A$4:$D$141,4,0) -> 17710 | M53: =VLOOKUP(D53,Materiales!$A$4:$D$141,3,0) -> #N/A | N53: =+K53*L53 -> 67298 | O53: =1.2+1.8+0.8 -> 3.8
A54: SV-1066 | B54: =VLOOKUP(A54,Materiales!$A$4:$D$141,2,0) -> ANGULO DE 2" X 1/8" | J54: =VLOOKUP(A54,Materiales!$A$4:$D$141,3,0) -> ML | K54: =1.2*2 -> 2.4 | L54: =VLOOKUP(A54,Materiales!$A$4:$D$141,4,0) -> 9810 | M54: =VLOOKUP(D54,Materiales!$A$4:$D$141,3,0) -> #N/A | N54: =+K54*L54 -> 23544
A55: SV-1067 | B55: =VLOOKUP(A55,Materiales!$A$4:$D$141,2,0) -> TORNILLOS Y REMACHES | J55: =VLOOKUP(A55,Materiales!$A$4:$D$141,3,0) -> UND. | K55: 4 | L55: =VLOOKUP(A55,Materiales!$A$4:$D$141,4,0) -> 1004 | M55: =VLOOKUP(D55,Materiales!$A$4:$D$141,3,0) -> #N/A | N55: =+K55*L55 -> 4016
A56: SV-1068 | B56: =VLOOKUP(A56,Materiales!$A$4:$D$141,2,0) -> PINTURA EN POLVO | J56: =VLOOKUP(A56,Materiales!$A$4:$D$141,3,0) -> GALON | K56: 0.05 | L56: =VLOOKUP(A56,Materiales!$A$4:$D$141,4,0) -> 170330 | M56: =VLOOKUP(D56,Materiales!$A$4:$D$141,3,0) -> #N/A | N56: =+K56*L56 -> 8516.5
A57: SV-1069 | B57: =VLOOKUP(A57,Materiales!$A$4:$D$141,2,0) -> PINTURA ESMALTE | J57: =VLOOKUP(A57,Materiales!$A$4:$D$141,3,0) -> GALON | K57: 0.06 | L57: =VLOOKUP(A57,Materiales!$A$4:$D$141,4,0) -> 59020 | M57: =VLOOKUP(D57,Materiales!$A$4:$D$141,3,0) -> #N/A | N57: =+K57*L57 -> 3541.2
A58: SV-1070 | B58: =VLOOKUP(A58,Materiales!$A$4:$D$141,2,0) -> SOLDADURA | J58: =VLOOKUP(A58,Materiales!$A$4:$D$141,3,0) -> KG | K58: 0.25 | L58: =VLOOKUP(A58,Materiales!$A$4:$D$141,4,0) -> 7210 | M58: =VLOOKUP(D58,Materiales!$A$4:$D$141,3,0) -> #N/A | N58: =+K58*L58 -> 1802.5
A59: SV-1071 | B59: =VLOOKUP(A59,Materiales!$A$4:$D$141,2,0) -> CONCRETO CLASE E | J59: =VLOOKUP(A59,Materiales!$A$4:$D$141,3,0) -> M3 | K59: 0.05 | L59: =VLOOKUP(A59,Materiales!$A$4:$D$141,4,0) -> 463800 | M59: =VLOOKUP(D59,Materiales!$A$4:$D$141,3,0) -> #N/A | N59: =+K59*L59 -> 23190
B60: SUBTOTAL | N60: =SUM(N51:N59) -> 281532.84
B61: III. TRANSPORTES
B64: MATERIAL | I64: VOL. o PESO | J64: DISTANCIA | K64: M3 o Ton/Km | L64: TARIFA | N64: Vr. UNITARIO
B65: SEÑAL | N65: 22680
B67: SUBTOTAL | N67: =SUM(N65:N66) -> 22680
B68: IV. MANO DE OBRA
B71: TRABAJADOR | H71: CANTIDAD | I71: JORNAL | J71: PRESTACIONES | K71: JORNAL TOTAL | L71: RENDIMIENTO | N71: Vr. UNITARIO
A72: MO-SV-001 | B72: =VLOOKUP(A72,'Mano de Obra'!$A$4:$E$80,2,0) -> CORTADOR | H72: 1 | I72: =VLOOKUP(A72,'Mano de Obra'!$A$4:$E$80,3,0) -> 72000 | J72: =VLOOKUP(A72,'Mano de Obra'!$A$4:$E$80,4,0) -> 1.85 | K72: =+H72*I72*J72 -> 133200 | L72: 35 | N72: =+K72/L72 -> 3805.7143
A73: MO-SV-002 | B73: =VLOOKUP(A73,'Mano de Obra'!$A$4:$E$80,2,0) -> SOLDADOR | H73: 1 | I73: =VLOOKUP(A73,'Mano de Obra'!$A$4:$E$80,3,0) -> 88000 | J73: =VLOOKUP(A73,'Mano de Obra'!$A$4:$E$80,4,0) -> 1.85 | K73: =+H73*I73*J73 -> 162800 | L73: 35 | N73: =+K73/L73 -> 4651.4286
A74: MO-SV-003 | B74: =VLOOKUP(A74,'Mano de Obra'!$A$4:$E$80,2,0) -> PINTOR | H74: 1 | I74: =VLOOKUP(A74,'Mano de Obra'!$A$4:$E$80,3,0) -> 72000 | J74: =VLOOKUP(A74,'Mano de Obra'!$A$4:$E$80,4,0) -> 1.85 | K74: =+H74*I74*J74 -> 133200 | L74: 35 | N74: =+K74/L74 -> 3805.7143
A75: MO-SV-004 | B75: =VLOOKUP(A75,'Mano de Obra'!$A$4:$E$80,2,0) -> LAMINADOR | H75: 1 | I75: =VLOOKUP(A75,'Mano de Obra'!$A$4:$E$80,3,0) -> 72000 | J75: =VLOOKUP(A75,'Mano de Obra'!$A$4:$E$80,4,0) -> 1.85 | K75: =+H75*I75*J75 -> 133200 | L75: 35 | N75: =+K75/L75 -> 3805.7143
A76: MO-SV-005 | B76: =VLOOKUP(A76,'Mano de Obra'!$A$4:$E$80,2,0) -> SERIGRAFISTA | H76: 1 | I76: =VLOOKUP(A76,'Mano de Obra'!$A$4:$E$80,3,0) -> 72000 | J76: =VLOOKUP(A76,'Mano de Obra'!$A$4:$E$80,4,0) -> 1.85 | K76: =+H76*I76*J76 -> 133200 | L76: 35 | N76: =+K76/L76 -> 3805.7143
A77: MO-SV-006 | B77: =VLOOKUP(A77,'Mano de Obra'!$A$4:$E$80,2,0) -> AYUDANTE | H77: 2 | I77: =VLOOKUP(A77,'Mano de Obra'!$A$4:$E$80,3,0) -> 28000 | J77: =VLOOKUP(A77,'Mano de Obra'!$A$4:$E$80,4,0) -> 1.85 | K77: =+H77*I77*J77 -> 103600 | L77: 35 | N77: =+K77/L77 -> 2960
A78: MO-SV-007 | B78: =VLOOKUP(A78,'Mano de Obra'!$A$4:$E$80,2,0) -> CUADRILLA DE INSTALÑACIÓN (3) | H78: 1 | I78: =VLOOKUP(A78,'Mano de Obra'!$A$4:$E$80,3,0) -> 83000 | J78: =VLOOKUP(A78,'Mano de Obra'!$A$4:$E$80,4,0) -> 1.85 | K78: =+H78*I78*J78 -> 153550 | L78: 35 | N78: =+K78/L78 -> 4387.1429
B80: SUBTOTAL | N80: =SUM(N72:N79) -> 27221.429
B82: TOTAL COSTO DIRECTO | N82: =+N80+N67+N60+N46 -> 358627.35
B83: V. COSTOS INDIRECTOS
B86: Descripción | K86: Porcentaje | L86: Valor Total
B87: ADMINISTRACION | K87: 0.25 | L87: =+N82*K87 -> 89656.838
B88: IMPREVISTOS | K88: 0.05 | L88: =+N82*K88 -> 17931.368
B89: UTILIDAD | K89: 0.05 | L89: =+N82*K89 -> 17931.368
B90: SUBTOTAL | N90: =SUM(L87:M89) -> 125519.57
B92: Precio Unitario Total Aproximado al peso | N92: =ROUND(N82+N90,0) -> 484147
G96: =+'SV-01'!$G$96 -> Firma
G97: =+'SV-01'!$G$97 -> Nombre:
G98: =+'SV-01'!$G$98 -> Representante Legal del Contratista o su Apoderado
G99: =+'SV-01'!$G$99 -> Matricula No. :
B101: =+'SV-01'!$B$101 -> OBSERVACIONES INTERVENTORÍA
G105: =+'SV-01'!$G$105 -> Firma
G106: =+'SV-01'!$G$106 -> Nombre:
G107: =+'SV-01'!$G$107 -> Representante Legal del Interventor o su Apoderado
G108: =+'SV-01'!$G$108 -> Matricula No. :
B109: =+'SV-01'!$B$109 -> Original: Archivo de Gestión Contractual ( Subdirecciòn Administrativa)
B110: =+'SV-01'!$B$110 -> Copias : Unidad Ejecutora, Contratista, Interventor y Dirección Territorial.

Sheet SV-05
C2: MINISTERIO DE TRANSPORTE | K2: CÓDIGO | L2: MSE--FR-14
C3: INSTITUTO NACIONAL DE VIAS
C4: DIRECCION OPERATIVA | K4: VERSIÓN | L4: 2
C5: PROCESO SUPERVISION, EJECUCION Y SEGUIMIENTO A PROYECTOS
C6: =+'DATOS INICIALES '!B5 -> MANUAL DE INTERVENTORÍA OBRA PUBLICA | K6: PÁGINA | L6: 1 | M6: DE | N6: 1
C8: ANALISIS DE PRECIOS UNITARIOS
K10: FECHA | L10: DD | M10: MM | N10: AA
L11: =+'DATOS INICIALES '!K10 -> XXX | M11: =+'DATOS INICIALES '!L10 -> XXX | N11: =+'DATOS INICIALES '!M10 -> XXX
B12: UNIDAD EJECUTORA: | D12: =+'DATOS INICIALES '!C11 -> XXXXXXXXXX | I12: DIRECCIÓN TERRITORIAL: | J12: =+'DATOS INICIALES '!I11 -> XXXXXXXXXX
B18: CONTRATO No. | D18: =+'DATOS INICIALES '!C17 -> XXXXXXXXXX | G18: DE | H18: =+'DATOS INICIALES '!G17 -> XXXXXXXXXX
B19: OBJETO DEL CONTRATO | D19: =+'DATOS INICIALES '!C18 -> XXXXXXXXXXXXXXXXXXXXXXXXXXXXXXXXXXXXXX
B22: CONTRATISTA : | D22: =+'DATOS INICIALES '!C21 -> XXXXXXXXXX
B24: INTERVENTOR | D24: =+'DATOS INICIALES '!C23 -> XXXXXXXXXX
B26: GESTOR TECNICO DE CONTRATO | E26: =+'DATOS INICIALES '!D25 -> XXXXXXXXXX
B28: FECHA CIERRE DE LICITACIÓN Y/O SELECCIÓN ABREVIADA | G28: =+'DATOS INICIALES '!F27 -> XXXXXXXXXX
B30: DATOS ESPECÍFICOS
B32: ITEM | C32: DESCRIPCIÓN | L32: UNIDAD | N32: CANTIDAD
B33: =+'PRESUPUESTO OFICIAL'!#REF! -> #REF! | C33: =+'PRESUPUESTO OFICIAL'!#REF! -> #REF! | L33: =+'PRESUPUESTO OFICIAL'!#REF! -> #REF! | N33: ='PRESUPUESTO OFICIAL'!#REF! -> #REF!
B34: I. EQUIPO
B37: DESCRIPCIÓN | I37: TIPO | K37: TARIFA/HORA | L37: RENDIMIENTO | N37: Vr. UNITARIO
A38: E-SV-008 | B38: =VLOOKUP(A38,Equipo!$A$4:$D$80,2,0) -> Camioneta D-300 | K38: =VLOOKUP(A38,Equipo!$A$4:$D$80,4,0) -> 39346 | L38: 100 | N38: =+K38/L38 -> 393.46
A39: E-SV-009 | B39: =VLOOKUP(A39,Equipo!$A$4:$D$80,2,0) -> Maquina térmica | K39: =VLOOKUP(A39,Equipo!$A$4:$D$80,4,0) -> 13282 | L39: 100 | N39: =+K39/L39 -> 132.82
A40: E-SV-077 | B40: =VLOOKUP(A40,Equipo!$A$4:$D$80,2,0) -> HERRAMIENTA MENOR | N40: 3
B42: SUBTOTAL | N42: =SUM(N38:N41) -> 529.28
B43: II. MATERIALES
B46: DESCRIPCIÓN | J46: UNIDAD | K46: CANTIDAD | L46: PRECIO UNIT. | N46: Vr. UNITARIO
A47: SV-1075 | B47: =VLOOKUP(A47,Materiales!$A$4:$D$141,2,0) -> TACHA REFLECTIVA | J47: =VLOOKUP(A47,Materiales!$A$4:$D$141,3,0) -> UND | K47: 1 | L47: =VLOOKUP(A47,Materiales!$A$4:$D$141,4,0) -> 4300 | N47: =+L47*K47 -> 4300
A48: SV-1076 | B48: =VLOOKUP(A48,Materiales!$A$4:$D$141,2,0) -> PEGANTE EPOXICO | J48: =VLOOKUP(A48,Materiales!$A$4:$D$141,3,0) -> KG | K48: 0.04 | L48: =VLOOKUP(A48,Materiales!$A$4:$D$141,4,0) -> 22090 | N48: =+L48*K48 -> 883.6
B52: SUBTOTAL | N52: =SUM(N47:N51) -> 5183.6
B53: III. TRANSPORTES
B56: MATERIAL | I56: VOL. o PESO | J56: DISTANCIA | K56: M3 o Ton/Km | L56: TARIFA | N56: Vr. UNITARIO
N57: =+L57*K57 -> 0
B59: SUBTOTAL | N59: =SUM(N57:N58) -> 0
B60: IV. MANO DE OBRA
B63: TRABAJADOR | H63: CANTIDAD | I63: JORNAL | J63: PRESTACIONES | K63: JORNAL TOTAL | L63: RENDIMIENTO | N63: Vr. UNITARIO
A64: MO-SV-006 | B64: =VLOOKUP(A64,'Mano de Obra'!$A$4:$E$80,2,0) -> AYUDANTE | H64: 2 | I64: =VLOOKUP(A64,'Mano de Obra'!$A$4:$E$80,3,0) -> 28000 | J64: =VLOOKUP(A64,'Mano de Obra'!$A$4:$E$80,4,0) -> 1.85 | K64: =+H64*I64*J64 -> 103600 | L64: 800 | N64: =+K64/L64 -> 129.5
A65: MO-SV-012 | B65: =VLOOKUP(A65,'Mano de Obra'!$A$4:$E$80,2,0) -> OPERADOR DE EQUIPO | H65: 1 | I65: =VLOOKUP(A65,'Mano de Obra'!$A$4:$E$80,3,0) -> 72000 | J65: =VLOOKUP(A65,'Mano de Obra'!$A$4:$E$80,4,0) -> 1.85 | K65: =+H65*I65*J65 -> 133200 | L65: 800 | N65: =+K65/L65 -> 166.5
B70: SUBTOTAL | N70: =SUM(N64:N69) -> 296
B72: TOTAL COSTO DIRECTO | N72: =+N70+N59+N52+N42 -> 6008.88
B73: V. COSTOS INDIRECTOS
B76: Descripción | K76: Porcentaje | L76: Valor Total
B77: ADMINISTRACION | K77: 0.2 | L77: =+N72*K77 -> 1201.776
B78: IMPREVISTOS | K78: 0.05 | L78: =+N72*K78 -> 300.444
B79: UTILIDAD | K79: 0.05 | L79: =+N72*K79 -> 300.444
B80: SUBTOTAL | N80: =SUM(L77:M79) -> 1802.664
B82: Precio Unitario Total Aproximado al peso | N82: =ROUND(N72+N80,0) -> 7812
G86: =+'SV-01'!$G$96 -> Firma
G87: =+'SV-01'!$G$97 -> Nombre:
G88: =+'SV-01'!$G$98 -> Representante Legal del Contratista o su Apoderado
G89: =+'SV-01'!$G$99 -> Matricula No. :
B91: =+'SV-01'!$B$101 -> OBSERVACIONES INTERVENTORÍA
G95: =+'SV-01'!$G$105 -> Firma
G96: =+'SV-01'!$G$106 -> Nombre:
G97: =+'SV-01'!$G$107 -> Representante Legal del Interventor o su Apoderado
G98: =+'SV-01'!$G$108 -> Matricula No. :
B99: =+'SV-01'!$B$109 -> Original: Archivo de Gestión Contractual ( Subdirecciòn Administrativa)
B100: =+'SV-01'!$B$110 -> Copias : Unidad Ejecutora, Contratista, Interventor y Dirección Territorial.

Sheet SV-06
C2: MINISTERIO DE TRANSPORTE | K2: CÓDIGO | L2: MSE--FR-14
C3: INSTITUTO NACIONAL DE VIAS
C4: DIRECCION OPERATIVA | K4: VERSIÓN | L4: 2
C5: PROCESO SUPERVISION, EJECUCION Y SEGUIMIENTO A PROYECTOS
C6: =+'DATOS INICIALES '!B5 -> MANUAL DE INTERVENTORÍA OBRA PUBLICA | K6: PÁGINA | L6: 1 | M6: DE | N6: 1
C8: ANALISIS DE PRECIOS UNITARIOS
K10: FECHA | L10: DD | M10: MM | N10: AA
L11: =+'DATOS INICIALES '!K10 -> XXX | M11: =+'DATOS INICIALES '!L10 -> XXX | N11: =+'DATOS INICIALES '!M10 -> XXX
B12: UNIDAD EJECUTORA: | D12: =+'DATOS INICIALES '!C11 -> XXXXXXXXXX | I12: DIRECCIÓN TERRITORIAL: | J12: =+'DATOS INICIALES '!I11 -> XXXXXXXXXX
B18: CONTRATO No. | D18: =+'DATOS INICIALES '!C17 -> XXXXXXXXXX | G18: DE | H18: =+'DATOS INICIALES '!G17 -> XXXXXXXXXX
B19: OBJETO DEL CONTRATO | D19: =+'DATOS INICIALES '!C18 -> XXXXXXXXXXXXXXXXXXXXXXXXXXXXXXXXXXXXXX
B22: CONTRATISTA : | D22: =+'DATOS INICIALES '!C21 -> XXXXXXXXXX
B24: INTERVENTOR | D24: =+'DATOS INICIALES '!C23 -> XXXXXXXXXX
B26: GESTOR TECNICO DE CONTRATO | E26: =+'DATOS INICIALES '!D25 -> XXXXXXXXXX
B28: FECHA CIERRE DE LICITACIÓN Y/O SELECCIÓN ABREVIADA | G28: =+'DATOS INICIALES '!F27 -> XXXXXXXXXX
B30: DATOS ESPECÍFICOS
B32: ITEM | C32: DESCRIPCIÓN | L32: UNIDAD | N32: CANTIDAD
B33: =+'PRESUPUESTO OFICIAL'!#REF! -> #REF! | C33: =+'PRESUPUESTO OFICIAL'!#REF! -> #REF! | L33: =+'PRESUPUESTO OFICIAL'!#REF! -> #REF! | N33: ='PRESUPUESTO OFICIAL'!#REF! -> #REF!
B34: I. EQUIPO
B37: DESCRIPCIÓN | I37: TIPO | K37: TARIFA/HORA | L37: RENDIMIENTO | N37: Vr. UNITARIO
A38: E-SV-012 | B38: =VLOOKUP(A38,Equipo!$A$4:$D$80,2,0) -> Vehiculo delineador, capacidad de 120 galones, tanque para microesfera de 1200 lb. | K38: =VLOOKUP(A38,Equipo!$A$4:$D$80,4,0) -> 105610 | L38: 1650 | N38: =+K38/L38 -> 64.006061
A39: E-SV-008 | B39: =VLOOKUP(A39,Equipo!$A$4:$D$80,2,0) -> Camioneta D-300 | K39: =VLOOKUP(A39,Equipo!$A$4:$D$80,4,0) -> 39346 | L39: 1650 | N39: =+K39/L39 -> 23.846061
A40: E-SV-077 | B40: =VLOOKUP(A40,Equipo!$A$4:$D$80,2,0) -> HERRAMIENTA MENOR | N40: 0.35
B46: SUBTOTAL | N46: =SUM(N38:N45) -> 88.202121
B47: II. MATERIALES
B50: DESCRIPCIÓN | J50: UNIDAD | K50: CANTIDAD | L50: PRECIO UNIT. | N50: Vr. UNITARIO
A51: SV-1074 | B51: =VLOOKUP(A51,Materiales!$A$4:$D$141,2,0) -> IMPRIMANTE | J51: =VLOOKUP(A51,Materiales!$A$4:$D$141,3,0) -> GALON | K51: 0.011 | L51: =VLOOKUP(A51,Materiales!$A$4:$D$141,4,0) -> 69120 | N51: =+L51*K51 -> 760.32
B59: SUBTOTAL | N59: =SUM(N51:N58) -> 760.32
B60: III. TRANSPORTES
B63: MATERIAL | I63: VOL. o PESO | J63: DISTANCIA | K63: M3 o Ton/Km | L63: TARIFA | N63: Vr. UNITARIO
N64: =+L64*K64 -> 0
B66: SUBTOTAL | N66: =SUM(N64:N65) -> 0
B67: IV. MANO DE OBRA
B70: TRABAJADOR | H70: CANTIDAD | I70: JORNAL | J70: PRESTACIONES | K70: JORNAL TOTAL | L70: RENDIMIENTO | N70: Vr. UNITARIO
A71: MO-SV-012 | B71: =VLOOKUP(A71,'Mano de Obra'!$A$4:$E$80,2,0) -> OPERADOR DE EQUIPO | H71: 2 | I71: =VLOOKUP(A71,'Mano de Obra'!$A$4:$E$80,3,0) -> 72000 | J71: =VLOOKUP(A71,'Mano de Obra'!$A$4:$E$80,4,0) -> 1.85 | K71: =+H71*I71*J71 -> 266400 | L71: 13200 | N71: =+K71/L71 -> 20.181818
A72: MO-SV-006 | B72: =VLOOKUP(A72,'Mano de Obra'!$A$4:$E$80,2,0) -> AYUDANTE | H72: 6 | I72: =VLOOKUP(A72,'Mano de Obra'!$A$4:$E$80,3,0) -> 28000 | J72: =VLOOKUP(A72,'Mano de Obra'!$A$4:$E$80,4,0) -> 1.85 | K72: =+H72*I72*J72 -> 310800 | L72: 13200 | N72: =+K72/L72 -> 23.545455
B79: SUBTOTAL | N79: =SUM(N71:N78) -> 43.727273
B81: TOTAL COSTO DIRECTO | N81: =+N79+N66+N59+N46 -> 892.24939
B82: V. COSTOS INDIRECTOS
B85: Descripción | K85: Porcentaje | L85: Valor Total
B86: ADMINISTRACION | K86: 0.25 | L86: =+N81*K86 -> 223.06235
B87: IMPREVISTOS | K87: 0.05 | L87: =+N81*K87 -> 44.61247
B88: UTILIDAD | K88: 0.05 | L88: =+N81*K88 -> 44.61247
B89: SUBTOTAL $ | N89: =SUM(L86:M88) -> 312.28729
B91: Precio Unitario Total Aproximado al peso $ | N91: =ROUND(N81+N89,0) -> 1205
G95: =+'SV-01'!$G$96 -> Firma
G96: =+'SV-01'!$G$97 -> Nombre:
G97: =+'SV-01'!$G$98 -> Representante Legal del Contratista o su Apoderado
G98: =+'SV-01'!$G$99 -> Matricula No. :
B100: =+'SV-01'!$B$101 -> OBSERVACIONES INTERVENTORÍA
G104: =+'SV-01'!$G$105 -> Firma
G105: =+'SV-01'!$G$106 -> Nombre:
G106: =+'SV-01'!$G$107 -> Representante Legal del Interventor o su Apoderado
G107: =+'SV-01'!$G$108 -> Matricula No. :
B108: =+'SV-01'!$B$109 -> Original: Archivo de Gestión Contractual ( Subdirecciòn Administrativa)
B109: =+'SV-01'!$B$110 -> Copias : Unidad Ejecutora, Contratista, Interventor y Dirección Territorial.

Sheet SV-07
C2: MINISTERIO DE TRANSPORTE | K2: CÓDIGO | L2: MSE--FR-14
C3: INSTITUTO NACIONAL DE VIAS
C4: DIRECCION OPERATIVA | K4: VERSIÓN | L4: 2
C5: PROCESO SUPERVISION, EJECUCION Y SEGUIMIENTO A PROYECTOS
C6: =+'DATOS INICIALES '!B5 -> MANUAL DE INTERVENTORÍA OBRA PUBLICA | K6: PÁGINA | L6: 1 | M6: DE | N6: 1
C8: ANALISIS DE PRECIOS UNITARIOS
K10: FECHA | L10: DD | M10: MM | N10: AA
L11: =+'DATOS INICIALES '!K10 -> XXX | M11: =+'DATOS INICIALES '!L10 -> XXX | N11: =+'DATOS INICIALES '!M10 -> XXX
B12: UNIDAD EJECUTORA: | D12: =+'DATOS INICIALES '!C11 -> XXXXXXXXXX | I12: DIRECCIÓN TERRITORIAL: | J12: =+'DATOS INICIALES '!I11 -> XXXXXXXXXX
B18: CONTRATO No. | D18: =+'DATOS INICIALES '!C17 -> XXXXXXXXXX | G18: DE | H18: =+'DATOS INICIALES '!G17 -> XXXXXXXXXX
B19: OBJETO DEL CONTRATO | D19: =+'DATOS INICIALES '!C18 -> XXXXXXXXXXXXXXXXXXXXXXXXXXXXXXXXXXXXXX
B22: CONTRATISTA : | D22: =+'DATOS INICIALES '!C21 -> XXXXXXXXXX
B24: INTERVENTOR | D24: =+'DATOS INICIALES '!C23 -> XXXXXXXXXX
B26: GESTOR TECNICO DE CONTRATO | E26: =+'DATOS INICIALES '!D25 -> XXXXXXXXXX
B28: FECHA CIERRE DE LICITACIÓN Y/O SELECCIÓN ABREVIADA | G28: =+'DATOS INICIALES '!F27 -> XXXXXXXXXX
B30: DATOS ESPECÍFICOS
B32: ITEM | C32: DESCRIPCIÓN | L32: UNIDAD | N32: CANTIDAD
B33: =+'PRESUPUESTO OFICIAL'!D16 -> SV-07 | C33: =+'PRESUPUESTO OFICIAL'!G16 -> MARCAS VIALES CON PINTURA EN FRIO ACRÍLICA PURA BASE AGUA | L33: =+'PRESUPUESTO OFICIAL'!H16 -> M2 | N33: ='PRESUPUESTO OFICIAL'!I16 -> 1958
B34: I. EQUIPO
B37: DESCRIPCIÓN | I37: TIPO | K37: TARIFA/HORA | L37: RENDIMIENTO | N37: Vr. UNITARIO
A38: E-SV-010 | B38: =VLOOKUP(A38,Equipo!$A$4:$D$80,2,0) -> Camiontta con Platon | K38: =VLOOKUP(A38,Equipo!$A$4:$D$80,4,0) -> 31870 | L38: 15 | N38: =+K38/L38 -> 2124.6667
A39: E-SV-011 | B39: =VLOOKUP(A39,Equipo!$A$4:$D$80,2,0) -> Maquina Manual | K39: =VLOOKUP(A39,Equipo!$A$4:$D$80,4,0) -> 17706 | L39: 15 | N39: =+K39/L39 -> 1180.4 | O39: =40*4 -> 160
A40: E-SV-077 | B40: =VLOOKUP(A40,Equipo!$A$4:$D$80,2,0) -> HERRAMIENTA MENOR | N40: 43
B47: SUBTOTAL | N47: =SUM(N38:N46) -> 3348.0667
B48: II. MATERIALES
B49: II. MATERIALES
B51: DESCRIPCIÓN | J51: UNIDAD | K51: CANTIDAD | L51: PRECIO UNIT. | N51: Vr. UNITARIO
A52: SV-1072 | B52: =VLOOKUP(A52,Materiales!$A$4:$D$141,2,0) -> ESFERAS REFLECTIVAS | J52: =VLOOKUP(A52,Materiales!$A$4:$D$141,3,0) -> LB | K52: 0.85 | L52: =VLOOKUP(A52,Materiales!$A$4:$D$141,4,0) -> 1900 | N52: =+K52*L52 -> 1615
A53: SV-1073 | B53: =VLOOKUP(A53,Materiales!$A$4:$D$141,2,0) -> PINTURA ACRILICA PURA PARA TRAFICO | J53: =VLOOKUP(A53,Materiales!$A$4:$D$141,3,0) -> GALON | K53: 0.167 | L53: =VLOOKUP(A53,Materiales!$A$4:$D$141,4,0) -> 64000 | N53: =+K53*L53 -> 10688
B60: SUBTOTAL | N60: =SUM(N52:N59) -> 12303
B61: III. TRANSPORTES
B62: III. TRANSPORTES
B64: MATERIAL | I64: VOL. o PESO | J64: DISTANCIA | K64: M3 o Ton/Km | L64: TARIFA | N64: Vr. UNITARIO
N65: =+L65*K65 -> 0
B67: SUBTOTAL | N67: =SUM(N65:N66) -> 0
B68: IV. MANO DE OBRA
B69: IV. MANO DE OBRA
B71: TRABAJADOR | H71: CANTIDAD | I71: JORNAL | J71: PRESTACIONES | K71: JORNAL TOTAL | L71: RENDIMIENTO | N71: Vr. UNITARIO
A72: MO-SV-012 | B72: =VLOOKUP(A72,'Mano de Obra'!$A$4:$E$80,2,0) -> OPERADOR DE EQUIPO | H72: 1 | I72: =VLOOKUP(A72,'Mano de Obra'!$A$4:$D$80,3,0) -> 72000 | J72: =VLOOKUP(A72,'Mano de Obra'!$A$4:$D$80,4,0) -> 1.85 | K72: =+H72*I72*J72 -> 133200 | L72: 120 | N72: =+K72/L72 -> 1110
A73: MO-SV-006 | B73: =VLOOKUP(A73,'Mano de Obra'!$A$4:$E$80,2,0) -> AYUDANTE | H73: 3 | I73: =VLOOKUP(A73,'Mano de Obra'!$A$4:$D$80,3,0) -> 28000 | J73: =VLOOKUP(A73,'Mano de Obra'!$A$4:$D$80,4,0) -> 1.85 | K73: =+H73*I73*J73 -> 155400 | L73: 120 | N73: =+K73/L73 -> 1295
B79: SUBTOTAL | N79: =SUM(N72:N78) -> 2405
B81: TOTAL COSTO DIRECTO | N81: =+N79+N67+N60+N47 -> 18056.067
B82: V. COSTOS INDIRECTOS
B83: V. COSTOS INDIRECTOS
B85: Descripción | K85: Porcentaje | L85: Valor Total
B86: ADMINISTRACION | K86: 0.25 | L86: =+N81*K86 -> 4514.0167
B87: IMPREVISTOS | K87: 0.05 | L87: =+N81*K87 -> 902.80333
B88: UTILIDAD | K88: 0.05 | L88: =+N81*K88 -> 902.80333
B89: SUBTOTAL | N89: =SUM(L86:M88) -> 6319.6233
B91: Precio Unitario Total Aproximado al peso | N91: =ROUND(N81+N89,0) -> 24376
G95: =+'SV-01'!$G$96 -> Firma
G96: =+'SV-01'!$G$97 -> Nombre:
G97: =+'SV-01'!$G$98 -> Representante Legal del Contratista o su Apoderado
G98: =+'SV-01'!$G$99 -> Matricula No. :
B100: =+'SV-01'!$B$101 -> OBSERVACIONES INTERVENTORÍA
G104: =+'SV-01'!$G$105 -> Firma
G105: =+'SV-01'!$G$106 -> Nombre:
G106: =+'SV-01'!$G$107 -> Representante Legal del Interventor o su Apoderado
G107: =+'SV-01'!$G$108 -> Matricula No. :
B108: =+'SV-01'!$B$109 -> Original: Archivo de Gestión Contractual ( Subdirecciòn Administrativa)
B109: =+'SV-01'!$B$110 -> Copias : Unidad Ejecutora, Contratista, Interventor y Dirección Territorial.

Sheet SV-08
C2: MINISTERIO DE TRANSPORTE | K2: CÓDIGO | L2: MSE--FR-14
C3: INSTITUTO NACIONAL DE VIAS
C4: DIRECCION OPERATIVA | K4: VERSIÓN | L4: 2
C5: PROCESO SUPERVISION, EJECUCION Y SEGUIMIENTO A PROYECTOS
C6: =+'DATOS INICIALES '!B5 -> MANUAL DE INTERVENTORÍA OBRA PUBLICA | K6: PÁGINA | L6: 1 | M6: DE | N6: 1
C8: ANALISIS DE PRECIOS UNITARIOS
K10: FECHA | L10: DD | M10: MM | N10: AA
L11: =+'DATOS INICIALES '!K10 -> XXX | M11: =+'DATOS INICIALES '!L10 -> XXX | N11: =+'DATOS INICIALES '!M10 -> XXX
B12: UNIDAD EJECUTORA: | D12: =+'DATOS INICIALES '!C11 -> XXXXXXXXXX | I12: DIRECCIÓN TERRITORIAL: | J12: =+'DATOS INICIALES '!I11 -> XXXXXXXXXX
B18: CONTRATO No. | D18: =+'DATOS INICIALES '!C17 -> XXXXXXXXXX | G18: DE | H18: =+'DATOS INICIALES '!G17 -> XXXXXXXXXX
B19: OBJETO DEL CONTRATO | D19: =+'DATOS INICIALES '!C18 -> XXXXXXXXXXXXXXXXXXXXXXXXXXXXXXXXXXXXXX
B22: CONTRATISTA : | D22: =+'DATOS INICIALES '!C21 -> XXXXXXXXXX
B24: INTERVENTOR | D24: =+'DATOS INICIALES '!C23 -> XXXXXXXXXX
B26: GESTOR TECNICO DE CONTRATO | E26: =+'DATOS INICIALES '!D25 -> XXXXXXXXXX
B28: FECHA CIERRE DE LICITACIÓN Y/O SELECCIÓN ABREVIADA | G28: =+'DATOS INICIALES '!F27 -> XXXXXXXXXX
B30: DATOS ESPECÍFICOS
B32: ITEM | C32: DESCRIPCIÓN | K32: GRUPO DE AJUSTE | L32: UNIDAD | N32: CANTIDAD
B33: =+'PRESUPUESTO OFICIAL'!#REF! -> #REF! | C33: =+'PRESUPUESTO OFICIAL'!#REF! -> #REF! | L33: =+'PRESUPUESTO OFICIAL'!#REF! -> #REF! | N33: =+'PRESUPUESTO OFICIAL'!#REF! -> #REF!
B34: I. EQUIPO
B35: I. EQUIPO
B37: DESCRIPCIÓN | I37: TIPO | K37: TARIFA/HORA | L37: RENDIMIENTO | N37: Vr. UNITARIO
A38: E-SV-001 | B38: =VLOOKUP(A38,Equipo!$A$4:$D$80,2,0) -> CORTADORA DE LÁMINA | K38: =VLOOKUP(A38,Equipo!$A$4:$D$80,4,0) -> 20339 | L38: 4 | N38: =+K38/L38 -> 5084.75
A39: E-SV-002 | B39: =VLOOKUP(A39,Equipo!$A$4:$D$80,2,0) -> CORTADORA DE ANGULO | K39: =VLOOKUP(A39,Equipo!$A$4:$D$80,4,0) -> 20339 | L39: 4 | N39: =+K39/L39 -> 5084.75
A40: E-SV-003 | B40: =VLOOKUP(A40,Equipo!$A$4:$D$80,2,0) -> EQUIPO DE SOLDADURA | K40: =VLOOKUP(A40,Equipo!$A$4:$D$80,4,0) -> 16271 | L40: 4 | N40: =+K40/L40 -> 4067.75
A41: E-SV-004 | B41: =VLOOKUP(A41,Equipo!$A$4:$D$80,2,0) -> EQUIPO DE PINTURA | K41: =VLOOKUP(A41,Equipo!$A$4:$D$80,4,0) -> 20339 | L41: 4 | N41: =+K41/L41 -> 5084.75
A42: E-SV-005 | B42: =VLOOKUP(A42,Equipo!$A$4:$D$80,2,0) -> EQUIPO DE SERIGRAFÍA | K42: =VLOOKUP(A42,Equipo!$A$4:$D$80,4,0) -> 13574 | L42: 3 | N42: =+K42/L42 -> 4524.6667
A43: E-SV-006 | B43: =VLOOKUP(A43,Equipo!$A$4:$D$80,2,0) -> EQUIPO DE LAMINACIÓN | K43: =VLOOKUP(A43,Equipo!$A$4:$D$80,4,0) -> 8003 | L43: 3 | N43: =+K43/L43 -> 2667.6667
A44: E-SV-007 | B44: =VLOOKUP(A44,Equipo!$A$4:$D$80,2,0) -> TALADRO | K44: =VLOOKUP(A44,Equipo!$A$4:$D$80,4,0) -> 2715 | L44: 4 | N44: =+K44/L44 -> 678.75
A45: E-SV-077 | B45: =VLOOKUP(A45,Equipo!$A$4:$D$80,2,0) -> HERRAMIENTA MENOR | N45: 2600
B47: SUBTOTAL | N47: =SUM(N38:N46) -> 29793.083
B48: II. MATERIALES
B49: II. MATERIALES
B51: DESCRIPCIÓN | J51: UNIDAD | K51: CANTIDAD | L51: PRECIO UNIT. | N51: Vr. UNITARIO
A52: SV-1063 | B52: =VLOOKUP(A52,Materiales!$A$4:$D$141,2,0) -> LAMINA GALV. CALIBRE 16 | J52: =VLOOKUP(A52,Materiales!$A$4:$D$141,3,0) -> M2 | K52: 0.15 | L52: =VLOOKUP(A52,Materiales!$A$4:$D$141,4,0) -> 49580 | N52: =+K52*L52 -> 7437 | O52: =0.45*0.3 -> 0.135 | P52: =+O52*1.02 -> 0.1377
A53: SV-1064 | B53: =VLOOKUP(A53,Materiales!$A$4:$D$141,2,0) -> PAPEL REFLECTIVO TIPO III | J53: =VLOOKUP(A53,Materiales!$A$4:$D$141,3,0) -> M2 | K53: 0.137 | L53: =VLOOKUP(A53,Materiales!$A$4:$D$141,4,0) -> 48400 | N53: =+K53*L53 -> 6630.8
A54: SV-1065 | B54: =VLOOKUP(A54,Materiales!$A$4:$D$141,2,0) -> ANGULO DE 2" X 1/4" | J54: =VLOOKUP(A54,Materiales!$A$4:$D$141,3,0) -> ML | K54: 2.45 | L54: =VLOOKUP(A54,Materiales!$A$4:$D$141,4,0) -> 17710 | N54: =+K54*L54 -> 43389.5 | O54: =0.45+1.2+0.8 -> 2.45
A55: SV-1066 | B55: =VLOOKUP(A55,Materiales!$A$4:$D$141,2,0) -> ANGULO DE 2" X 1/8" | J55: =VLOOKUP(A55,Materiales!$A$4:$D$141,3,0) -> ML | K55: =0.3*2 -> 0.6 | L55: =VLOOKUP(A55,Materiales!$A$4:$D$141,4,0) -> 9810 | N55: =+K55*L55 -> 5886 | O55: =0.45+0.3 -> 0.75
A56: SV-1067 | B56: =VLOOKUP(A56,Materiales!$A$4:$D$141,2,0) -> TORNILLOS Y REMACHES | J56: =VLOOKUP(A56,Materiales!$A$4:$D$141,3,0) -> UND. | K56: 4 | L56: =VLOOKUP(A56,Materiales!$A$4:$D$141,4,0) -> 1004 | N56: =+K56*L56 -> 4016
A57: SV-1068 | B57: =VLOOKUP(A57,Materiales!$A$4:$D$141,2,0) -> PINTURA EN POLVO | J57: =VLOOKUP(A57,Materiales!$A$4:$D$141,3,0) -> GALON | K57: 0.05 | L57: =VLOOKUP(A57,Materiales!$A$4:$D$141,4,0) -> 170330 | N57: =+K57*L57 -> 8516.5
A58: SV-1069 | B58: =VLOOKUP(A58,Materiales!$A$4:$D$141,2,0) -> PINTURA ESMALTE | J58: =VLOOKUP(A58,Materiales!$A$4:$D$141,3,0) -> GALON | K58: 0.06 | L58: =VLOOKUP(A58,Materiales!$A$4:$D$141,4,0) -> 59020 | N58: =+K58*L58 -> 3541.2
A59: SV-1070 | B59: =VLOOKUP(A59,Materiales!$A$4:$D$141,2,0) -> SOLDADURA | J59: =VLOOKUP(A59,Materiales!$A$4:$D$141,3,0) -> KG | K59: 0.25 | L59: =VLOOKUP(A59,Materiales!$A$4:$D$141,4,0) -> 7210 | N59: =+K59*L59 -> 1802.5
A60: SV-1071 | B60: =VLOOKUP(A60,Materiales!$A$4:$D$141,2,0) -> CONCRETO CLASE E | J60: =VLOOKUP(A60,Materiales!$A$4:$D$141,3,0) -> M3 | K60: 0.05 | L60: =VLOOKUP(A60,Materiales!$A$4:$D$141,4,0) -> 463800 | N60: =+K60*L60 -> 23190
B63: SUBTOTAL | N63: =SUM(N52:N62) -> 104409.5
B64: III. TRANSPORTES
B65: III. TRANSPORTES
B67: MATERIAL | I67: VOL. o PESO | J67: DISTANCIA | K67: M3 o Ton/Km | L67: TARIFA | N67: Vr. UNITARIO
B68: SEÑAL | N68: 22680
B70: SUBTOTAL | N70: =SUM(N68:N69) -> 22680
B71: IV. MANO DE OBRA
B72: IV. MANO DE OBRA
B74: TRABAJADOR | H74: CANTIDAD | I74: JORNAL | J74: PRESTACIONES | K74: JORNAL TOTAL | L74: RENDIMIENTO | N74: Vr. UNITARIO
A75: MO-SV-001 | B75: =VLOOKUP(A75,'Mano de Obra'!$A$4:$E$80,2,0) -> CORTADOR | H75: 1 | I75: =VLOOKUP(A75,'Mano de Obra'!$A$4:$E$80,3,0) -> 72000 | J75: =VLOOKUP(A75,'Mano de Obra'!$A$4:$E$80,4,0) -> 1.85 | K75: =+H75*I75*J75 -> 133200 | L75: 40 | N75: =+K75/L75 -> 3330
A76: MO-SV-002 | B76: =VLOOKUP(A76,'Mano de Obra'!$A$4:$E$80,2,0) -> SOLDADOR | H76: 1 | I76: =VLOOKUP(A76,'Mano de Obra'!$A$4:$E$80,3,0) -> 88000 | J76: =VLOOKUP(A76,'Mano de Obra'!$A$4:$E$80,4,0) -> 1.85 | K76: =+H76*I76*J76 -> 162800 | L76: 40 | N76: =+K76/L76 -> 4070
A77: MO-SV-003 | B77: =VLOOKUP(A77,'Mano de Obra'!$A$4:$E$80,2,0) -> PINTOR | H77: 1 | I77: =VLOOKUP(A77,'Mano de Obra'!$A$4:$E$80,3,0) -> 72000 | J77: =VLOOKUP(A77,'Mano de Obra'!$A$4:$E$80,4,0) -> 1.85 | K77: =+H77*I77*J77 -> 133200 | L77: 40 | N77: =+K77/L77 -> 3330
A78: MO-SV-004 | B78: =VLOOKUP(A78,'Mano de Obra'!$A$4:$E$80,2,0) -> LAMINADOR | H78: 1 | I78: =VLOOKUP(A78,'Mano de Obra'!$A$4:$E$80,3,0) -> 72000 | J78: =VLOOKUP(A78,'Mano de Obra'!$A$4:$E$80,4,0) -> 1.85 | K78: =+H78*I78*J78 -> 133200 | L78: 40 | N78: =+K78/L78 -> 3330
A79: MO-SV-005 | B79: =VLOOKUP(A79,'Mano de Obra'!$A$4:$E$80,2,0) -> SERIGRAFISTA | H79: 1 | I79: =VLOOKUP(A79,'Mano de Obra'!$A$4:$E$80,3,0) -> 72000 | J79: =VLOOKUP(A79,'Mano de Obra'!$A$4:$E$80,4,0) -> 1.85 | K79: =+H79*I79*J79 -> 133200 | L79: 40 | N79: =+K79/L79 -> 3330
A80: MO-SV-006 | B80: =VLOOKUP(A80,'Mano de Obra'!$A$4:$E$80,2,0) -> AYUDANTE | H80: 2 | I80: =VLOOKUP(A80,'Mano de Obra'!$A$4:$E$80,3,0) -> 28000 | J80: =VLOOKUP(A80,'Mano de Obra'!$A$4:$E$80,4,0) -> 1.85 | K80: =+H80*I80*J80 -> 103600 | L80: 40 | N80: =+K80/L80 -> 2590
A81: MO-SV-007 | B81: =VLOOKUP(A81,'Mano de Obra'!$A$4:$E$80,2,0) -> CUADRILLA DE INSTALÑACIÓN (3) | H81: 1 | I81: =VLOOKUP(A81,'Mano de Obra'!$A$4:$E$80,3,0) -> 83000 | J81: =VLOOKUP(A81,'Mano de Obra'!$A$4:$E$80,4,0) -> 1.85 | K81: =+H81*I81*J81 -> 153550 | L81: 40 | N81: =+K81/L81 -> 3838.75
B85: SUBTOTAL | N85: =SUM(N75:N84) -> 23818.75
B87: TOTAL COSTO DIRECTO $ | N87: =+N85+N70+N63+N47 -> 180701.33
B88: V. COSTOS INDIRECTOS
B89: V. COSTOS INDIRECTOS
B91: Descripción | K91: Porcentaje | L91: Valor Total
B92: ADMINISTRACION | K92: 0.25 | L92: =+N87*K92 -> 45175.333
B93: IMPREVISTOS | K93: 0.05 | L93: =+N87*K93 -> 9035.0667
B94: UTILIDAD | K94: 0.05 | L94: =+N87*K94 -> 9035.0667
B95: SUBTOTAL | N95: =SUM(L92:M94) -> 63245.467
B97: Precio Unitario Total Aproximado al peso | N97: =ROUND(N87+N95,0) -> 243947
G101: =+'SV-01'!$G$96 -> Firma
G102: =+'SV-01'!$G$97 -> Nombre:
G103: =+'SV-01'!$G$98 -> Representante Legal del Contratista o su Apoderado
G104: =+'SV-01'!$G$99 -> Matricula No. :
B106: =+'SV-01'!$B$101 -> OBSERVACIONES INTERVENTORÍA
G110: =+'SV-01'!$G$105 -> Firma
G111: =+'SV-01'!$G$106 -> Nombre:
G112: =+'SV-01'!$G$107 -> Representante Legal del Interventor o su Apoderado
G113: =+'SV-01'!$G$108 -> Matricula No. :
B114: =+'SV-01'!$B$109 -> Original: Archivo de Gestión Contractual ( Subdirecciòn Administrativa)
B115: =+'SV-01'!$B$110 -> Copias : Unidad Ejecutora, Contratista, Interventor y Dirección Territorial.

Sheet SV-09
C2: MINISTERIO DE TRANSPORTE | K2: CÓDIGO | L2: MSE--FR-14
C3: INSTITUTO NACIONAL DE VIAS
C4: DIRECCION OPERATIVA | K4: VERSIÓN | L4: 2
C5: PROCESO SUPERVISION, EJECUCION Y SEGUIMIENTO A PROYECTOS
C6: =+'DATOS INICIALES '!B5 -> MANUAL DE INTERVENTORÍA OBRA PUBLICA | K6: PÁGINA | L6: 1 | M6: DE | N6: 1
C8: ANALISIS DE PRECIOS UNITARIOS
K10: FECHA | L10: DD | M10: MM | N10: AA
L11: =+'DATOS INICIALES '!K10 -> XXX | M11: =+'DATOS INICIALES '!L10 -> XXX | N11: =+'DATOS INICIALES '!M10 -> XXX
B12: UNIDAD EJECUTORA: | D12: =+'DATOS INICIALES '!C11 -> XXXXXXXXXX | I12: DIRECCIÓN TERRITORIAL: | J12: =+'DATOS INICIALES '!I11 -> XXXXXXXXXX
B18: CONTRATO No. | D18: =+'DATOS INICIALES '!C17 -> XXXXXXXXXX | G18: DE | H18: =+'DATOS INICIALES '!G17 -> XXXXXXXXXX
B19: OBJETO DEL CONTRATO | D19: =+'DATOS INICIALES '!C18 -> XXXXXXXXXXXXXXXXXXXXXXXXXXXXXXXXXXXXXX
B22: CONTRATISTA : | D22: =+'DATOS INICIALES '!C21 -> XXXXXXXXXX
B24: INTERVENTOR | D24: =+'DATOS INICIALES '!C23 -> XXXXXXXXXX
B26: GESTOR TECNICO DE CONTRATO | E26: =+'DATOS INICIALES '!D25 -> XXXXXXXXXX
B28: FECHA CIERRE DE LICITACIÓN Y/O SELECCIÓN ABREVIADA | G28: =+'DATOS INICIALES '!F27 -> XXXXXXXXXX
B30: DATOS ESPECÍFICOS
B32: ITEM | C32: DESCRIPCIÓN | K32: GRUPO DE AJUSTE | L32: UNIDAD | N32: CANTIDAD
B33: =+'PRESUPUESTO OFICIAL'!#REF! -> #REF! | C33: =+'PRESUPUESTO OFICIAL'!#REF! -> #REF! | L33: =+'PRESUPUESTO OFICIAL'!#REF! -> #REF! | N33: ='PRESUPUESTO OFICIAL'!#REF! -> #REF!
B34: I. EQUIPO
B35: I. EQUIPO
B37: DESCRIPCIÓN | I37: TIPO | K37: TARIFA/HORA | L37: RENDIMIENTO | N37: Vr. UNITARIO
A38: E-SV-001 | B38: =VLOOKUP(A38,Equipo!$A$4:$D$80,2,0) -> CORTADORA DE LÁMINA | K38: =VLOOKUP(A38,Equipo!$A$4:$D$80,4,0) -> 20339 | L38: 4 | N38: =+K38/L38 -> 5084.75
A39: E-SV-002 | B39: =VLOOKUP(A39,Equipo!$A$4:$D$80,2,0) -> CORTADORA DE ANGULO | K39: =VLOOKUP(A39,Equipo!$A$4:$D$80,4,0) -> 20339 | L39: 4 | N39: =+K39/L39 -> 5084.75
A40: E-SV-003 | B40: =VLOOKUP(A40,Equipo!$A$4:$D$80,2,0) -> EQUIPO DE SOLDADURA | K40: =VLOOKUP(A40,Equipo!$A$4:$D$80,4,0) -> 16271 | L40: 4 | N40: =+K40/L40 -> 4067.75
A41: E-SV-004 | B41: =VLOOKUP(A41,Equipo!$A$4:$D$80,2,0) -> EQUIPO DE PINTURA | K41: =VLOOKUP(A41,Equipo!$A$4:$D$80,4,0) -> 20339 | L41: 4 | N41: =+K41/L41 -> 5084.75
A42: E-SV-005 | B42: =VLOOKUP(A42,Equipo!$A$4:$D$80,2,0) -> EQUIPO DE SERIGRAFÍA | K42: =VLOOKUP(A42,Equipo!$A$4:$D$80,4,0) -> 13574 | L42: 3 | N42: =+K42/L42 -> 4524.6667
A43: E-SV-006 | B43: =VLOOKUP(A43,Equipo!$A$4:$D$80,2,0) -> EQUIPO DE LAMINACIÓN | K43: =VLOOKUP(A43,Equipo!$A$4:$D$80,4,0) -> 8003 | L43: 3 | N43: =+K43/L43 -> 2667.6667
A44: E-SV-007 | B44: =VLOOKUP(A44,Equipo!$A$4:$D$80,2,0) -> TALADRO | K44: =VLOOKUP(A44,Equipo!$A$4:$D$80,4,0) -> 2715 | L44: 4 | N44: =+K44/L44 -> 678.75
A45: E-SV-077 | B45: =VLOOKUP(A45,Equipo!$A$4:$D$80,2,0) -> HERRAMIENTA MENOR | N45: 2600
B47: SUBTOTAL | N47: =SUM(N38:N46) -> 29793.083
B48: II. MATERIALES
B49: II. MATERIALES
B51: DESCRIPCIÓN | J51: UNIDAD | K51: CANTIDAD | L51: PRECIO UNIT. | N51: Vr. UNITARIO
A52: SV-1063 | B52: =VLOOKUP(A52,Materiales!$A$4:$D$141,2,0) -> LAMINA GALV. CALIBRE 16 | J52: =VLOOKUP(A52,Materiales!$A$4:$D$141,3,0) -> M2 | K52: 0.22 | L52: =VLOOKUP(A52,Materiales!$A$4:$D$141,4,0) -> 49580 | N52: =+K52*L52 -> 10907.6
A53: SV-1064 | B53: =VLOOKUP(A53,Materiales!$A$4:$D$141,2,0) -> PAPEL REFLECTIVO TIPO III | J53: =VLOOKUP(A53,Materiales!$A$4:$D$141,3,0) -> M2 | K53: 0.2 | L53: =VLOOKUP(A53,Materiales!$A$4:$D$141,4,0) -> 48400 | N53: =+K53*L53 -> 9680
A54: SV-1065 | B54: =VLOOKUP(A54,Materiales!$A$4:$D$141,2,0) -> ANGULO DE 2" X 1/4" | J54: =VLOOKUP(A54,Materiales!$A$4:$D$141,3,0) -> ML | K54: 2.5 | L54: =VLOOKUP(A54,Materiales!$A$4:$D$141,4,0) -> 17710 | N54: =+K54*L54 -> 44275 | O54: =0.5+0.8+1.2 -> 2.5
A55: SV-1066 | B55: =VLOOKUP(A55,Materiales!$A$4:$D$141,2,0) -> ANGULO DE 2" X 1/8" | J55: =VLOOKUP(A55,Materiales!$A$4:$D$141,3,0) -> ML | K55: 0.8 | L55: =VLOOKUP(A55,Materiales!$A$4:$D$141,4,0) -> 9810 | N55: =+K55*L55 -> 7848
A56: SV-1067 | B56: =VLOOKUP(A56,Materiales!$A$4:$D$141,2,0) -> TORNILLOS Y REMACHES | J56: =VLOOKUP(A56,Materiales!$A$4:$D$141,3,0) -> UND. | K56: 4 | L56: =VLOOKUP(A56,Materiales!$A$4:$D$141,4,0) -> 1004 | N56: =+K56*L56 -> 4016
A57: SV-1068 | B57: =VLOOKUP(A57,Materiales!$A$4:$D$141,2,0) -> PINTURA EN POLVO | J57: =VLOOKUP(A57,Materiales!$A$4:$D$141,3,0) -> GALON | K57: 0.05 | L57: =VLOOKUP(A57,Materiales!$A$4:$D$141,4,0) -> 170330 | N57: =+K57*L57 -> 8516.5
A58: SV-1069 | B58: =VLOOKUP(A58,Materiales!$A$4:$D$141,2,0) -> PINTURA ESMALTE | J58: =VLOOKUP(A58,Materiales!$A$4:$D$141,3,0) -> GALON | K58: 0.06 | L58: =VLOOKUP(A58,Materiales!$A$4:$D$141,4,0) -> 59020 | N58: =+K58*L58 -> 3541.2
A59: SV-1070 | B59: =VLOOKUP(A59,Materiales!$A$4:$D$141,2,0) -> SOLDADURA | J59: =VLOOKUP(A59,Materiales!$A$4:$D$141,3,0) -> KG | K59: 0.25 | L59: =VLOOKUP(A59,Materiales!$A$4:$D$141,4,0) -> 7210 | N59: =+K59*L59 -> 1802.5
A60: SV-1071 | B60: =VLOOKUP(A60,Materiales!$A$4:$D$141,2,0) -> CONCRETO CLASE E | J60: =VLOOKUP(A60,Materiales!$A$4:$D$141,3,0) -> M3 | K60: 0.05 | L60: =VLOOKUP(A60,Materiales!$A$4:$D$141,4,0) -> 463800 | N60: =+K60*L60 -> 23190
B63: SUBTOTAL | N63: =SUM(N52:N62) -> 113776.8
B64: III. TRANSPORTES
B65: III. TRANSPORTES
B67: MATERIAL | I67: VOL. o PESO | J67: DISTANCIA | K67: M3 o Ton/Km | L67: TARIFA | N67: Vr. UNITARIO
B68: SEÑAL | N68: 22680
B70: SUBTOTAL | N70: =SUM(N68:N69) -> 22680
B71: IV. MANO DE OBRA
B72: IV. MANO DE OBRA
B74: TRABAJADOR | H74: CANTIDAD | I74: JORNAL | J74: PRESTACIONES | K74: JORNAL TOTAL | L74: RENDIMIENTO | N74: Vr. UNITARIO
A75: MO-SV-001 | B75: =VLOOKUP(A75,'Mano de Obra'!$A$4:$E$80,2,0) -> CORTADOR | H75: 1 | I75: =VLOOKUP(A75,'Mano de Obra'!$A$4:$E$80,3,0) -> 72000 | J75: =VLOOKUP(A75,'Mano de Obra'!$A$4:$E$80,4,0) -> 1.85 | K75: =+H75*I75*J75 -> 133200 | L75: 40 | N75: =+K75/L75 -> 3330
A76: MO-SV-002 | B76: =VLOOKUP(A76,'Mano de Obra'!$A$4:$E$80,2,0) -> SOLDADOR | H76: 1 | I76: =VLOOKUP(A76,'Mano de Obra'!$A$4:$E$80,3,0) -> 88000 | J76: =VLOOKUP(A76,'Mano de Obra'!$A$4:$E$80,4,0) -> 1.85 | K76: =+H76*I76*J76 -> 162800 | L76: 40 | N76: =+K76/L76 -> 4070
A77: MO-SV-003 | B77: =VLOOKUP(A77,'Mano de Obra'!$A$4:$E$80,2,0) -> PINTOR | H77: 1 | I77: =VLOOKUP(A77,'Mano de Obra'!$A$4:$E$80,3,0) -> 72000 | J77: =VLOOKUP(A77,'Mano de Obra'!$A$4:$E$80,4,0) -> 1.85 | K77: =+H77*I77*J77 -> 133200 | L77: 40 | N77: =+K77/L77 -> 3330
A78: MO-SV-004 | B78: =VLOOKUP(A78,'Mano de Obra'!$A$4:$E$80,2,0) -> LAMINADOR | H78: 1 | I78: =VLOOKUP(A78,'Mano de Obra'!$A$4:$E$80,3,0) -> 72000 | J78: =VLOOKUP(A78,'Mano de Obra'!$A$4:$E$80,4,0) -> 1.85 | K78: =+H78*I78*J78 -> 133200 | L78: 40 | N78: =+K78/L78 -> 3330
A79: MO-SV-005 | B79: =VLOOKUP(A79,'Mano de Obra'!$A$4:$E$80,2,0) -> SERIGRAFISTA | H79: 1 | I79: =VLOOKUP(A79,'Mano de Obra'!$A$4:$E$80,3,0) -> 72000 | J79: =VLOOKUP(A79,'Mano de Obra'!$A$4:$E$80,4,0) -> 1.85 | K79: =+H79*I79*J79 -> 133200 | L79: 40 | N79: =+K79/L79 -> 3330
A80: MO-SV-006 | B80: =VLOOKUP(A80,'Mano de Obra'!$A$4:$E$80,2,0) -> AYUDANTE | H80: 2 | I80: =VLOOKUP(A80,'Mano de Obra'!$A$4:$E$80,3,0) -> 28000 | J80: =VLOOKUP(A80,'Mano de Obra'!$A$4:$E$80,4,0) -> 1.85 | K80: =+H80*I80*J80 -> 103600 | L80: 40 | N80: =+K80/L80 -> 2590
A81: MO-SV-007 | B81: =VLOOKUP(A81,'Mano de Obra'!$A$4:$E$80,2,0) -> CUADRILLA DE INSTALÑACIÓN (3) | H81: 1 | I81: =VLOOKUP(A81,'Mano de Obra'!$A$4:$E$80,3,0) -> 83000 | J81: =VLOOKUP(A81,'Mano de Obra'!$A$4:$E$80,4,0) -> 1.85 | K81: =+H81*I81*J81 -> 153550 | L81: 40 | N81: =+K81/L81 -> 3838.75
B83: SUBTOTAL | N83: =SUM(N75:N82) -> 23818.75
B85: TOTAL COSTO DIRECTO | N85: =+N83+N70+N63+N47 -> 190068.63
B86: V. COSTOS INDIRECTOS
B87: V. COSTOS INDIRECTOS
B89: Descripción | K89: Porcentaje | L89: Valor Total
B90: ADMINISTRACION | K90: 0.25 | L90: =+N85*K90 -> 47517.158
B91: IMPREVISTOS | K91: 0.05 | L91: =+N85*K91 -> 9503.4317
B92: UTILIDAD | K92: 0.05 | L92: =+N85*K92 -> 9503.4317
B93: SUBTOTAL | N93: =SUM(L90:M92) -> 66524.022
B95: Precio Unitario Total Aproximado al peso | N95: =ROUND(N85+N93,0) -> 256593
G99: =+'SV-01'!$G$96 -> Firma
G100: =+'SV-01'!$G$97 -> Nombre:
G101: =+'SV-01'!$G$98 -> Representante Legal del Contratista o su Apoderado
G102: =+'SV-01'!$G$99 -> Matricula No. :
B104: =+'SV-01'!$B$101 -> OBSERVACIONES INTERVENTORÍA
G108: =+'SV-01'!$G$105 -> Firma
G109: =+'SV-01'!$G$106 -> Nombre:
G110: =+'SV-01'!$G$107 -> Representante Legal del Interventor o su Apoderado
G111: =+'SV-01'!$G$108 -> Matricula No. :
B112: =+'SV-01'!$B$109 -> Original: Archivo de Gestión Contractual ( Subdirecciòn Administrativa)
B113: =+'SV-01'!$B$110 -> Copias : Unidad Ejecutora, Contratista, Interventor y Dirección Territorial.

Sheet SV-10
C2: MINISTERIO DE TRANSPORTE | K2: CÓDIGO | L2: MSE--FR-14
C3: INSTITUTO NACIONAL DE VIAS
C4: DIRECCION OPERATIVA | K4: VERSIÓN | L4: 2
C5: PROCESO SUPERVISION, EJECUCION Y SEGUIMIENTO A PROYECTOS
C6: =+'DATOS INICIALES '!B5 -> MANUAL DE INTERVENTORÍA OBRA PUBLICA | K6: PÁGINA | L6: 1 | M6: DE | N6: 1
C8: ANALISIS DE PRECIOS UNITARIOS
K10: FECHA | L10: DD | M10: MM | N10: AA
L11: =+'DATOS INICIALES '!K10 -> XXX | M11: =+'DATOS INICIALES '!L10 -> XXX | N11: =+'DATOS INICIALES '!M10 -> XXX
B12: UNIDAD EJECUTORA: | D12: =+'DATOS INICIALES '!C11 -> XXXXXXXXXX | I12: DIRECCIÓN TERRITORIAL: | J12: =+'DATOS INICIALES '!I11 -> XXXXXXXXXX
B18: CONTRATO No. | D18: =+'DATOS INICIALES '!C17 -> XXXXXXXXXX | G18: DE | H18: =+'DATOS INICIALES '!G17 -> XXXXXXXXXX
B19: OBJETO DEL CONTRATO | D19: =+'DATOS INICIALES '!C18 -> XXXXXXXXXXXXXXXXXXXXXXXXXXXXXXXXXXXXXX
B22: CONTRATISTA : | D22: =+'DATOS INICIALES '!C21 -> XXXXXXXXXX
B24: INTERVENTOR | D24: =+'DATOS INICIALES '!C23 -> XXXXXXXXXX
B26: GESTOR TECNICO DE CONTRATO | E26: =+'DATOS INICIALES '!D25 -> XXXXXXXXXX
B28: FECHA CIERRE DE LICITACIÓN Y/O SELECCIÓN ABREVIADA | G28: =+'DATOS INICIALES '!F27 -> XXXXXXXXXX
B30: DATOS ESPECÍFICOS
B32: ITEM | C32: DESCRIPCIÓN | K32: GRUPO DE AJUSTE | L32: UNIDAD | N32: CANTIDAD
B33: =+'PRESUPUESTO OFICIAL'!#REF! -> #REF! | C33: =+'PRESUPUESTO OFICIAL'!#REF! -> #REF! | D33: =+'PRESUPUESTO OFICIAL'!#REF! -> #REF! | E33: =+'PRESUPUESTO OFICIAL'!#REF! -> #REF! | F33: =+'PRESUPUESTO OFICIAL'!#REF! -> #REF! | G33: =+'PRESUPUESTO OFICIAL'!#REF! -> #REF! | H33: =+'PRESUPUESTO OFICIAL'!#REF! -> #REF! | I33: =+'PRESUPUESTO OFICIAL'!#REF! -> #REF! | ... L33: =+'PRESUPUESTO OFICIAL'!#REF! -> #REF! | N33: =+'PRESUPUESTO OFICIAL'!#REF! -> #REF!
B34: I. EQUIPO
B35: I. EQUIPO
B37: DESCRIPCIÓN | I37: TIPO | K37: TARIFA/HORA | L37: RENDIMIENTO | N37: Vr. UNITARIO
A38: E-SV-001 | B38: =VLOOKUP(A38,Equipo!$A$4:$D$80,2,0) -> CORTADORA DE LÁMINA | K38: =VLOOKUP(A38,Equipo!$A$4:$D$80,4,0) -> 20339 | L38: 4 | N38: =+K38/L38 -> 5084.75
A39: E-SV-002 | B39: =VLOOKUP(A39,Equipo!$A$4:$D$80,2,0) -> CORTADORA DE ANGULO | K39: =VLOOKUP(A39,Equipo!$A$4:$D$80,4,0) -> 20339 | L39: 4 | N39: =+K39/L39 -> 5084.75
A40: E-SV-003 | B40: =VLOOKUP(A40,Equipo!$A$4:$D$80,2,0) -> EQUIPO DE SOLDADURA | K40: =VLOOKUP(A40,Equipo!$A$4:$D$80,4,0) -> 16271 | L40: 4 | N40: =+K40/L40 -> 4067.75
A41: E-SV-004 | B41: =VLOOKUP(A41,Equipo!$A$4:$D$80,2,0) -> EQUIPO DE PINTURA | K41: =VLOOKUP(A41,Equipo!$A$4:$D$80,4,0) -> 20339 | L41: 4 | N41: =+K41/L41 -> 5084.75
A42: E-SV-005 | B42: =VLOOKUP(A42,Equipo!$A$4:$D$80,2,0) -> EQUIPO DE SERIGRAFÍA | K42: =VLOOKUP(A42,Equipo!$A$4:$D$80,4,0) -> 13574 | L42: 3 | N42: =+K42/L42 -> 4524.6667
A43: E-SV-006 | B43: =VLOOKUP(A43,Equipo!$A$4:$D$80,2,0) -> EQUIPO DE LAMINACIÓN | K43: =VLOOKUP(A43,Equipo!$A$4:$D$80,4,0) -> 8003 | L43: 3 | N43: =+K43/L43 -> 2667.6667
A44: E-SV-007 | B44: =VLOOKUP(A44,Equipo!$A$4:$D$80,2,0) -> TALADRO | K44: =VLOOKUP(A44,Equipo!$A$4:$D$80,4,0) -> 2715 | L44: 4 | N44: =+K44/L44 -> 678.75
A45: E-SV-077 | B45: =VLOOKUP(A45,Equipo!$A$4:$D$80,2,0) -> HERRAMIENTA MENOR | N45: 2620
P46: =110000*1.098 -> 120780
B48: SUBTOTAL | N48: =SUM(N38:N47) -> 29813.083
B49: II. MATERIALES
B50: II. MATERIALES
B52: DESCRIPCIÓN | J52: UNIDAD | K52: CANTIDAD | L52: PRECIO UNIT. | N52: Vr. UNITARIO
A53: SV-1063 | B53: =VLOOKUP(A53,Materiales!$A$4:$D$141,2,0) -> LAMINA GALV. CALIBRE 16 | J53: =VLOOKUP(A53,Materiales!$A$4:$D$141,3,0) -> M2 | K53: 0.5 | L53: =VLOOKUP(A53,Materiales!$A$4:$D$141,4,0) -> 49580 | N53: =+K53*L53 -> 24790 | O53: =0.75*0.6*1.03 -> 0.4635
A54: SV-1064 | B54: =VLOOKUP(A54,Materiales!$A$4:$D$141,2,0) -> PAPEL REFLECTIVO TIPO III | J54: =VLOOKUP(A54,Materiales!$A$4:$D$141,3,0) -> M2 | K54: 0.4635 | L54: =VLOOKUP(A54,Materiales!$A$4:$D$141,4,0) -> 48400 | N54: =+K54*L54 -> 22433.4
A55: SV-1065 | B55: =VLOOKUP(A55,Materiales!$A$4:$D$141,2,0) -> ANGULO DE 2" X 1/4" | J55: =VLOOKUP(A55,Materiales!$A$4:$D$141,3,0) -> ML | K55: 2.75 | L55: =VLOOKUP(A55,Materiales!$A$4:$D$141,4,0) -> 17710 | N55: =+K55*L55 -> 48702.5 | O55: =0.75+1.2+0.8 -> 2.75
A56: SV-1066 | B56: =VLOOKUP(A56,Materiales!$A$4:$D$141,2,0) -> ANGULO DE 2" X 1/8" | J56: =VLOOKUP(A56,Materiales!$A$4:$D$141,3,0) -> ML | K56: =0.6*2 -> 1.2 | L56: =VLOOKUP(A56,Materiales!$A$4:$D$141,4,0) -> 9810 | N56: =+K56*L56 -> 11772
A57: SV-1067 | B57: =VLOOKUP(A57,Materiales!$A$4:$D$141,2,0) -> TORNILLOS Y REMACHES | J57: =VLOOKUP(A57,Materiales!$A$4:$D$141,3,0) -> UND. | K57: 4 | L57: =VLOOKUP(A57,Materiales!$A$4:$D$141,4,0) -> 1004 | N57: =+K57*L57 -> 4016
A58: SV-1068 | B58: =VLOOKUP(A58,Materiales!$A$4:$D$141,2,0) -> PINTURA EN POLVO | J58: =VLOOKUP(A58,Materiales!$A$4:$D$141,3,0) -> GALON | K58: 0.05 | L58: =VLOOKUP(A58,Materiales!$A$4:$D$141,4,0) -> 170330 | N58: =+K58*L58 -> 8516.5
A59: SV-1069 | B59: =VLOOKUP(A59,Materiales!$A$4:$D$141,2,0) -> PINTURA ESMALTE | J59: =VLOOKUP(A59,Materiales!$A$4:$D$141,3,0) -> GALON | K59: 0.06 | L59: =VLOOKUP(A59,Materiales!$A$4:$D$141,4,0) -> 59020 | N59: =+K59*L59 -> 3541.2
A60: SV-1070 | B60: =VLOOKUP(A60,Materiales!$A$4:$D$141,2,0) -> SOLDADURA | J60: =VLOOKUP(A60,Materiales!$A$4:$D$141,3,0) -> KG | K60: 0.25 | L60: =VLOOKUP(A60,Materiales!$A$4:$D$141,4,0) -> 7210 | N60: =+K60*L60 -> 1802.5
A61: SV-1071 | B61: =VLOOKUP(A61,Materiales!$A$4:$D$141,2,0) -> CONCRETO CLASE E | J61: =VLOOKUP(A61,Materiales!$A$4:$D$141,3,0) -> M3 | K61: 0.05 | L61: =VLOOKUP(A61,Materiales!$A$4:$D$141,4,0) -> 463800 | N61: =+K61*L61 -> 23190
B63: SUBTOTAL | N63: =SUM(N53:N62) -> 148764.1
B64: III. TRANSPORTES
B65: III. TRANSPORTES
B67: MATERIAL | I67: VOL. o PESO | J67: DISTANCIA | K67: M3 o Ton/Km | L67: TARIFA | N67: Vr. UNITARIO
B68: SEÑAL | N68: 22680
B70: SUBTOTAL | N70: =SUM(N68:N69) -> 22680
B71: IV. MANO DE OBRA
B72: IV. MANO DE OBRA
B74: TRABAJADOR | H74: CANTIDAD | I74: JORNAL | J74: PRESTACIONES | K74: JORNAL TOTAL | L74: RENDIMIENTO | N74: Vr. UNITARIO
A75: MO-SV-001 | B75: =VLOOKUP(A75,'Mano de Obra'!$A$4:$E$80,2,0) -> CORTADOR | H75: 1 | I75: =VLOOKUP(A75,'Mano de Obra'!$A$4:$E$80,3,0) -> 72000 | J75: =VLOOKUP(A75,'Mano de Obra'!$A$4:$E$80,4,0) -> 1.85 | K75: =+H75*I75*J75 -> 133200 | L75: 40 | N75: =+K75/L75 -> 3330
A76: MO-SV-002 | B76: =VLOOKUP(A76,'Mano de Obra'!$A$4:$E$80,2,0) -> SOLDADOR | H76: 1 | I76: =VLOOKUP(A76,'Mano de Obra'!$A$4:$E$80,3,0) -> 88000 | J76: =VLOOKUP(A76,'Mano de Obra'!$A$4:$E$80,4,0) -> 1.85 | K76: =+H76*I76*J76 -> 162800 | L76: 40 | N76: =+K76/L76 -> 4070
A77: MO-SV-003 | B77: =VLOOKUP(A77,'Mano de Obra'!$A$4:$E$80,2,0) -> PINTOR | H77: 1 | I77: =VLOOKUP(A77,'Mano de Obra'!$A$4:$E$80,3,0) -> 72000 | J77: =VLOOKUP(A77,'Mano de Obra'!$A$4:$E$80,4,0) -> 1.85 | K77: =+H77*I77*J77 -> 133200 | L77: 40 | N77: =+K77/L77 -> 3330
A78: MO-SV-004 | B78: =VLOOKUP(A78,'Mano de Obra'!$A$4:$E$80,2,0) -> LAMINADOR | H78: 1 | I78: =VLOOKUP(A78,'Mano de Obra'!$A$4:$E$80,3,0) -> 72000 | J78: =VLOOKUP(A78,'Mano de Obra'!$A$4:$E$80,4,0) -> 1.85 | K78: =+H78*I78*J78 -> 133200 | L78: 40 | N78: =+K78/L78 -> 3330
A79: MO-SV-005 | B79: =VLOOKUP(A79,'Mano de Obra'!$A$4:$E$80,2,0) -> SERIGRAFISTA | H79: 1 | I79: =VLOOKUP(A79,'Mano de Obra'!$A$4:$E$80,3,0) -> 72000 | J79: =VLOOKUP(A79,'Mano de Obra'!$A$4:$E$80,4,0) -> 1.85 | K79: =+H79*I79*J79 -> 133200 | L79: 40 | N79: =+K79/L79 -> 3330
A80: MO-SV-006 | B80: =VLOOKUP(A80,'Mano de Obra'!$A$4:$E$80,2,0) -> AYUDANTE | H80: 2 | I80: =VLOOKUP(A80,'Mano de Obra'!$A$4:$E$80,3,0) -> 28000 | J80: =VLOOKUP(A80,'Mano de Obra'!$A$4:$E$80,4,0) -> 1.85 | K80: =+H80*I80*J80 -> 103600 | L80: 40 | N80: =+K80/L80 -> 2590
A81: MO-SV-007 | B81: =VLOOKUP(A81,'Mano de Obra'!$A$4:$E$80,2,0) -> CUADRILLA DE INSTALÑACIÓN (3) | H81: 1 | I81: =VLOOKUP(A81,'Mano de Obra'!$A$4:$E$80,3,0) -> 83000 | J81: =VLOOKUP(A81,'Mano de Obra'!$A$4:$E$80,4,0) -> 1.85 | K81: =+H81*I81*J81 -> 153550 | L81: 40 | N81: =+K81/L81 -> 3838.75
B84: SUBTOTAL | N84: =SUM(N75:N83) -> 23818.75
B86: TOTAL COSTO DIRECTO | N86: =+N84+N70+N63+N48 -> 225075.93
B87: V. COSTOS INDIRECTOS
B88: V. COSTOS INDIRECTOS
B90: Descripción | K90: Porcentaje | L90: Valor Total
B91: ADMINISTRACION | K91: 0.25 | L91: =+N86*K91 -> 56268.983
B92: IMPREVISTOS | K92: 0.05 | L92: =+N86*K92 -> 11253.797
B93: UTILIDAD | K93: 0.05 | L93: =+N86*K93 -> 11253.797
B94: SUBTOTAL | N94: =SUM(L91:M93) -> 78776.577
B96: Precio Unitario Total Aproximado al peso | N96: =ROUND(N86+N94,0) -> 303853
G100: =+'SV-01'!$G$96 -> Firma
G101: =+'SV-01'!$G$97 -> Nombre:
G102: =+'SV-01'!$G$98 -> Representante Legal del Contratista o su Apoderado
G103: =+'SV-01'!$G$99 -> Matricula No. :
B105: =+'SV-01'!$B$101 -> OBSERVACIONES INTERVENTORÍA
G109: =+'SV-01'!$G$105 -> Firma
G110: =+'SV-01'!$G$106 -> Nombre:
G111: =+'SV-01'!$G$107 -> Representante Legal del Interventor o su Apoderado
G112: =+'SV-01'!$G$108 -> Matricula No. :
B113: =+'SV-01'!$B$109 -> Original: Archivo de Gestión Contractual ( Subdirecciòn Administrativa)
B114: =+'SV-01'!$B$110 -> Copias : Unidad Ejecutora, Contratista, Interventor y Dirección Territorial.

Sheet SV-11
C2: MINISTERIO DE TRANSPORTE | K2: CÓDIGO | L2: MSE--FR-14
C3: INSTITUTO NACIONAL DE VIAS
C4: DIRECCION OPERATIVA | K4: VERSIÓN | L4: 2
C5: PROCESO SUPERVISION, EJECUCION Y SEGUIMIENTO A PROYECTOS
C6: =+'DATOS INICIALES '!B5 -> MANUAL DE INTERVENTORÍA OBRA PUBLICA | K6: PÁGINA | L6: 1 | M6: DE | N6: 1
C8: ANALISIS DE PRECIOS UNITARIOS
K10: FECHA | L10: DD | M10: MM | N10: AA
L11: =+'DATOS INICIALES '!K10 -> XXX | M11: =+'DATOS INICIALES '!L10 -> XXX | N11: =+'DATOS INICIALES '!M10 -> XXX
B12: UNIDAD EJECUTORA: | D12: =+'DATOS INICIALES '!C11 -> XXXXXXXXXX | I12: DIRECCIÓN TERRITORIAL: | J12: =+'DATOS INICIALES '!I11 -> XXXXXXXXXX
B18: CONTRATO No. | D18: =+'DATOS INICIALES '!C17 -> XXXXXXXXXX | G18: DE | H18: =+'DATOS INICIALES '!G17 -> XXXXXXXXXX
B19: OBJETO DEL CONTRATO | D19: =+'DATOS INICIALES '!C18 -> XXXXXXXXXXXXXXXXXXXXXXXXXXXXXXXXXXXXXX
B22: CONTRATISTA : | D22: =+'DATOS INICIALES '!C21 -> XXXXXXXXXX
B24: INTERVENTOR | D24: =+'DATOS INICIALES '!C23 -> XXXXXXXXXX
B26: GESTOR TECNICO DE CONTRATO | E26: =+'DATOS INICIALES '!D25 -> XXXXXXXXXX
B28: FECHA CIERRE DE LICITACIÓN Y/O SELECCIÓN ABREVIADA | G28: =+'DATOS INICIALES '!F27 -> XXXXXXXXXX
B30: DATOS ESPECÍFICOS
B32: ITEM | C32: DESCRIPCIÓN | K32: GRUPO DE AJUSTE | L32: UNIDAD | N32: CANTIDAD
B33: =+'PRESUPUESTO OFICIAL'!#REF! -> #REF! | C33: =+'PRESUPUESTO OFICIAL'!#REF! -> #REF! | L33: =+'PRESUPUESTO OFICIAL'!#REF! -> #REF! | N33: =+'PRESUPUESTO OFICIAL'!#REF! -> #REF!
B34: I. EQUIPO
B35: I. EQUIPO
B37: DESCRIPCIÓN | I37: TIPO | K37: TARIFA/HORA | L37: RENDIMIENTO | N37: Vr. UNITARIO
A38: E-SV-013 | B38: =VLOOKUP(A38,Equipo!$A$4:$D$80,2,0) -> VEHICULO DELINEADOR | K38: =VLOOKUP(A38,Equipo!A4:D80,4,0) -> 105554 | L38: 600 | N38: =+K38/L38 -> 175.92333
A39: E-SV-010 | B39: =VLOOKUP(A39,Equipo!$A$4:$D$80,2,0) -> Camiontta con Platon | K39: =VLOOKUP(A39,Equipo!A5:D81,4,0) -> 31870 | L39: 600 | N39: =+K39/L39 -> 53.116667
A40: E-SV-077 | B40: =VLOOKUP(A40,Equipo!$A$4:$D$80,2,0) -> HERRAMIENTA MENOR | N40: 2.4
B46: SUBTOTAL | N46: =SUM(N38:N45) -> 231.44
B47: II. MATERIALES
B48: II. MATERIALES
B50: DESCRIPCIÓN | J50: UNIDAD | K50: CANTIDAD | L50: PRECIO UNIT. | N50: Vr. UNITARIO
A51: SV-1072 | B51: =VLOOKUP(A51,Materiales!$A$4:$D$141,2,0) -> ESFERAS REFLECTIVAS | J51: =VLOOKUP(A51,Materiales!$A$4:$D$141,3,0) -> LB | K51: 0.09 | L51: =VLOOKUP(A51,Materiales!A4:D141,4,0) -> 1900 | N51: =+K51*L51 -> 171
A52: SV-1078 | B52: =VLOOKUP(A52,Materiales!$A$4:$D$141,2,0) -> RESINA TERMOPLASTICA | J52: =VLOOKUP(A52,Materiales!$A$4:$D$141,3,0) -> KG | K52: 0.64 | L52: =VLOOKUP(A52,Materiales!A5:D142,4,0) -> 4230 | N52: =+K52*L52 -> 2707.2
B56: SUBTOTAL | N56: =SUM(N51:N55) -> 2878.2
B57: III. TRANSPORTES
B58: III. TRANSPORTES
B60: MATERIAL | I60: VOL. o PESO | J60: DISTANCIA | K60: M3 o Ton/Km | L60: TARIFA | N60: Vr. UNITARIO
N61: =+L61*K61 -> 0
B63: SUBTOTAL | N63: =SUM(N61:N62) -> 0
B64: IV. MANO DE OBRA
B65: IV. MANO DE OBRA
B67: TRABAJADOR | H67: CANTIDAD | I67: JORNAL | J67: PRESTACIONES | K67: JORNAL TOTAL | L67: RENDIMIENTO | N67: Vr. UNITARIO
A68: MO-SV-012 | B68: =VLOOKUP(A68,'Mano de Obra'!$A$4:$E$80,2,0) -> OPERADOR DE EQUIPO | H68: 2 | I68: =VLOOKUP(A68,'Mano de Obra'!$A$4:$E$80,3,0) -> 72000 | J68: =VLOOKUP(A68,'Mano de Obra'!$A$4:$E$80,4,0) -> 1.85 | K68: =+H68*I68*J68 -> 266400 | L68: 320 | N68: =+K68/L68 -> 832.5
A69: MO-SV-006 | B69: =VLOOKUP(A69,'Mano de Obra'!$A$4:$E$80,2,0) -> AYUDANTE | H69: 4 | I69: =VLOOKUP(A69,'Mano de Obra'!$A$4:$E$80,3,0) -> 28000 | J69: =VLOOKUP(A69,'Mano de Obra'!$A$4:$E$80,4,0) -> 1.85 | K69: =+H69*I69*J69 -> 207200 | L69: 320 | N69: =+K69/L69 -> 647.5
B74: SUBTOTAL | N74: =SUM(N68:N73) -> 1480
B76: TOTAL COSTO DIRECTO | N76: =+N74+N63+N56+N46 -> 4589.64
B77: V. COSTOS INDIRECTOS
B78: V. COSTOS INDIRECTOS
B80: Descripción | K80: Porcentaje | L80: Valor Total
B81: ADMINISTRACION | K81: 0.25 | L81: =+N76*K81 -> 1147.41
B82: IMPREVISTOS | K82: 0.05 | L82: =+N76*K82 -> 229.482
B83: UTILIDAD | K83: 0.05 | L83: =+N76*K83 -> 229.482
B84: SUBTOTAL | N84: =SUM(L81:M83) -> 1606.374
B86: Precio Unitario Total Aproximado al peso | N86: =ROUND(N76+N84,0) -> 6196
G90: =+'SV-01'!$G$96 -> Firma
G91: =+'SV-01'!$G$97 -> Nombre:
G92: =+'SV-01'!$G$98 -> Representante Legal del Contratista o su Apoderado
G93: =+'SV-01'!$G$99 -> Matricula No. :
B95: =+'SV-01'!$B$101 -> OBSERVACIONES INTERVENTORÍA
G99: =+'SV-01'!$G$105 -> Firma
G100: =+'SV-01'!$G$106 -> Nombre:
G101: =+'SV-01'!$G$107 -> Representante Legal del Interventor o su Apoderado
G102: =+'SV-01'!$G$108 -> Matricula No. :
B103: =+'SV-01'!$B$109 -> Original: Archivo de Gestión Contractual ( Subdirecciòn Administrativa)
B104: =+'SV-01'!$B$110 -> Copias : Unidad Ejecutora, Contratista, Interventor y Dirección Territorial.

Sheet SV-12
C2: MINISTERIO DE TRANSPORTE | K2: CÓDIGO | L2: MSE--FR-14
C3: INSTITUTO NACIONAL DE VIAS
C4: DIRECCION OPERATIVA | K4: VERSIÓN | L4: 2
C5: PROCESO SUPERVISION, EJECUCION Y SEGUIMIENTO A PROYECTOS
C6: =+'DATOS INICIALES '!B5 -> MANUAL DE INTERVENTORÍA OBRA PUBLICA | K6: PÁGINA | L6: 1 | M6: DE | N6: 1
C8: ANALISIS DE PRECIOS UNITARIOS
K10: FECHA | L10: DD | M10: MM | N10: AA
L11: =+'DATOS INICIALES '!K10 -> XXX | M11: =+'DATOS INICIALES '!L10 -> XXX | N11: =+'DATOS INICIALES '!M10 -> XXX
B12: UNIDAD EJECUTORA: | D12: =+'DATOS INICIALES '!C11 -> XXXXXXXXXX | I12: DIRECCIÓN TERRITORIAL: | J12: =+'DATOS INICIALES '!I11 -> XXXXXXXXXX
B18: CONTRATO No. | D18: =+'DATOS INICIALES '!C17 -> XXXXXXXXXX | G18: DE | H18: =+'DATOS INICIALES '!G17 -> XXXXXXXXXX
B19: OBJETO DEL CONTRATO | D19: =+'DATOS INICIALES '!C18 -> XXXXXXXXXXXXXXXXXXXXXXXXXXXXXXXXXXXXXX
B22: CONTRATISTA : | D22: =+'DATOS INICIALES '!C21 -> XXXXXXXXXX
B24: INTERVENTOR | D24: =+'DATOS INICIALES '!C23 -> XXXXXXXXXX
B26: GESTOR TECNICO DE CONTRATO | E26: =+'DATOS INICIALES '!D25 -> XXXXXXXXXX
B28: FECHA CIERRE DE LICITACIÓN Y/O SELECCIÓN ABREVIADA | G28: =+'DATOS INICIALES '!F27 -> XXXXXXXXXX
B30: DATOS ESPECÍFICOS
B32: ITEM | C32: DESCRIPCIÓN | K32: GRUPO DE AJUSTE | L32: UNIDAD | N32: CANTIDAD
B33: =+'PRESUPUESTO OFICIAL'!D17 -> SV-12 | C33: =+'PRESUPUESTO OFICIAL'!G17 -> LÍNEA DEMARCACION EN PINTURA ACRILICA CON MICROESFERAS | L33: =+'PRESUPUESTO OFICIAL'!H17 -> M | N33: =+'PRESUPUESTO OFICIAL'!I17 -> 15000
B34: I. EQUIPO
B37: DESCRIPCIÓN | I37: TIPO | K37: TARIFA/HORA | L37: RENDIMIENTO | N37: Vr. UNITARIO
A38: E-SV-013 | B38: =VLOOKUP(A38,Equipo!$A$4:$D$80,2,0) -> VEHICULO DELINEADOR | K38: =VLOOKUP(A38,Equipo!$A$4:$D$80,4,0) -> 105554 | L38: 12000 | N38: =+K38/L38 -> 8.7961667
A39: E-SV-010 | B39: =VLOOKUP(A39,Equipo!$A$4:$D$80,2,0) -> Camiontta con Platon | K39: =VLOOKUP(A39,Equipo!$A$4:$D$80,4,0) -> 31870 | L39: 12000 | N39: =+K39/L39 -> 2.6558333
A40: E-SV-077 | B40: =VLOOKUP(A40,Equipo!$A$4:$D$80,2,0) -> HERRAMIENTA MENOR | N40: 0.12
B47: SUBTOTAL | N47: =SUM(N38:N46) -> 11.572
B48: II. MATERIALES
B51: DESCRIPCIÓN | J51: UNIDAD | K51: CANTIDAD | L51: PRECIO UNIT. | N51: Vr. UNITARIO
A52: SV-1072 | B52: =VLOOKUP(A52,Materiales!$A$4:$D$141,2,0) -> ESFERAS REFLECTIVAS | J52: =VLOOKUP(A52,Materiales!$A$4:$D$141,3,0) -> LB | K52: 0.09 | L52: =VLOOKUP(A52,Materiales!$A$4:$D$141,4,0) -> 1900 | N52: =+K52*L52 -> 171
A53: SV-1073 | B53: =VLOOKUP(A53,Materiales!$A$4:$D$141,2,0) -> PINTURA ACRILICA PURA PARA TRAFICO | J53: =VLOOKUP(A53,Materiales!$A$4:$D$141,3,0) -> GALON | K53: 0.011 | L53: 64000 | N53: =+K53*L53 -> 704
B60: SUBTOTAL | N60: =SUM(N52:N59) -> 875
B61: III. TRANSPORTES
B64: MATERIAL | I64: VOL. o PESO | J64: DISTANCIA | K64: M3 o Ton/Km | L64: TARIFA | N64: Vr. UNITARIO
B67: SUBTOTAL | N67: =SUM(N65:N66) -> 0
B68: IV. MANO DE OBRA
B69: IV. MANO DE OBRA
B71: TRABAJADOR | H71: CANTIDAD | I71: JORNAL | J71: PRESTACIONES | K71: JORNAL TOTAL | L71: RENDIMIENTO | N71: Vr. UNITARIO
A72: MO-SV-012 | B72: =VLOOKUP(A72,'Mano de Obra'!$A$4:$E$80,2,0) -> OPERADOR DE EQUIPO | H72: 1 | I72: =VLOOKUP(A72,'Mano de Obra'!$A$4:$E$80,3,0) -> 72000 | J72: =VLOOKUP(A72,'Mano de Obra'!$A$4:$E$80,4,0) -> 1.85 | K72: =+H72*I72*J72 -> 133200 | L72: 520 | N72: =+K72/L72 -> 256.15385
A73: MO-SV-006 | B73: =VLOOKUP(A73,'Mano de Obra'!$A$4:$E$80,2,0) -> AYUDANTE | H73: 4 | I73: =VLOOKUP(A73,'Mano de Obra'!$A$4:$E$80,3,0) -> 28000 | J73: =VLOOKUP(A73,'Mano de Obra'!$A$4:$E$80,4,0) -> 1.85 | K73: =+H73*I73*J73 -> 207200 | L73: 520 | N73: =+K73/L73 -> 398.46154
B80: SUBTOTAL | N80: =SUM(N72:N79) -> 654.61538
B82: TOTAL COSTO DIRECTO | N82: =+N80+N67+N60+N47 -> 1541.1874
B83: V. COSTOS INDIRECTOS
B84: V. COSTOS INDIRECTOS
B86: Descripción | K86: Porcentaje | L86: Valor Total
B87: ADMINISTRACION | K87: 0.25 | L87: =+N82*K87 -> 385.29685
B88: IMPREVISTOS | K88: 0.05 | L88: =+N82*K88 -> 77.059369
B89: UTILIDAD | K89: 0.05 | L89: =+N82*K89 -> 77.059369
B90: SUBTOTAL | N90: =SUM(L87:M89) -> 539.41558
B92: Precio Unitario Total Aproximado al peso | N92: =ROUND(N82+N90,0) -> 2081
G96: =+'SV-01'!$G$96 -> Firma
G97: =+'SV-01'!$G$97 -> Nombre:
G98: =+'SV-01'!$G$98 -> Representante Legal del Contratista o su Apoderado
G99: =+'SV-01'!$G$99 -> Matricula No. :
B101: =+'SV-01'!$B$101 -> OBSERVACIONES INTERVENTORÍA
G105: =+'SV-01'!$G$105 -> Firma
G106: =+'SV-01'!$G$106 -> Nombre:
G107: =+'SV-01'!$G$107 -> Representante Legal del Interventor o su Apoderado
G108: =+'SV-01'!$G$108 -> Matricula No. :
B109: =+'SV-01'!$B$109 -> Original: Archivo de Gestión Contractual ( Subdirecciòn Administrativa)
B110: =+'SV-01'!$B$110 -> Copias : Unidad Ejecutora, Contratista, Interventor y Dirección Territorial.

Sheet SV-13
C2: MINISTERIO DE TRANSPORTE | K2: CÓDIGO | L2: MSE--FR-14
C3: INSTITUTO NACIONAL DE VIAS
C4: DIRECCION OPERATIVA | K4: VERSIÓN | L4: 2
C5: PROCESO SUPERVISION, EJECUCION Y SEGUIMIENTO A PROYECTOS
C6: =+'DATOS INICIALES '!B5 -> MANUAL DE INTERVENTORÍA OBRA PUBLICA | K6: PÁGINA | L6: 1 | M6: DE | N6: 1
C8: ANALISIS DE PRECIOS UNITARIOS
K10: FECHA | L10: DD | M10: MM | N10: AA
L11: =+'DATOS INICIALES '!K10 -> XXX | M11: =+'DATOS INICIALES '!L10 -> XXX | N11: =+'DATOS INICIALES '!M10 -> XXX
B12: UNIDAD EJECUTORA: | D12: =+'DATOS INICIALES '!C11 -> XXXXXXXXXX | I12: DIRECCIÓN TERRITORIAL: | J12: =+'DATOS INICIALES '!I11 -> XXXXXXXXXX
B18: CONTRATO No. | D18: =+'DATOS INICIALES '!C17 -> XXXXXXXXXX | G18: DE | H18: =+'DATOS INICIALES '!G17 -> XXXXXXXXXX
B19: OBJETO DEL CONTRATO | D19: =+'DATOS INICIALES '!C18 -> XXXXXXXXXXXXXXXXXXXXXXXXXXXXXXXXXXXXXX
B22: CONTRATISTA : | D22: =+'DATOS INICIALES '!C21 -> XXXXXXXXXX
B24: INTERVENTOR | D24: =+'DATOS INICIALES '!C23 -> XXXXXXXXXX
B26: GESTOR TECNICO DE CONTRATO | E26: =+'DATOS INICIALES '!D25 -> XXXXXXXXXX
B28: FECHA CIERRE DE LICITACIÓN Y/O SELECCIÓN ABREVIADA | G28: =+'DATOS INICIALES '!F27 -> XXXXXXXXXX
B30: DATOS ESPECÍFICOS
B32: ITEM | C32: DESCRIPCIÓN | K32: GRUPO DE AJUSTE | L32: UNIDAD | N32: CANTIDAD
B33: =+'PRESUPUESTO OFICIAL'!#REF! -> #REF! | C33: =+'PRESUPUESTO OFICIAL'!#REF! -> #REF! | L33: =+'PRESUPUESTO OFICIAL'!#REF! -> #REF! | N33: =+'PRESUPUESTO OFICIAL'!#REF! -> #REF!
B34: I. EQUIPO
B35: I. EQUIPO
B37: DESCRIPCIÓN | I37: TIPO | K37: TARIFA/HORA | L37: RENDIMIENTO | N37: Vr. UNITARIO
A38: E-SV-013 | B38: =VLOOKUP(A38,Equipo!$A$4:$D$80,2,0) -> VEHICULO DELINEADOR | K38: =VLOOKUP(A38,Equipo!$A$4:$D$80,4,0) -> 105554 | L38: 500 | N38: =+K38/L38 -> 211.108
A39: E-SV-010 | B39: =VLOOKUP(A39,Equipo!$A$4:$D$80,2,0) -> Camiontta con Platon | K39: =VLOOKUP(A39,Equipo!$A$4:$D$80,4,0) -> 31870 | L39: 500 | N39: =+K39/L39 -> 63.74
A40: E-SV-077 | B40: =VLOOKUP(A40,Equipo!$A$4:$D$80,2,0) -> HERRAMIENTA MENOR | N40: 25
B47: SUBTOTAL | N47: =SUM(N38:N46) -> 299.848
B48: II. MATERIALES
B49: II. MATERIALES
B51: DESCRIPCIÓN | J51: UNIDAD | K51: CANTIDAD | L51: PRECIO UNIT. | N51: Vr. UNITARIO
A52: SV-1072 | B52: =VLOOKUP(A52,Materiales!$A$4:$D$141,2,0) -> ESFERAS REFLECTIVAS | J52: =VLOOKUP(A52,Materiales!$A$4:$D$141,3,0) -> LB | K52: 0.09 | L52: =VLOOKUP(A52,Materiales!$A$4:$D$141,4,0) -> 1900 | N52: =+K52*L52 -> 171 | O52: =0.1016*0.3048 -> 0.03096768 | P52: =+O52*3.28 -> 0.10157399
A53: SV-1078 | B53: =VLOOKUP(A53,Materiales!$A$4:$D$141,2,0) -> RESINA TERMOPLASTICA | J53: =VLOOKUP(A53,Materiales!$A$4:$D$141,3,0) -> KG | K53: 0.69 | L53: =VLOOKUP(A53,Materiales!$A$4:$D$141,4,0) -> 4230 | N53: =+K53*L53 -> 2918.7 | O53: =100/30.48 -> 3.2808399 | P53: =1.62/0.22 -> 7.3636364
P54: =+P53*4190*3.71 -> 114466.99
P55: =0.3564/0.22 -> 1.62
P56: =4190*0.22 -> 921.8
P57: =+P56*4.54 -> 4184.972
B61: SUBTOTAL | N61: =SUM(N52:N60) -> 3089.7
B62: III. TRANSPORTES
B63: III. TRANSPORTES
B65: MATERIAL | I65: VOL. o PESO | J65: DISTANCIA | K65: M3 o Ton/Km | L65: TARIFA | N65: Vr. UNITARIO
N66: =+L66*K66 -> 0
B68: SUBTOTAL | N68: =SUM(N66:N67) -> 0
B69: IV. MANO DE OBRA
B70: IV. MANO DE OBRA
B72: TRABAJADOR | H72: CANTIDAD | I72: JORNAL | J72: PRESTACIONES | K72: JORNAL TOTAL | L72: RENDIMIENTO | N72: Vr. UNITARIO
A73: MO-SV-012 | B73: =VLOOKUP(A73,'Mano de Obra'!$A$4:$E$80,2,0) -> OPERADOR DE EQUIPO | H73: 2 | I73: =VLOOKUP(A73,'Mano de Obra'!$A$4:$E$80,3,0) -> 72000 | J73: =VLOOKUP(A73,'Mano de Obra'!$A$4:$E$80,4,0) -> 1.85 | K73: =+H73*I73*J73 -> 266400 | L73: 500 | N73: =+K73/L73 -> 532.8
A74: MO-SV-006 | B74: =VLOOKUP(A74,'Mano de Obra'!$A$4:$E$80,2,0) -> AYUDANTE | H74: 4 | I74: =VLOOKUP(A74,'Mano de Obra'!$A$4:$E$80,3,0) -> 28000 | J74: =VLOOKUP(A74,'Mano de Obra'!$A$4:$E$80,4,0) -> 1.85 | K74: =+H74*I74*J74 -> 207200 | L74: 500 | N74: =+K74/L74 -> 414.4
B83: SUBTOTAL | N83: =SUM(N73:N82) -> 947.2
B85: TOTAL COSTO DIRECTO | N85: =+N83+N68+N61+N47 -> 4336.748
B86: V. COSTOS INDIRECTOS
B87: V. COSTOS INDIRECTOS
B89: Descripción | K89: Porcentaje | L89: Valor Total
B90: ADMINISTRACION | K90: 0.25 | L90: =+N85*K90 -> 1084.187
B91: IMPREVISTOS | K91: 0.05 | L91: =+N85*K91 -> 216.8374
B92: UTILIDAD | K92: 0.05 | L92: =+N85*K92 -> 216.8374
B93: SUBTOTAL | N93: =SUM(L90:M92) -> 1517.8618
B95: Precio Unitario Total Aproximado al peso | N95: =ROUND(N85+N93,0) -> 5855
O98: 16.2 | P98: =1620*0.22 -> 356.4
G99: =+'SV-01'!$G$96 -> Firma | O99: 4190
G100: =+'SV-01'!$G$97 -> Nombre: | O100: =+O98*O99 -> 67878 | P100: =+P98*O99 -> 1493316
G101: =+'SV-01'!$G$98 -> Representante Legal del Contratista o su Apoderado
G102: =+'SV-01'!$G$99 -> Matricula No. :
B104: =+'SV-01'!$B$101 -> OBSERVACIONES INTERVENTORÍA
G108: =+'SV-01'!$G$105 -> Firma
G109: =+'SV-01'!$G$106 -> Nombre:
G110: =+'SV-01'!$G$107 -> Representante Legal del Interventor o su Apoderado
G111: =+'SV-01'!$G$108 -> Matricula No. :
B112: =+'SV-01'!$B$109 -> Original: Archivo de Gestión Contractual ( Subdirecciòn Administrativa)
B113: =+'SV-01'!$B$110 -> Copias : Unidad Ejecutora, Contratista, Interventor y Dirección Territorial.

Sheet SV-14
C2: MINISTERIO DE TRANSPORTE | K2: CÓDIGO | L2: MSE--FR-14
C3: INSTITUTO NACIONAL DE VIAS
C4: DIRECCION OPERATIVA | K4: VERSIÓN | L4: 2
C5: PROCESO SUPERVISION, EJECUCION Y SEGUIMIENTO A PROYECTOS
C6: =+'DATOS INICIALES '!B5 -> MANUAL DE INTERVENTORÍA OBRA PUBLICA | K6: PÁGINA | L6: 1 | M6: DE | N6: 1
C8: ANALISIS DE PRECIOS UNITARIOS
K10: FECHA | L10: DD | M10: MM | N10: AA
L11: =+'DATOS INICIALES '!K10 -> XXX | M11: =+'DATOS INICIALES '!L10 -> XXX | N11: =+'DATOS INICIALES '!M10 -> XXX
B12: UNIDAD EJECUTORA: | D12: =+'DATOS INICIALES '!C11 -> XXXXXXXXXX | I12: DIRECCIÓN TERRITORIAL: | J12: =+'DATOS INICIALES '!I11 -> XXXXXXXXXX
B18: CONTRATO No. | D18: =+'DATOS INICIALES '!C17 -> XXXXXXXXXX | G18: DE | H18: =+'DATOS INICIALES '!G17 -> XXXXXXXXXX
B19: OBJETO DEL CONTRATO | D19: =+'DATOS INICIALES '!C18 -> XXXXXXXXXXXXXXXXXXXXXXXXXXXXXXXXXXXXXX
B22: CONTRATISTA : | D22: =+'DATOS INICIALES '!C21 -> XXXXXXXXXX
B24: INTERVENTOR | D24: =+'DATOS INICIALES '!C23 -> XXXXXXXXXX
B26: GESTOR TECNICO DE CONTRATO | E26: =+'DATOS INICIALES '!D25 -> XXXXXXXXXX
B28: FECHA CIERRE DE LICITACIÓN Y/O SELECCIÓN ABREVIADA | G28: =+'DATOS INICIALES '!F27 -> XXXXXXXXXX
B30: DATOS ESPECÍFICOS
B32: ITEM | C32: DESCRIPCIÓN | K32: GRUPO DE AJUSTE | L32: UNIDAD | N32: CANTIDAD
B33: =+'PRESUPUESTO OFICIAL'!#REF! -> #REF! | C33: =+'PRESUPUESTO OFICIAL'!#REF! -> #REF! | L33: =+'PRESUPUESTO OFICIAL'!#REF! -> #REF! | N33: =+'PRESUPUESTO OFICIAL'!#REF! -> #REF!
B34: I. EQUIPO
B35: I. EQUIPO
B37: DESCRIPCIÓN | I37: TIPO | K37: TARIFA/HORA | L37: RENDIMIENTO | N37: Vr. UNITARIO
A38: E-SV-001 | B38: =+VLOOKUP(A38,Equipo!$A$4:$D$80,2,0) -> CORTADORA DE LÁMINA | K38: =VLOOKUP(A38,Equipo!$A$4:$D$80,4,0) -> 20339 | L38: 0.5 | N38: =+K38/L38 -> 40678 | O38: =0.5*2 -> 1
A39: E-SV-002 | B39: =+VLOOKUP(A39,Equipo!$A$4:$D$80,2,0) -> CORTADORA DE ANGULO | K39: =VLOOKUP(A39,Equipo!$A$4:$D$80,4,0) -> 20339 | L39: 0.5 | M39: 0.5 | N39: =+K39/L39 -> 40678
A40: E-SV-003 | B40: =+VLOOKUP(A40,Equipo!$A$4:$D$80,2,0) -> EQUIPO DE SOLDADURA | K40: =VLOOKUP(A40,Equipo!$A$4:$D$80,4,0) -> 16271 | L40: 0.5 | M40: 0.5 | N40: =+K40/L40 -> 32542
A41: E-SV-004 | B41: =+VLOOKUP(A41,Equipo!$A$4:$D$80,2,0) -> EQUIPO DE PINTURA | K41: =VLOOKUP(A41,Equipo!$A$4:$D$80,4,0) -> 20339 | L41: 0.5 | M41: 0.5 | N41: =+K41/L41 -> 40678
A42: E-SV-005 | B42: =+VLOOKUP(A42,Equipo!$A$4:$D$80,2,0) -> EQUIPO DE SERIGRAFÍA | K42: =VLOOKUP(A42,Equipo!$A$4:$D$80,4,0) -> 13574 | L42: 0.5 | M42: 0.5 | N42: =+K42/L42 -> 27148
A43: E-SV-006 | B43: =+VLOOKUP(A43,Equipo!$A$4:$D$80,2,0) -> EQUIPO DE LAMINACIÓN | K43: =VLOOKUP(A43,Equipo!$A$4:$D$80,4,0) -> 8003 | L43: 0.5 | M43: 0.5 | N43: =+K43/L43 -> 16006
A44: E-SV-007 | B44: =+VLOOKUP(A44,Equipo!$A$4:$D$80,2,0) -> TALADRO | K44: =VLOOKUP(A44,Equipo!$A$4:$D$80,4,0) -> 2715 | L44: 0.5 | M44: 0.5 | N44: =+K44/L44 -> 5430
A45: E-SV-077 | B45: =+VLOOKUP(A45,Equipo!$A$4:$D$80,2,0) -> HERRAMIENTA MENOR | N45: 15000
B47: SUBTOTAL | N47: =SUM(N38:N46) -> 218160
B48: II. MATERIALES
B49: II. MATERIALES
B51: DESCRIPCIÓN | J51: UNIDAD | K51: CANTIDAD | L51: PRECIO UNIT. | N51: Vr. UNITARIO
A52: SV-1080 | B52: =VLOOKUP(A52,Materiales!$A$4:$D$141,2,0) -> LÁMINA GALVANIZADA CAL 20 | J52: =VLOOKUP(A52,Materiales!$A$4:$D$141,3,0) -> M2 | K52: 2.05 | L52: =VLOOKUP(A52,Materiales!$A$4:$D$141,4,0) -> 56860 | N52: =+K52*L52 -> 116563
A53: SV-1064 | B53: =VLOOKUP(A53,Materiales!$A$4:$D$141,2,0) -> PAPEL REFLECTIVO TIPO III | J53: =VLOOKUP(A53,Materiales!$A$4:$D$141,3,0) -> M2 | K53: 2.05 | L53: =VLOOKUP(A53,Materiales!$A$4:$D$141,4,0) -> 48400 | N53: =+K53*L53 -> 99220
A54: SV-1081 | B54: =VLOOKUP(A54,Materiales!$A$4:$D$141,2,0) -> TUBO GALVANIZADO DE 4" DE DIÁMETRO | J54: =VLOOKUP(A54,Materiales!$A$4:$D$141,3,0) -> m | K54: 7.1 | L54: =VLOOKUP(A54,Materiales!$A$4:$D$141,4,0) -> 34140 | N54: =+K54*L54 -> 242394
A55: SV-1082 | B55: =VLOOKUP(A55,Materiales!$A$4:$D$141,2,0) -> TUBO GALVANIZADO DE 1 1/2" DE DIAMETRO | J55: =VLOOKUP(A55,Materiales!$A$4:$D$141,3,0) -> m | K55: 4.2 | L55: =VLOOKUP(A55,Materiales!$A$4:$D$141,4,0) -> 22380 | N55: =+K55*L55 -> 93996
A56: SV-1067 | B56: =VLOOKUP(A56,Materiales!$A$4:$D$141,2,0) -> TORNILLOS Y REMACHES | J56: =VLOOKUP(A56,Materiales!$A$4:$D$141,3,0) -> UND. | K56: 8 | L56: =VLOOKUP(A56,Materiales!$A$4:$D$141,4,0) -> 1004 | N56: =+K56*L56 -> 8032
A57: SV-1068 | B57: =VLOOKUP(A57,Materiales!$A$4:$D$141,2,0) -> PINTURA EN POLVO | J57: =VLOOKUP(A57,Materiales!$A$4:$D$141,3,0) -> GALON | K57: 0.39 | L57: =VLOOKUP(A57,Materiales!$A$4:$D$141,4,0) -> 170330 | N57: =+K57*L57 -> 66428.7
A58: SV-1069 | B58: =VLOOKUP(A58,Materiales!$A$4:$D$141,2,0) -> PINTURA ESMALTE | J58: =VLOOKUP(A58,Materiales!$A$4:$D$141,3,0) -> GALON | K58: 0.275 | L58: =VLOOKUP(A58,Materiales!$A$4:$D$141,4,0) -> 59020 | N58: =+K58*L58 -> 16230.5
A59: SV-1070 | B59: =VLOOKUP(A59,Materiales!$A$4:$D$141,2,0) -> SOLDADURA | J59: =VLOOKUP(A59,Materiales!$A$4:$D$141,3,0) -> KG | K59: 2.5 | L59: =VLOOKUP(A59,Materiales!$A$4:$D$141,4,0) -> 7210 | N59: =+K59*L59 -> 18025
A60: SV-1071 | B60: =VLOOKUP(A60,Materiales!$A$4:$D$141,2,0) -> CONCRETO CLASE E | J60: =VLOOKUP(A60,Materiales!$A$4:$D$141,3,0) -> M3 | K60: 0.5 | L60: =VLOOKUP(A60,Materiales!$A$4:$D$141,4,0) -> 463800 | N60: =+K60*L60 -> 231900
B62: SUBTOTAL | N62: =SUM(N52:N61) -> 892789.2
B63: III. TRANSPORTES
B64: III. TRANSPORTES
B66: MATERIAL | I66: VOL. o PESO | J66: DISTANCIA | K66: M3 o Ton/Km | L66: TARIFA | N66: Vr. UNITARIO
B67: TRANSPORTE DE SEÑAL | L67: 300000 | N67: =+L67 -> 300000
B69: SUBTOTAL | N69: =SUM(N67:N68) -> 300000
B70: IV. MANO DE OBRA
B71: IV. MANO DE OBRA
B73: TRABAJADOR | H73: CANTIDAD | I73: JORNAL | J73: PRESTACIONES | K73: JORNAL TOTAL | L73: RENDIMIENTO | N73: Vr. UNITARIO
A74: MO-SV-001 | B74: =VLOOKUP(A74,'Mano de Obra'!$A$4:$E$80,2,1) -> CORTADOR | H74: 1 | I74: =VLOOKUP(A74,'Mano de Obra'!$A$4:$E$80,3,0) -> 72000 | J74: =VLOOKUP(A74,'Mano de Obra'!$A$4:$E$80,4,0) -> 1.85 | K74: =+H74*I74*J74 -> 133200 | L74: 3 | N74: =+K74/L74 -> 44400
A75: MO-SV-002 | B75: =VLOOKUP(A75,'Mano de Obra'!$A$4:$E$80,2,1) -> SOLDADOR | H75: 1 | I75: =VLOOKUP(A75,'Mano de Obra'!$A$4:$E$80,3,0) -> 88000 | J75: =VLOOKUP(A75,'Mano de Obra'!$A$4:$E$80,4,0) -> 1.85 | K75: =+H75*I75*J75 -> 162800 | L75: 3 | N75: =+K75/L75 -> 54266.667
A76: MO-SV-003 | B76: =VLOOKUP(A76,'Mano de Obra'!$A$4:$E$80,2,1) -> PINTOR | H76: 1 | I76: =VLOOKUP(A76,'Mano de Obra'!$A$4:$E$80,3,0) -> 72000 | J76: =VLOOKUP(A76,'Mano de Obra'!$A$4:$E$80,4,0) -> 1.85 | K76: =+H76*I76*J76 -> 133200 | L76: 3 | N76: =+K76/L76 -> 44400
A77: MO-SV-004 | B77: =VLOOKUP(A77,'Mano de Obra'!$A$4:$E$80,2,1) -> LAMINADOR | H77: 1 | I77: =VLOOKUP(A77,'Mano de Obra'!$A$4:$E$80,3,0) -> 72000 | J77: =VLOOKUP(A77,'Mano de Obra'!$A$4:$E$80,4,0) -> 1.85 | K77: =+H77*I77*J77 -> 133200 | L77: 3 | N77: =+K77/L77 -> 44400
A78: MO-SV-005 | B78: =VLOOKUP(A78,'Mano de Obra'!$A$4:$E$80,2,1) -> SERIGRAFISTA | H78: 1 | I78: =VLOOKUP(A78,'Mano de Obra'!$A$4:$E$80,3,0) -> 72000 | J78: =VLOOKUP(A78,'Mano de Obra'!$A$4:$E$80,4,0) -> 1.85 | K78: =+H78*I78*J78 -> 133200 | L78: 3 | N78: =+K78/L78 -> 44400
A79: MO-SV-006 | B79: =VLOOKUP(A79,'Mano de Obra'!$A$4:$E$80,2,1) -> AYUDANTE | H79: 2 | I79: =VLOOKUP(A79,'Mano de Obra'!$A$4:$E$80,3,0) -> 28000 | J79: =VLOOKUP(A79,'Mano de Obra'!$A$4:$E$80,4,0) -> 1.85 | K79: =+H79*I79*J79 -> 103600 | L79: 3 | N79: =+K79/L79 -> 34533.333
A80: MO-SV-007 | B80: =VLOOKUP(A80,'Mano de Obra'!$A$4:$E$80,2,1) -> CUADRILLA DE INSTALÑACIÓN (3) | H80: 1 | I80: =VLOOKUP(A80,'Mano de Obra'!$A$4:$E$80,3,0) -> 83000 | J80: =VLOOKUP(A80,'Mano de Obra'!$A$4:$E$80,4,0) -> 1.85 | K80: =+H80*I80*J80 -> 153550 | L80: 3 | N80: =+K80/L80 -> 51183.333
B83: SUBTOTAL | N83: =SUM(N74:N82) -> 317583.33
B85: TOTAL COSTO DIRECTO | N85: =+N83+N69+N62+N47 -> 1728532.5
B86: V. COSTOS INDIRECTOS
B87: V. COSTOS INDIRECTOS
B89: Descripción | K89: Porcentaje | L89: Valor Total
B90: ADMINISTRACION | K90: 0.25 | L90: =+N85*K90 -> 432133.13
B91: IMPREVISTOS | K91: 0.05 | L91: =+N85*K91 -> 86426.627
B92: UTILIDAD | K92: 0.05 | L92: =+N85*K92 -> 86426.627
B93: SUBTOTAL | N93: =SUM(L90:M92) -> 604986.39
B95: Precio Unitario Total Aproximado al peso | N95: =ROUND(N85+N93,0) -> 2333519
G99: =+'SV-01'!$G$96 -> Firma
G100: =+'SV-01'!$G$97 -> Nombre:
G101: =+'SV-01'!$G$98 -> Representante Legal del Contratista o su Apoderado
G102: =+'SV-01'!$G$99 -> Matricula No. :
B104: =+'SV-01'!$B$101 -> OBSERVACIONES INTERVENTORÍA
G108: =+'SV-01'!$G$105 -> Firma
G109: =+'SV-01'!$G$106 -> Nombre:
G110: =+'SV-01'!$G$107 -> Representante Legal del Interventor o su Apoderado
G111: =+'SV-01'!$G$108 -> Matricula No. :
B112: =+'SV-01'!$B$109 -> Original: Archivo de Gestión Contractual ( Subdirecciòn Administrativa)
B113: =+'SV-01'!$B$110 -> Copias : Unidad Ejecutora, Contratista, Interventor y Dirección Territorial.

Sheet SV-15
C2: MINISTERIO DE TRANSPORTE | K2: CÓDIGO | L2: MSE--FR-14
C3: INSTITUTO NACIONAL DE VIAS
C4: DIRECCION OPERATIVA | K4: VERSIÓN | L4: 2
C5: PROCESO SUPERVISION, EJECUCION Y SEGUIMIENTO A PROYECTOS
C6: =+'DATOS INICIALES '!B5 -> MANUAL DE INTERVENTORÍA OBRA PUBLICA | K6: PÁGINA | L6: 1 | M6: DE | N6: 1
C8: ANALISIS DE PRECIOS UNITARIOS
K10: FECHA | L10: DD | M10: MM | N10: AA
L11: =+'DATOS INICIALES '!K10 -> XXX | M11: =+'DATOS INICIALES '!L10 -> XXX | N11: =+'DATOS INICIALES '!M10 -> XXX
B12: UNIDAD EJECUTORA: | D12: =+'DATOS INICIALES '!C11 -> XXXXXXXXXX | I12: DIRECCIÓN TERRITORIAL: | J12: =+'DATOS INICIALES '!I11 -> XXXXXXXXXX
B18: CONTRATO No. | D18: =+'DATOS INICIALES '!C17 -> XXXXXXXXXX | G18: DE | H18: =+'DATOS INICIALES '!G17 -> XXXXXXXXXX
B19: OBJETO DEL CONTRATO | D19: =+'DATOS INICIALES '!C18 -> XXXXXXXXXXXXXXXXXXXXXXXXXXXXXXXXXXXXXX
B22: CONTRATISTA : | D22: =+'DATOS INICIALES '!C21 -> XXXXXXXXXX
B24: INTERVENTOR | D24: =+'DATOS INICIALES '!C23 -> XXXXXXXXXX
B26: GESTOR TECNICO DE CONTRATO | E26: =+'DATOS INICIALES '!D25 -> XXXXXXXXXX
B28: FECHA CIERRE DE LICITACIÓN Y/O SELECCIÓN ABREVIADA | G28: =+'DATOS INICIALES '!F27 -> XXXXXXXXXX
B30: DATOS ESPECÍFICOS
B32: ITEM | C32: DESCRIPCIÓN | K32: GRUPO DE AJUSTE | L32: UNIDAD | N32: CANTIDAD
B33: =+'PRESUPUESTO OFICIAL'!#REF! -> #REF! | C33: =+'PRESUPUESTO OFICIAL'!#REF! -> #REF! | L33: UNIDAD | N33: =+'PRESUPUESTO OFICIAL'!#REF! -> #REF!
B34: I. EQUIPO
B35: I. EQUIPO
B37: DESCRIPCIÓN | I37: TIPO | K37: TARIFA/HORA | L37: RENDIMIENTO | N37: Vr. UNITARIO
A38: E-SV-001 | B38: =+VLOOKUP(A38,Equipo!$A$4:$D$80,2,0) -> CORTADORA DE LÁMINA | K38: =VLOOKUP(A38,Equipo!$A$4:$D$80,4,0) -> 20339 | L38: 40 | N38: =+K38/L38 -> 508.475
A39: E-SV-002 | B39: =+VLOOKUP(A39,Equipo!$A$4:$D$80,2,0) -> CORTADORA DE ANGULO | K39: =VLOOKUP(A39,Equipo!$A$4:$D$80,4,0) -> 20339 | L39: 40 | N39: =+K39/L39 -> 508.475
A40: E-SV-003 | B40: =+VLOOKUP(A40,Equipo!$A$4:$D$80,2,0) -> EQUIPO DE SOLDADURA | K40: =VLOOKUP(A40,Equipo!$A$4:$D$80,4,0) -> 16271 | L40: 40 | N40: =+K40/L40 -> 406.775
A41: E-SV-004 | B41: =+VLOOKUP(A41,Equipo!$A$4:$D$80,2,0) -> EQUIPO DE PINTURA | K41: =VLOOKUP(A41,Equipo!$A$4:$D$80,4,0) -> 20339 | L41: 40 | N41: =+K41/L41 -> 508.475
A42: E-SV-005 | B42: =+VLOOKUP(A42,Equipo!$A$4:$D$80,2,0) -> EQUIPO DE SERIGRAFÍA | K42: =VLOOKUP(A42,Equipo!$A$4:$D$80,4,0) -> 13574 | L42: 40 | N42: =+K42/L42 -> 339.35
A43: E-SV-006 | B43: =+VLOOKUP(A43,Equipo!$A$4:$D$80,2,0) -> EQUIPO DE LAMINACIÓN | K43: =VLOOKUP(A43,Equipo!$A$4:$D$80,4,0) -> 8003 | L43: 40 | N43: =+K43/L43 -> 200.075
A44: E-SV-007 | B44: =+VLOOKUP(A44,Equipo!$A$4:$D$80,2,0) -> TALADRO | K44: =VLOOKUP(A44,Equipo!$A$4:$D$80,4,0) -> 2715 | L44: 40 | N44: =+K44/L44 -> 67.875
B45: HERRAMIENTA MENOR | N45: 1200
B48: SUBTOTAL | N48: =SUM(N38:N47) -> 3739.5
B49: II. MATERIALES
B50: II. MATERIALES
B52: DESCRIPCIÓN | J52: UNIDAD | K52: CANTIDAD | L52: PRECIO UNIT. | N52: Vr. UNITARIO
A53: SV-1063 | B53: =VLOOKUP(A53,Materiales!$A$4:$D$141,2,0) -> LAMINA GALV. CALIBRE 16 | J53: =VLOOKUP(A53,Materiales!$A$4:$D$141,3,0) -> M2 | K53: =0.47*1.05 -> 0.4935 | L53: =VLOOKUP(A53,Materiales!$A$4:$D$141,4,0) -> 49580 | N53: =+L53*K53 -> 24467.73
A54: SV-1064 | B54: =VLOOKUP(A54,Materiales!$A$4:$D$141,2,0) -> PAPEL REFLECTIVO TIPO III | J54: =VLOOKUP(A54,Materiales!$A$4:$D$141,3,0) -> M2 | K54: 0.49 | L54: =VLOOKUP(A54,Materiales!$A$4:$D$141,4,0) -> 48400 | N54: =+L54*K54 -> 23716
A55: SV-1065 | B55: =VLOOKUP(A55,Materiales!$A$4:$D$141,2,0) -> ANGULO DE 2" X 1/4" | J55: =VLOOKUP(A55,Materiales!$A$4:$D$141,3,0) -> ML | K55: 1.5 | L55: =VLOOKUP(A55,Materiales!$A$4:$D$141,4,0) -> 17710 | N55: =+L55*K55 -> 26565
A56: SV-1066 | B56: =VLOOKUP(A56,Materiales!$A$4:$D$141,2,0) -> ANGULO DE 2" X 1/8" | J56: =VLOOKUP(A56,Materiales!$A$4:$D$141,3,0) -> ML | K56: 0.45 | L56: =VLOOKUP(A56,Materiales!$A$4:$D$141,4,0) -> 9810 | N56: =+L56*K56 -> 4414.5
A57: SV-1067 | B57: =VLOOKUP(A57,Materiales!$A$4:$D$141,2,0) -> TORNILLOS Y REMACHES | J57: =VLOOKUP(A57,Materiales!$A$4:$D$141,3,0) -> UND. | K57: 8 | L57: =VLOOKUP(A57,Materiales!$A$4:$D$141,4,0) -> 1004 | N57: =+L57*K57 -> 8032
A58: SV-1068 | B58: =VLOOKUP(A58,Materiales!$A$4:$D$141,2,0) -> PINTURA EN POLVO | J58: =VLOOKUP(A58,Materiales!$A$4:$D$141,3,0) -> GALON | K58: 0.03 | L58: =VLOOKUP(A58,Materiales!$A$4:$D$141,4,0) -> 170330 | N58: =+L58*K58 -> 5109.9
A59: SV-1069 | B59: =VLOOKUP(A59,Materiales!$A$4:$D$141,2,0) -> PINTURA ESMALTE | J59: =VLOOKUP(A59,Materiales!$A$4:$D$141,3,0) -> GALON | K59: 0.04 | L59: =VLOOKUP(A59,Materiales!$A$4:$D$141,4,0) -> 59020 | N59: =+L59*K59 -> 2360.8
A60: SV-1070 | B60: =VLOOKUP(A60,Materiales!$A$4:$D$141,2,0) -> SOLDADURA | J60: =VLOOKUP(A60,Materiales!$A$4:$D$141,3,0) -> KG | K60: 0.2 | L60: =VLOOKUP(A60,Materiales!$A$4:$D$141,4,0) -> 7210 | N60: =+L60*K60 -> 1442
A61: SV-1071 | B61: =VLOOKUP(A61,Materiales!$A$4:$D$141,2,0) -> CONCRETO CLASE E | J61: =VLOOKUP(A61,Materiales!$A$4:$D$141,3,0) -> M3 | K61: 0.03 | L61: =VLOOKUP(A61,Materiales!$A$4:$D$141,4,0) -> 463800 | N61: =+L61*K61 -> 13914
B65: SUBTOTAL | N65: =SUM(N53:N64) -> 110021.93
B66: III. TRANSPORTES
B67: III. TRANSPORTES
B69: MATERIAL | I69: VOL. o PESO | J69: DISTANCIA | K69: M3 o Ton/Km | L69: TARIFA | N69: Vr. UNITARIO
B70: TRANSPORTE DE SEÑAL | L70: 22680 | N70: =+L70 -> 22680
B72: SUBTOTAL | N72: =SUM(N70:N71) -> 22680
B73: IV. MANO DE OBRA
B74: IV. MANO DE OBRA
B76: TRABAJADOR | H76: CANTIDAD | I76: JORNAL | J76: PRESTACIONES | K76: JORNAL TOTAL | L76: RENDIMIENTO | N76: Vr. UNITARIO
A77: MO-SV-001 | B77: =VLOOKUP(A77,'Mano de Obra'!$A$4:$E$80,2,0) -> CORTADOR | H77: 1 | I77: =VLOOKUP(A77,'Mano de Obra'!$A$4:$E$80,3,0) -> 72000 | J77: =VLOOKUP(A77,'Mano de Obra'!$A$4:$E$80,4,0) -> 1.85 | K77: =+H77*I77*J77 -> 133200 | L77: 400 | N77: =+K77/L77 -> 333
A78: MO-SV-002 | B78: =VLOOKUP(A78,'Mano de Obra'!$A$4:$E$80,2,0) -> SOLDADOR | H78: 1 | I78: =VLOOKUP(A78,'Mano de Obra'!$A$4:$E$80,3,0) -> 88000 | J78: =VLOOKUP(A78,'Mano de Obra'!$A$4:$E$80,4,0) -> 1.85 | K78: =+H78*I78*J78 -> 162800 | L78: 400 | N78: =+K78/L78 -> 407
A79: MO-SV-003 | B79: =VLOOKUP(A79,'Mano de Obra'!$A$4:$E$80,2,0) -> PINTOR | H79: 1 | I79: =VLOOKUP(A79,'Mano de Obra'!$A$4:$E$80,3,0) -> 72000 | J79: =VLOOKUP(A79,'Mano de Obra'!$A$4:$E$80,4,0) -> 1.85 | K79: =+H79*I79*J79 -> 133200 | L79: 400 | N79: =+K79/L79 -> 333
A80: MO-SV-004 | B80: =VLOOKUP(A80,'Mano de Obra'!$A$4:$E$80,2,0) -> LAMINADOR | H80: 1 | I80: =VLOOKUP(A80,'Mano de Obra'!$A$4:$E$80,3,0) -> 72000 | J80: =VLOOKUP(A80,'Mano de Obra'!$A$4:$E$80,4,0) -> 1.85 | K80: =+H80*I80*J80 -> 133200 | L80: 400 | N80: =+K80/L80 -> 333
A81: MO-SV-005 | B81: =VLOOKUP(A81,'Mano de Obra'!$A$4:$E$80,2,0) -> SERIGRAFISTA | H81: 1 | I81: =VLOOKUP(A81,'Mano de Obra'!$A$4:$E$80,3,0) -> 72000 | J81: =VLOOKUP(A81,'Mano de Obra'!$A$4:$E$80,4,0) -> 1.85 | K81: =+H81*I81*J81 -> 133200 | L81: 400 | N81: =+K81/L81 -> 333
A82: MO-SV-006 | B82: =VLOOKUP(A82,'Mano de Obra'!$A$4:$E$80,2,0) -> AYUDANTE | H82: 2 | I82: =VLOOKUP(A82,'Mano de Obra'!$A$4:$E$80,3,0) -> 28000 | J82: =VLOOKUP(A82,'Mano de Obra'!$A$4:$E$80,4,0) -> 1.85 | K82: =+H82*I82*J82 -> 103600 | L82: 400 | N82: =+K82/L82 -> 259
A83: MO-SV-007 | B83: =VLOOKUP(A83,'Mano de Obra'!$A$4:$E$80,2,0) -> CUADRILLA DE INSTALÑACIÓN (3) | H83: 1 | I83: =VLOOKUP(A83,'Mano de Obra'!$A$4:$E$80,3,0) -> 83000 | J83: =VLOOKUP(A83,'Mano de Obra'!$A$4:$E$80,4,0) -> 1.85 | K83: =+H83*I83*J83 -> 153550 | L83: 400 | N83: =+K83/L83 -> 383.875
B87: SUBTOTAL | N87: =SUM(N77:N86) -> 2381.875
B89: TOTAL COSTO DIRECTO $ | N89: =+N87+N72+N65+N48 -> 138823.3
B90: V. COSTOS INDIRECTOS
B91: V. COSTOS INDIRECTOS
B93: Descripción | K93: Porcentaje | L93: Valor Total
B94: ADMINISTRACION | K94: 0.25 | L94: =+N89*K94 -> 34705.826
B95: IMPREVISTOS | K95: 0.05 | L95: =+N89*K95 -> 6941.1653
B96: UTILIDAD | K96: 0.05 | L96: =+N89*K96 -> 6941.1653
B97: SUBTOTAL | N97: =SUM(L94:M96) -> 48588.157
B99: Precio Unitario Total Aproximado al peso | N99: =ROUND(N89+N97,0) -> 187411
G103: =+'SV-01'!$G$96 -> Firma
G104: =+'SV-01'!$G$97 -> Nombre:
G105: =+'SV-01'!$G$98 -> Representante Legal del Contratista o su Apoderado
G106: =+'SV-01'!$G$99 -> Matricula No. :
B108: =+'SV-01'!$B$101 -> OBSERVACIONES INTERVENTORÍA
G112: =+'SV-01'!$G$105 -> Firma
G113: =+'SV-01'!$G$106 -> Nombre:
G114: =+'SV-01'!$G$107 -> Representante Legal del Interventor o su Apoderado
G115: =+'SV-01'!$G$108 -> Matricula No. :
B116: =+'SV-01'!$B$109 -> Original: Archivo de Gestión Contractual ( Subdirecciòn Administrativa)
B117: =+'SV-01'!$B$110 -> Copias : Unidad Ejecutora, Contratista, Interventor y Dirección Territorial.

Sheet SV-16
C2: MINISTERIO DE TRANSPORTE | K2: CÓDIGO | L2: MSE--FR-14
C3: INSTITUTO NACIONAL DE VIAS
C4: DIRECCION OPERATIVA | K4: VERSIÓN | L4: 2
C5: PROCESO SUPERVISION, EJECUCION Y SEGUIMIENTO A PROYECTOS
C6: =+'DATOS INICIALES '!B5 -> MANUAL DE INTERVENTORÍA OBRA PUBLICA | K6: PÁGINA | L6: 1 | M6: DE | N6: 1
C8: ANALISIS DE PRECIOS UNITARIOS
K10: FECHA | L10: DD | M10: MM | N10: AA
L11: =+'DATOS INICIALES '!K10 -> XXX | M11: =+'DATOS INICIALES '!L10 -> XXX | N11: =+'DATOS INICIALES '!M10 -> XXX
B12: UNIDAD EJECUTORA: | D12: =+'DATOS INICIALES '!C11 -> XXXXXXXXXX | I12: DIRECCIÓN TERRITORIAL: | J12: =+'DATOS INICIALES '!I11 -> XXXXXXXXXX
B18: CONTRATO No. | D18: =+'DATOS INICIALES '!C17 -> XXXXXXXXXX | G18: DE | H18: =+'DATOS INICIALES '!G17 -> XXXXXXXXXX
B19: OBJETO DEL CONTRATO | D19: =+'DATOS INICIALES '!C18 -> XXXXXXXXXXXXXXXXXXXXXXXXXXXXXXXXXXXXXX
B22: CONTRATISTA : | D22: =+'DATOS INICIALES '!C21 -> XXXXXXXXXX
B24: INTERVENTOR | D24: =+'DATOS INICIALES '!C23 -> XXXXXXXXXX
B26: GESTOR TECNICO DE CONTRATO | E26: =+'DATOS INICIALES '!D25 -> XXXXXXXXXX
B28: FECHA CIERRE DE LICITACIÓN Y/O SELECCIÓN ABREVIADA | G28: =+'DATOS INICIALES '!F27 -> XXXXXXXXXX
B30: DATOS ESPECÍFICOS
B32: ITEM | C32: DESCRIPCIÓN | K32: GRUPO DE AJUSTE | L32: UNIDAD | N32: CANTIDAD
B33: =+'PRESUPUESTO OFICIAL'!#REF! -> #REF! | C33: =+'PRESUPUESTO OFICIAL'!#REF! -> #REF! | L33: UNIDAD | N33: =+'PRESUPUESTO OFICIAL'!#REF! -> #REF!
B34: I. EQUIPO
B35: I. EQUIPO
B37: DESCRIPCIÓN | I37: TIPO | K37: TARIFA/HORA | L37: RENDIMIENTO | N37: Vr. UNITARIO
A38: E-SV-001 | B38: =+VLOOKUP(A38,Equipo!$A$4:$D$80,2,0) -> CORTADORA DE LÁMINA | K38: =VLOOKUP(A38,Equipo!$A$4:$D$80,4,0) -> 20339 | L38: 40 | N38: =+K38/L38 -> 508.475
A39: E-SV-002 | B39: =+VLOOKUP(A39,Equipo!$A$4:$D$80,2,0) -> CORTADORA DE ANGULO | K39: =VLOOKUP(A39,Equipo!$A$4:$D$80,4,0) -> 20339 | L39: 40 | N39: =+K39/L39 -> 508.475
A40: E-SV-003 | B40: =+VLOOKUP(A40,Equipo!$A$4:$D$80,2,0) -> EQUIPO DE SOLDADURA | K40: =VLOOKUP(A40,Equipo!$A$4:$D$80,4,0) -> 16271 | L40: 40 | N40: =+K40/L40 -> 406.775
A41: E-SV-004 | B41: =+VLOOKUP(A41,Equipo!$A$4:$D$80,2,0) -> EQUIPO DE PINTURA | K41: =VLOOKUP(A41,Equipo!$A$4:$D$80,4,0) -> 20339 | L41: 40 | N41: =+K41/L41 -> 508.475
A42: E-SV-005 | B42: =+VLOOKUP(A42,Equipo!$A$4:$D$80,2,0) -> EQUIPO DE SERIGRAFÍA | K42: =VLOOKUP(A42,Equipo!$A$4:$D$80,4,0) -> 13574 | L42: 40 | N42: =+K42/L42 -> 339.35
A43: E-SV-006 | B43: =+VLOOKUP(A43,Equipo!$A$4:$D$80,2,0) -> EQUIPO DE LAMINACIÓN | K43: =VLOOKUP(A43,Equipo!$A$4:$D$80,4,0) -> 8003 | L43: 40 | N43: =+K43/L43 -> 200.075
A44: E-SV-007 | B44: =+VLOOKUP(A44,Equipo!$A$4:$D$80,2,0) -> TALADRO | K44: =VLOOKUP(A44,Equipo!$A$4:$D$80,4,0) -> 2715 | L44: 40 | N44: =+K44/L44 -> 67.875
B45: =+'SV-15'!B45:H45 -> HERRAMIENTA MENOR | N45: 1200
B48: SUBTOTAL | N48: =SUM(N38:N47) -> 3739.5
B49: II. MATERIALES
B50: II. MATERIALES
B52: DESCRIPCIÓN | J52: UNIDAD | K52: CANTIDAD | L52: PRECIO UNIT. | N52: Vr. UNITARIO
A53: SV-1063 | B53: =VLOOKUP(A53,Materiales!$A$4:$D$141,2,0) -> LAMINA GALV. CALIBRE 16 | J53: =VLOOKUP(A53,Materiales!$A$4:$D$141,3,0) -> M2 | K53: =0.562*1.05 -> 0.5901 | L53: =VLOOKUP(A53,Materiales!$A$4:$D$141,4,0) -> 49580 | N53: =+L53*K53 -> 29257.158
A54: SV-1064 | B54: =VLOOKUP(A54,Materiales!$A$4:$D$141,2,0) -> PAPEL REFLECTIVO TIPO III | J54: =VLOOKUP(A54,Materiales!$A$4:$D$141,3,0) -> M2 | K54: 0.562 | L54: =VLOOKUP(A54,Materiales!$A$4:$D$141,4,0) -> 48400 | N54: =+L54*K54 -> 27200.8
A55: SV-1065 | B55: =VLOOKUP(A55,Materiales!$A$4:$D$141,2,0) -> ANGULO DE 2" X 1/4" | J55: =VLOOKUP(A55,Materiales!$A$4:$D$141,3,0) -> ML | K55: 1.7 | L55: =VLOOKUP(A55,Materiales!$A$4:$D$141,4,0) -> 17710 | N55: =+L55*K55 -> 30107
A56: SV-1066 | B56: =VLOOKUP(A56,Materiales!$A$4:$D$141,2,0) -> ANGULO DE 2" X 1/8" | J56: =VLOOKUP(A56,Materiales!$A$4:$D$141,3,0) -> ML | K56: 0.45 | L56: =VLOOKUP(A56,Materiales!$A$4:$D$141,4,0) -> 9810 | N56: =+L56*K56 -> 4414.5
A57: SV-1067 | B57: =VLOOKUP(A57,Materiales!$A$4:$D$141,2,0) -> TORNILLOS Y REMACHES | J57: =VLOOKUP(A57,Materiales!$A$4:$D$141,3,0) -> UND. | K57: 8 | L57: =VLOOKUP(A57,Materiales!$A$4:$D$141,4,0) -> 1004 | N57: =+L57*K57 -> 8032
A58: SV-1068 | B58: =VLOOKUP(A58,Materiales!$A$4:$D$141,2,0) -> PINTURA EN POLVO | J58: =VLOOKUP(A58,Materiales!$A$4:$D$141,3,0) -> GALON | K58: 0.05 | L58: =VLOOKUP(A58,Materiales!$A$4:$D$141,4,0) -> 170330 | N58: =+L58*K58 -> 8516.5
A59: SV-1069 | B59: =VLOOKUP(A59,Materiales!$A$4:$D$141,2,0) -> PINTURA ESMALTE | J59: =VLOOKUP(A59,Materiales!$A$4:$D$141,3,0) -> GALON | K59: 0.06 | L59: =VLOOKUP(A59,Materiales!$A$4:$D$141,4,0) -> 59020 | N59: =+L59*K59 -> 3541.2
A60: SV-1070 | B60: =VLOOKUP(A60,Materiales!$A$4:$D$141,2,0) -> SOLDADURA | J60: =VLOOKUP(A60,Materiales!$A$4:$D$141,3,0) -> KG | K60: 0.2 | L60: =VLOOKUP(A60,Materiales!$A$4:$D$141,4,0) -> 7210 | N60: =+L60*K60 -> 1442
A61: SV-1071 | B61: =VLOOKUP(A61,Materiales!$A$4:$D$141,2,0) -> CONCRETO CLASE E | J61: =VLOOKUP(A61,Materiales!$A$4:$D$141,3,0) -> M3 | K61: 0.03 | L61: =VLOOKUP(A61,Materiales!$A$4:$D$141,4,0) -> 463800 | N61: =+L61*K61 -> 13914
B65: SUBTOTAL | N65: =SUM(N53:N64) -> 126425.16
B66: III. TRANSPORTES
B67: III. TRANSPORTES
B69: MATERIAL | I69: VOL. o PESO | J69: DISTANCIA | K69: M3 o Ton/Km | L69: TARIFA | N69: Vr. UNITARIO
B70: =+'SV-15'!B70:H70 -> TRANSPORTE DE SEÑAL | L70: =+'SV-15'!L70:M70 -> 22680 | N70: =+L70 -> 22680
B72: SUBTOTAL | N72: =SUM(N70:N71) -> 22680
B73: IV. MANO DE OBRA
B75: TRABAJADOR | H75: CANTIDAD | I75: JORNAL | J75: PRESTACIONES | K75: JORNAL TOTAL | L75: RENDIMIENTO | N75: Vr. UNITARIO
A76: MO-SV-001 | B76: =VLOOKUP(A76,'Mano de Obra'!$A$4:$E$80,2,0) -> CORTADOR | H76: 1 | I76: =VLOOKUP(A76,'Mano de Obra'!$A$4:$E$80,3,0) -> 72000 | J76: =VLOOKUP(A76,'Mano de Obra'!$A$4:$E$80,4,0) -> 1.85 | K76: =+H76*I76*J76 -> 133200 | L76: 400 | N76: =+K76/L76 -> 333
A77: MO-SV-002 | B77: =VLOOKUP(A77,'Mano de Obra'!$A$4:$E$80,2,0) -> SOLDADOR | H77: 1 | I77: =VLOOKUP(A77,'Mano de Obra'!$A$4:$E$80,3,0) -> 88000 | J77: =VLOOKUP(A77,'Mano de Obra'!$A$4:$E$80,4,0) -> 1.85 | K77: =+H77*I77*J77 -> 162800 | L77: 400 | N77: =+K77/L77 -> 407
A78: MO-SV-003 | B78: =VLOOKUP(A78,'Mano de Obra'!$A$4:$E$80,2,0) -> PINTOR | H78: 1 | I78: =VLOOKUP(A78,'Mano de Obra'!$A$4:$E$80,3,0) -> 72000 | J78: =VLOOKUP(A78,'Mano de Obra'!$A$4:$E$80,4,0) -> 1.85 | K78: =+H78*I78*J78 -> 133200 | L78: 400 | N78: =+K78/L78 -> 333
A79: MO-SV-004 | B79: =VLOOKUP(A79,'Mano de Obra'!$A$4:$E$80,2,0) -> LAMINADOR | H79: 1 | I79: =VLOOKUP(A79,'Mano de Obra'!$A$4:$E$80,3,0) -> 72000 | J79: =VLOOKUP(A79,'Mano de Obra'!$A$4:$E$80,4,0) -> 1.85 | K79: =+H79*I79*J79 -> 133200 | L79: 400 | N79: =+K79/L79 -> 333
A80: MO-SV-005 | B80: =VLOOKUP(A80,'Mano de Obra'!$A$4:$E$80,2,0) -> SERIGRAFISTA | H80: 1 | I80: =VLOOKUP(A80,'Mano de Obra'!$A$4:$E$80,3,0) -> 72000 | J80: =VLOOKUP(A80,'Mano de Obra'!$A$4:$E$80,4,0) -> 1.85 | K80: =+H80*I80*J80 -> 133200 | L80: 400 | N80: =+K80/L80 -> 333
A81: MO-SV-006 | B81: =VLOOKUP(A81,'Mano de Obra'!$A$4:$E$80,2,0) -> AYUDANTE | H81: 2 | I81: =VLOOKUP(A81,'Mano de Obra'!$A$4:$E$80,3,0) -> 28000 | J81: =VLOOKUP(A81,'Mano de Obra'!$A$4:$E$80,4,0) -> 1.85 | K81: =+H81*I81*J81 -> 103600 | L81: 400 | N81: =+K81/L81 -> 259
A82: MO-SV-007 | B82: =VLOOKUP(A82,'Mano de Obra'!$A$4:$E$80,2,0) -> CUADRILLA DE INSTALÑACIÓN (3) | H82: 1 | I82: =VLOOKUP(A82,'Mano de Obra'!$A$4:$E$80,3,0) -> 83000 | J82: =VLOOKUP(A82,'Mano de Obra'!$A$4:$E$80,4,0) -> 1.85 | K82: =+H82*I82*J82 -> 153550 | L82: 400 | N82: =+K82/L82 -> 383.875
B86: SUBTOTAL | N86: =SUM(N76:N85) -> 2381.875
B88: TOTAL COSTO DIRECTO | N88: =+N86+N72+N65+N48 -> 155226.53
B89: V. COSTOS INDIRECTOS
B90: V. COSTOS INDIRECTOS
B92: Descripción | K92: Porcentaje | L92: Valor Total
B93: ADMINISTRACION | K93: 0.25 | L93: =+N88*K93 -> 38806.633
B94: IMPREVISTOS | K94: 0.05 | L94: =+N88*K94 -> 7761.3266
B95: UTILIDAD | K95: 0.05 | L95: =+N88*K95 -> 7761.3266
B96: SUBTOTAL | N96: =SUM(L93:M95) -> 54329.287
B98: Precio Unitario Total Aproximado al peso | N98: =ROUND(N88+N96,0) -> 209556
G102: =+'SV-01'!$G$96 -> Firma
G103: =+'SV-01'!$G$97 -> Nombre:
G104: =+'SV-01'!$G$98 -> Representante Legal del Contratista o su Apoderado
G105: =+'SV-01'!$G$99 -> Matricula No. :
B107: =+'SV-01'!$B$101 -> OBSERVACIONES INTERVENTORÍA
G111: =+'SV-01'!$G$105 -> Firma
G112: =+'SV-01'!$G$106 -> Nombre:
G113: =+'SV-01'!$G$107 -> Representante Legal del Interventor o su Apoderado
G114: =+'SV-01'!$G$108 -> Matricula No. :
B115: =+'SV-01'!$B$109 -> Original: Archivo de Gestión Contractual ( Subdirecciòn Administrativa)
B116: =+'SV-01'!$B$110 -> Copias : Unidad Ejecutora, Contratista, Interventor y Dirección Territorial.

Sheet SV-17
C2: MINISTERIO DE TRANSPORTE | K2: CÓDIGO | L2: MSE--FR-14
C3: INSTITUTO NACIONAL DE VIAS
C4: DIRECCION OPERATIVA | K4: VERSIÓN | L4: 2
C5: PROCESO SUPERVISION, EJECUCION Y SEGUIMIENTO A PROYECTOS
C6: =+'DATOS INICIALES '!B5 -> MANUAL DE INTERVENTORÍA OBRA PUBLICA | K6: PÁGINA | L6: 1 | M6: DE | N6: 1
C8: ANALISIS DE PRECIOS UNITARIOS
K10: FECHA | L10: DD | M10: MM | N10: AA
L11: =+'DATOS INICIALES '!K10 -> XXX | M11: =+'DATOS INICIALES '!L10 -> XXX | N11: =+'DATOS INICIALES '!M10 -> XXX
B12: UNIDAD EJECUTORA: | D12: =+'DATOS INICIALES '!C11 -> XXXXXXXXXX | I12: DIRECCIÓN TERRITORIAL: | J12: =+'DATOS INICIALES '!I11 -> XXXXXXXXXX
B18: CONTRATO No. | D18: =+'DATOS INICIALES '!C17 -> XXXXXXXXXX | G18: DE | H18: =+'DATOS INICIALES '!G17 -> XXXXXXXXXX
B19: OBJETO DEL CONTRATO | D19: =+'DATOS INICIALES '!C18 -> XXXXXXXXXXXXXXXXXXXXXXXXXXXXXXXXXXXXXX
B22: CONTRATISTA : | D22: =+'DATOS INICIALES '!C21 -> XXXXXXXXXX
B24: INTERVENTOR | D24: =+'DATOS INICIALES '!C23 -> XXXXXXXXXX
B26: GESTOR TECNICO DE CONTRATO | E26: =+'DATOS INICIALES '!D25 -> XXXXXXXXXX
B28: FECHA CIERRE DE LICITACIÓN Y/O SELECCIÓN ABREVIADA | G28: =+'DATOS INICIALES '!F27 -> XXXXXXXXXX
B30: DATOS ESPECÍFICOS
B32: ITEM | C32: DESCRIPCIÓN | K32: GRUPO DE AJUSTE | L32: UNIDAD | N32: CANTIDAD
B33: =+'PRESUPUESTO OFICIAL'!#REF! -> #REF! | C33: =+'PRESUPUESTO OFICIAL'!#REF! -> #REF! | L33: UNIDAD | N33: =+'PRESUPUESTO OFICIAL'!#REF! -> #REF!
B34: I. EQUIPO
B35: I. EQUIPO
B37: DESCRIPCIÓN | I37: TIPO | K37: TARIFA/HORA | L37: RENDIMIENTO | N37: Vr. UNITARIO
A38: E-SV-001 | B38: =+VLOOKUP(A38,Equipo!$A$4:$D$80,2,0) -> CORTADORA DE LÁMINA | K38: =VLOOKUP(A38,Equipo!$A$4:$D$80,4,0) -> 20339 | L38: 30 | N38: =+K38/L38 -> 677.96667
A39: E-SV-002 | B39: =+VLOOKUP(A39,Equipo!$A$4:$D$80,2,0) -> CORTADORA DE ANGULO | K39: =VLOOKUP(A39,Equipo!$A$4:$D$80,4,0) -> 20339 | L39: 30 | N39: =+K39/L39 -> 677.96667
A40: E-SV-003 | B40: =+VLOOKUP(A40,Equipo!$A$4:$D$80,2,0) -> EQUIPO DE SOLDADURA | K40: =VLOOKUP(A40,Equipo!$A$4:$D$80,4,0) -> 16271 | L40: 30 | N40: =+K40/L40 -> 542.36667
A41: E-SV-004 | B41: =+VLOOKUP(A41,Equipo!$A$4:$D$80,2,0) -> EQUIPO DE PINTURA | K41: =VLOOKUP(A41,Equipo!$A$4:$D$80,4,0) -> 20339 | L41: 30 | N41: =+K41/L41 -> 677.96667
A42: E-SV-005 | B42: =+VLOOKUP(A42,Equipo!$A$4:$D$80,2,0) -> EQUIPO DE SERIGRAFÍA | K42: =VLOOKUP(A42,Equipo!$A$4:$D$80,4,0) -> 13574 | L42: 30 | N42: =+K42/L42 -> 452.46667
A43: E-SV-006 | B43: =+VLOOKUP(A43,Equipo!$A$4:$D$80,2,0) -> EQUIPO DE LAMINACIÓN | K43: =VLOOKUP(A43,Equipo!$A$4:$D$80,4,0) -> 8003 | L43: 30 | N43: =+K43/L43 -> 266.76667
A44: E-SV-007 | B44: =+VLOOKUP(A44,Equipo!$A$4:$D$80,2,0) -> TALADRO | K44: =VLOOKUP(A44,Equipo!$A$4:$D$80,4,0) -> 2715 | L44: 30 | N44: =+K44/L44 -> 90.5
B45: =+'SV-15'!B45:H45 -> HERRAMIENTA MENOR | N45: 1200
B48: SUBTOTAL | N48: =SUM(N38:N47) -> 4586
B49: II. MATERIALES
B50: II. MATERIALES
B52: DESCRIPCIÓN | J52: UNIDAD | K52: CANTIDAD | L52: PRECIO UNIT. | N52: Vr. UNITARIO
A53: SV-1063 | B53: =VLOOKUP(A53,Materiales!$A$4:$D$141,2,0) -> LAMINA GALV. CALIBRE 16 | J53: =VLOOKUP(A53,Materiales!$A$4:$D$141,3,0) -> M2 | K53: =0.66*1.05 -> 0.693 | L53: =VLOOKUP(A53,Materiales!$A$4:$D$141,4,0) -> 49580 | N53: =+L53*K53 -> 34358.94
A54: SV-1064 | B54: =VLOOKUP(A54,Materiales!$A$4:$D$141,2,0) -> PAPEL REFLECTIVO TIPO III | J54: =VLOOKUP(A54,Materiales!$A$4:$D$141,3,0) -> M2 | K54: 0.66 | L54: =VLOOKUP(A54,Materiales!$A$4:$D$141,4,0) -> 48400 | N54: =+L54*K54 -> 31944
A55: SV-1065 | B55: =VLOOKUP(A55,Materiales!$A$4:$D$141,2,0) -> ANGULO DE 2" X 1/4" | J55: =VLOOKUP(A55,Materiales!$A$4:$D$141,3,0) -> ML | K55: 2 | L55: =VLOOKUP(A55,Materiales!$A$4:$D$141,4,0) -> 17710 | N55: =+L55*K55 -> 35420
A56: SV-1066 | B56: =VLOOKUP(A56,Materiales!$A$4:$D$141,2,0) -> ANGULO DE 2" X 1/8" | J56: =VLOOKUP(A56,Materiales!$A$4:$D$141,3,0) -> ML | K56: 0.45 | L56: =VLOOKUP(A56,Materiales!$A$4:$D$141,4,0) -> 9810 | N56: =+L56*K56 -> 4414.5
A57: SV-1067 | B57: =VLOOKUP(A57,Materiales!$A$4:$D$141,2,0) -> TORNILLOS Y REMACHES | J57: =VLOOKUP(A57,Materiales!$A$4:$D$141,3,0) -> UND. | K57: 8 | L57: =VLOOKUP(A57,Materiales!$A$4:$D$141,4,0) -> 1004 | N57: =+L57*K57 -> 8032
A58: SV-1068 | B58: =VLOOKUP(A58,Materiales!$A$4:$D$141,2,0) -> PINTURA EN POLVO | J58: =VLOOKUP(A58,Materiales!$A$4:$D$141,3,0) -> GALON | K58: 0.07 | L58: =VLOOKUP(A58,Materiales!$A$4:$D$141,4,0) -> 170330 | N58: =+L58*K58 -> 11923.1
A59: SV-1069 | B59: =VLOOKUP(A59,Materiales!$A$4:$D$141,2,0) -> PINTURA ESMALTE | J59: =VLOOKUP(A59,Materiales!$A$4:$D$141,3,0) -> GALON | K59: 0.08 | L59: =VLOOKUP(A59,Materiales!$A$4:$D$141,4,0) -> 59020 | N59: =+L59*K59 -> 4721.6
A60: SV-1070 | B60: =VLOOKUP(A60,Materiales!$A$4:$D$141,2,0) -> SOLDADURA | J60: =VLOOKUP(A60,Materiales!$A$4:$D$141,3,0) -> KG | K60: 0.2 | L60: =VLOOKUP(A60,Materiales!$A$4:$D$141,4,0) -> 7210 | N60: =+L60*K60 -> 1442
A61: SV-1071 | B61: =VLOOKUP(A61,Materiales!$A$4:$D$141,2,0) -> CONCRETO CLASE E | J61: =VLOOKUP(A61,Materiales!$A$4:$D$141,3,0) -> M3 | K61: 0.03 | L61: =VLOOKUP(A61,Materiales!$A$4:$D$141,4,0) -> 463800 | N61: =+L61*K61 -> 13914
B65: SUBTOTAL | N65: =SUM(N53:N64) -> 146170.14
B66: III. TRANSPORTES
B67: III. TRANSPORTES
B69: MATERIAL | I69: VOL. o PESO | J69: DISTANCIA | K69: M3 o Ton/Km | L69: TARIFA | N69: Vr. UNITARIO
B70: TRANSPORTE DE SEÑAL | L70: =+'SV-15'!L70:M70 -> 22680 | N70: =+L70 -> 22680
B72: SUBTOTAL | N72: =SUM(N70:N71) -> 22680
B73: IV. MANO DE OBRA
B74: IV. MANO DE OBRA
B76: TRABAJADOR | H76: CANTIDAD | I76: JORNAL | J76: PRESTACIONES | K76: JORNAL TOTAL | L76: RENDIMIENTO | N76: Vr. UNITARIO
A77: MO-SV-001 | B77: =VLOOKUP(A77,'Mano de Obra'!$A$4:$E$80,2,0) -> CORTADOR | H77: 1 | I77: =VLOOKUP(A77,'Mano de Obra'!$A$4:$E$80,3,0) -> 72000 | J77: =VLOOKUP(A77,'Mano de Obra'!$A$4:$E$80,4,0) -> 1.85 | K77: =+H77*I77*J77 -> 133200 | L77: 300 | N77: =+K77/L77 -> 444
A78: MO-SV-002 | B78: =VLOOKUP(A78,'Mano de Obra'!$A$4:$E$80,2,0) -> SOLDADOR | H78: 1 | I78: =VLOOKUP(A78,'Mano de Obra'!$A$4:$E$80,3,0) -> 88000 | J78: =VLOOKUP(A78,'Mano de Obra'!$A$4:$E$80,4,0) -> 1.85 | K78: =+H78*I78*J78 -> 162800 | L78: 300 | N78: =+K78/L78 -> 542.66667
A79: MO-SV-003 | B79: =VLOOKUP(A79,'Mano de Obra'!$A$4:$E$80,2,0) -> PINTOR | H79: 1 | I79: =VLOOKUP(A79,'Mano de Obra'!$A$4:$E$80,3,0) -> 72000 | J79: =VLOOKUP(A79,'Mano de Obra'!$A$4:$E$80,4,0) -> 1.85 | K79: =+H79*I79*J79 -> 133200 | L79: 300 | N79: =+K79/L79 -> 444
A80: MO-SV-004 | B80: =VLOOKUP(A80,'Mano de Obra'!$A$4:$E$80,2,0) -> LAMINADOR | H80: 1 | I80: =VLOOKUP(A80,'Mano de Obra'!$A$4:$E$80,3,0) -> 72000 | J80: =VLOOKUP(A80,'Mano de Obra'!$A$4:$E$80,4,0) -> 1.85 | K80: =+H80*I80*J80 -> 133200 | L80: 300 | N80: =+K80/L80 -> 444
A81: MO-SV-005 | B81: =VLOOKUP(A81,'Mano de Obra'!$A$4:$E$80,2,0) -> SERIGRAFISTA | H81: 1 | I81: =VLOOKUP(A81,'Mano de Obra'!$A$4:$E$80,3,0) -> 72000 | J81: =VLOOKUP(A81,'Mano de Obra'!$A$4:$E$80,4,0) -> 1.85 | K81: =+H81*I81*J81 -> 133200 | L81: 300 | N81: =+K81/L81 -> 444
A82: MO-SV-006 | B82: =VLOOKUP(A82,'Mano de Obra'!$A$4:$E$80,2,0) -> AYUDANTE | H82: 2 | I82: =VLOOKUP(A82,'Mano de Obra'!$A$4:$E$80,3,0) -> 28000 | J82: =VLOOKUP(A82,'Mano de Obra'!$A$4:$E$80,4,0) -> 1.85 | K82: =+H82*I82*J82 -> 103600 | L82: 300 | N82: =+K82/L82 -> 345.33333
A83: MO-SV-007 | B83: =VLOOKUP(A83,'Mano de Obra'!$A$4:$E$80,2,0) -> CUADRILLA DE INSTALÑACIÓN (3) | H83: 1 | I83: =VLOOKUP(A83,'Mano de Obra'!$A$4:$E$80,3,0) -> 83000 | J83: =VLOOKUP(A83,'Mano de Obra'!$A$4:$E$80,4,0) -> 1.85 | K83: =+H83*I83*J83 -> 153550 | L83: 300 | N83: =+K83/L83 -> 511.83333
K84: =+H84*I84*J84 -> 0
B87: SUBTOTAL | N87: =SUM(N77:N86) -> 3175.8333
B89: TOTAL COSTO DIRECTO | N89: =+N87+N72+N65+N48 -> 176611.97
B90: V. COSTOS INDIRECTOS
B91: V. COSTOS INDIRECTOS
B93: Descripción | K93: Porcentaje | L93: Valor Total
B94: ADMINISTRACION | K94: 0.25 | L94: =+N89*K94 -> 44152.993
B95: IMPREVISTOS | K95: 0.05 | L95: =+N89*K95 -> 8830.5987
B96: UTILIDAD | K96: 0.05 | L96: =+N89*K96 -> 8830.5987
B97: SUBTOTAL | N97: =SUM(L94:M96) -> 61814.191
B99: Precio Unitario Total Aproximado al peso | N99: =ROUND(N89+N97,0) -> 238426
G103: =+'SV-01'!$G$96 -> Firma
G104: =+'SV-01'!$G$97 -> Nombre:
G105: =+'SV-01'!$G$98 -> Representante Legal del Contratista o su Apoderado
G106: =+'SV-01'!$G$99 -> Matricula No. :
B108: =+'SV-01'!$B$101 -> OBSERVACIONES INTERVENTORÍA
G112: =+'SV-01'!$G$105 -> Firma
G113: =+'SV-01'!$G$106 -> Nombre:
G114: =+'SV-01'!$G$107 -> Representante Legal del Interventor o su Apoderado
G115: =+'SV-01'!$G$108 -> Matricula No. :
B116: =+'SV-01'!$B$109 -> Original: Archivo de Gestión Contractual ( Subdirecciòn Administrativa)
B117: =+'SV-01'!$B$110 -> Copias : Unidad Ejecutora, Contratista, Interventor y Dirección Territorial.

Sheet SV-18
C2: MINISTERIO DE TRANSPORTE | K2: CÓDIGO | L2: MSE--FR-14
C3: INSTITUTO NACIONAL DE VIAS
C4: DIRECCION OPERATIVA | K4: VERSIÓN | L4: 2
C5: PROCESO SUPERVISION, EJECUCION Y SEGUIMIENTO A PROYECTOS
C6: =+'DATOS INICIALES '!B5 -> MANUAL DE INTERVENTORÍA OBRA PUBLICA | K6: PÁGINA | L6: 1 | M6: DE | N6: 1
C8: ANALISIS DE PRECIOS UNITARIOS
K10: FECHA | L10: DD | M10: MM | N10: AA
L11: =+'DATOS INICIALES '!K10 -> XXX | M11: =+'DATOS INICIALES '!L10 -> XXX | N11: =+'DATOS INICIALES '!M10 -> XXX
B12: UNIDAD EJECUTORA: | D12: =+'DATOS INICIALES '!C11 -> XXXXXXXXXX | I12: DIRECCIÓN TERRITORIAL: | J12: =+'DATOS INICIALES '!I11 -> XXXXXXXXXX
B18: CONTRATO No. | D18: =+'DATOS INICIALES '!C17 -> XXXXXXXXXX | G18: DE | H18: =+'DATOS INICIALES '!G17 -> XXXXXXXXXX
B19: OBJETO DEL CONTRATO | D19: =+'DATOS INICIALES '!C18 -> XXXXXXXXXXXXXXXXXXXXXXXXXXXXXXXXXXXXXX
B22: CONTRATISTA : | D22: =+'DATOS INICIALES '!C21 -> XXXXXXXXXX
B24: INTERVENTOR | D24: =+'DATOS INICIALES '!C23 -> XXXXXXXXXX
B26: GESTOR TECNICO DE CONTRATO | E26: =+'DATOS INICIALES '!D25 -> XXXXXXXXXX
B28: FECHA CIERRE DE LICITACIÓN Y/O SELECCIÓN ABREVIADA | G28: =+'DATOS INICIALES '!F27 -> XXXXXXXXXX
B30: DATOS ESPECÍFICOS
B32: ITEM | C32: DESCRIPCIÓN | K32: GRUPO DE AJUSTE | L32: UNIDAD | N32: CANTIDAD
B33: =+'PRESUPUESTO OFICIAL'!#REF! -> #REF! | C33: =+'PRESUPUESTO OFICIAL'!#REF! -> #REF! | L33: =+'PRESUPUESTO OFICIAL'!#REF! -> #REF! | N33: =+'PRESUPUESTO OFICIAL'!#REF! -> #REF!
B34: I. EQUIPO
B35: I. EQUIPO
B37: DESCRIPCIÓN | I37: TIPO | K37: TARIFA/HORA | L37: RENDIMIENTO | N37: Vr. UNITARIO
A38: E-SV-008 | B38: =+VLOOKUP(A38,Equipo!$A$4:$D$80,2,0) -> Camioneta D-300 | K38: =VLOOKUP(A38,Equipo!$A$4:$D$80,4,0) -> 39346 | L38: 6 | N38: =+K38/L38 -> 6557.6667
B39: HERRAMIENTA MENOR | N39: 1500
B42: SUBTOTAL | N42: =SUM(N38:N41) -> 8057.6667
B43: II. MATERIALES
B44: II. MATERIALES
B46: DESCRIPCIÓN | J46: UNIDAD | K46: CANTIDAD | L46: PRECIO UNIT. | N46: Vr. UNITARIO
A47: SV-1083 | B47: =VLOOKUP(A47,Materiales!$A$4:$D$141,2,0) -> DEFENSAS METALICAS (TRAMO DE 3,81m) | J47: =VLOOKUP(A47,Materiales!$A$4:$D$141,3,0) -> UND. | K47: 0.26 | L47: =VLOOKUP(A47,Materiales!$A$4:$D$141,4,0) -> 341210 | N47: =+L47*K47 -> 88714.6
A48: SV-1051 | B48: =VLOOKUP(A48,Materiales!$A$4:$D$141,2,0) -> POSTE PARA DEFENSA METALICA DE 1,80m (INCLUYE TORNILLERIA) | J48: =VLOOKUP(A48,Materiales!$A$4:$D$141,3,0) -> U | K48: 0.3 | L48: =VLOOKUP(A48,Materiales!$A$4:$D$141,4,0) -> 149580 | N48: =+L48*K48 -> 44874
A49: SV-1084 | B49: =VLOOKUP(A49,Materiales!$A$4:$D$141,2,0) -> AMORTIGUADORES | J49: =VLOOKUP(A49,Materiales!$A$4:$D$141,3,0) -> UND. | K49: 0.3 | L49: =VLOOKUP(A49,Materiales!$A$4:$D$141,4,0) -> 37260 | N49: =+L49*K49 -> 11178
A50: SV-1085 | B50: =VLOOKUP(A50,Materiales!$A$4:$D$141,2,0) -> CAPTAFAROS | J50: =VLOOKUP(A50,Materiales!$A$4:$D$141,3,0) -> UND. | K50: 0.3 | L50: =VLOOKUP(A50,Materiales!$A$4:$D$141,4,0) -> 15850 | N50: =+L50*K50 -> 4755
A51: SV-1054 | B51: =VLOOKUP(A51,Materiales!$A$4:$D$141,2,0) -> SECCION FINAL DE DEFENSA METALICA (TERMINAL) | J51: =VLOOKUP(A51,Materiales!$A$4:$D$141,3,0) -> U | K51: 0.07 | L51: =VLOOKUP(A51,Materiales!$A$4:$D$141,4,0) -> 75280 | N51: =+L51*K51 -> 5269.6
B52: SUBTOTAL | N52: =SUM(N47:N51) -> 154791.2
B53: III. TRANSPORTES
B54: III. TRANSPORTES
B56: MATERIAL | I56: VOL. o PESO | J56: DISTANCIA | K56: M3 o Ton/Km | L56: TARIFA | N56: Vr. UNITARIO
B57: TRANSPORTE DE SEÑAL | L57: 11909 | N57: =+L57 -> 11909
B59: SUBTOTAL | N59: =SUM(N57:N58) -> 11909
B60: IV. MANO DE OBRA
B61: IV. MANO DE OBRA
B63: TRABAJADOR | H63: CANTIDAD | I63: JORNAL | J63: PRESTACIONES | K63: JORNAL TOTAL | L63: RENDIMIENTO | N63: Vr. UNITARIO
A64: MO-SV-006 | B64: =VLOOKUP(A64,'Mano de Obra'!$A$4:$E$80,2,0) -> AYUDANTE | H64: 4 | I64: =VLOOKUP(A64,'Mano de Obra'!$A$4:$E$80,3,0) -> 28000 | J64: =VLOOKUP(A64,'Mano de Obra'!$A$4:$E$80,4,0) -> 1.85 | K64: =+H64*I64*J64 -> 207200 | L64: 35 | N64: =+K64/L64 -> 5920
A65: MO-SV-008 | B65: =VLOOKUP(A65,'Mano de Obra'!$A$4:$E$80,2,0) -> OFICIAL | H65: 1 | I65: =VLOOKUP(A65,'Mano de Obra'!$A$4:$E$80,3,0) -> 48000 | J65: =VLOOKUP(A65,'Mano de Obra'!$A$4:$E$80,4,0) -> 1.85 | K65: =+H65*I65*J65 -> 88800 | L65: 35 | N65: =+K65/L65 -> 2537.1429
A66: MO-SV-009 | B66: =VLOOKUP(A66,'Mano de Obra'!$A$4:$E$80,2,0) -> INSPECTOR DE OBRA | H66: 1 | I66: =VLOOKUP(A66,'Mano de Obra'!$A$4:$E$80,3,0) -> 64000 | J66: =VLOOKUP(A66,'Mano de Obra'!$A$4:$E$80,4,0) -> 1.85 | K66: =+H66*I66*J66 -> 118400 | L66: 35 | N66: =+K66/L66 -> 3382.8571
B68: SUBTOTAL | N68: =SUM(N64:N67) -> 11840
B70: TOTAL COSTO DIRECTO | N70: =+N68+N59+N52+N42 -> 186597.87
B71: V. COSTOS INDIRECTOS
B72: V. COSTOS INDIRECTOS
B74: Descripción | K74: Porcentaje | L74: Valor Total
B75: ADMINISTRACION | K75: 0.25 | L75: =+N70*K75 -> 46649.467
B76: IMPREVISTOS | K76: 0.05 | L76: =+N70*K76 -> 9329.8933
B77: UTILIDAD | K77: 0.05 | L77: =+N70*K77 -> 9329.8933
B78: SUBTOTAL | N78: =SUM(L75:M77) -> 65309.253
B80: Precio Unitario Total Aproximado al peso | N80: =ROUND(N70+N78,0) -> 251907
G84: =+'SV-01'!$G$96 -> Firma
G85: =+'SV-01'!$G$97 -> Nombre:
G86: =+'SV-01'!$G$98 -> Representante Legal del Contratista o su Apoderado
G87: =+'SV-01'!$G$99 -> Matricula No. :
B89: =+'SV-01'!$B$101 -> OBSERVACIONES INTERVENTORÍA
G93: =+'SV-01'!$G$105 -> Firma
G94: =+'SV-01'!$G$106 -> Nombre:
G95: =+'SV-01'!$G$107 -> Representante Legal del Interventor o su Apoderado
G96: =+'SV-01'!$G$108 -> Matricula No. :
B97: =+'SV-01'!$B$109 -> Original: Archivo de Gestión Contractual ( Subdirecciòn Administrativa)
B98: =+'SV-01'!$B$110 -> Copias : Unidad Ejecutora, Contratista, Interventor y Dirección Territorial.

Sheet SV-19
C2: MINISTERIO DE TRANSPORTE | K2: CÓDIGO | L2: MSE--FR-14
C3: INSTITUTO NACIONAL DE VIAS
C4: DIRECCION OPERATIVA | K4: VERSIÓN | L4: 2
C5: PROCESO SUPERVISION, EJECUCION Y SEGUIMIENTO A PROYECTOS
C6: =+'DATOS INICIALES '!B5 -> MANUAL DE INTERVENTORÍA OBRA PUBLICA | K6: PÁGINA | L6: 1 | M6: DE | N6: 1
C8: ANALISIS DE PRECIOS UNITARIOS
K10: FECHA | L10: DD | M10: MM | N10: AA
L11: =+'DATOS INICIALES '!K10 -> XXX | M11: =+'DATOS INICIALES '!L10 -> XXX | N11: =+'DATOS INICIALES '!M10 -> XXX
B12: UNIDAD EJECUTORA: | D12: =+'DATOS INICIALES '!C11 -> XXXXXXXXXX | I12: DIRECCIÓN TERRITORIAL: | J12: =+'DATOS INICIALES '!I11 -> XXXXXXXXXX
B18: CONTRATO No. | D18: =+'DATOS INICIALES '!C17 -> XXXXXXXXXX | G18: DE | H18: =+'DATOS INICIALES '!G17 -> XXXXXXXXXX
B19: OBJETO DEL CONTRATO | D19: =+'DATOS INICIALES '!C18 -> XXXXXXXXXXXXXXXXXXXXXXXXXXXXXXXXXXXXXX
B22: CONTRATISTA : | D22: =+'DATOS INICIALES '!C21 -> XXXXXXXXXX
B24: INTERVENTOR | D24: =+'DATOS INICIALES '!C23 -> XXXXXXXXXX
B26: GESTOR TECNICO DE CONTRATO | E26: =+'DATOS INICIALES '!D25 -> XXXXXXXXXX
B28: FECHA CIERRE DE LICITACIÓN Y/O SELECCIÓN ABREVIADA | G28: =+'DATOS INICIALES '!F27 -> XXXXXXXXXX
B30: DATOS ESPECÍFICOS
B32: ITEM | C32: DESCRIPCIÓN | K32: GRUPO DE AJUSTE | L32: UNIDAD | N32: CANTIDAD
B33: =+'PRESUPUESTO OFICIAL'!D18 -> SV-19 | C33: =+'PRESUPUESTO OFICIAL'!G18 -> SUMINISTRO E INSTALACIÓN DE SEÑAL VERTICAL SP-47B | L33: =+'PRESUPUESTO OFICIAL'!H18 -> UNIDAD | N33: =+'PRESUPUESTO OFICIAL'!I18 -> 12
B34: I. EQUIPO
B35: I. EQUIPO
B37: DESCRIPCIÓN | I37: TIPO | K37: TARIFA/HORA | L37: RENDIMIENTO | N37: Vr. UNITARIO
A38: E-SV-001 | B38: =+VLOOKUP(A38,Equipo!$A$4:$D$80,2,0) -> CORTADORA DE LÁMINA | K38: =VLOOKUP(A38,Equipo!$A$4:$D$80,4,0) -> 20339 | L38: 4 | N38: =+K38/L38 -> 5084.75
A39: E-SV-002 | B39: =+VLOOKUP(A39,Equipo!$A$4:$D$80,2,0) -> CORTADORA DE ANGULO | K39: =VLOOKUP(A39,Equipo!$A$4:$D$80,4,0) -> 20339 | L39: 4 | N39: =+K39/L39 -> 5084.75
A40: E-SV-003 | B40: =+VLOOKUP(A40,Equipo!$A$4:$D$80,2,0) -> EQUIPO DE SOLDADURA | K40: =VLOOKUP(A40,Equipo!$A$4:$D$80,4,0) -> 16271 | L40: 4 | N40: =+K40/L40 -> 4067.75
A41: E-SV-004 | B41: =+VLOOKUP(A41,Equipo!$A$4:$D$80,2,0) -> EQUIPO DE PINTURA | K41: =VLOOKUP(A41,Equipo!$A$4:$D$80,4,0) -> 20339 | L41: 4 | N41: =+K41/L41 -> 5084.75
A42: E-SV-005 | B42: =+VLOOKUP(A42,Equipo!$A$4:$D$80,2,0) -> EQUIPO DE SERIGRAFÍA | K42: =VLOOKUP(A42,Equipo!$A$4:$D$80,4,0) -> 13574 | L42: 4 | N42: =+K42/L42 -> 3393.5
A43: E-SV-006 | B43: =+VLOOKUP(A43,Equipo!$A$4:$D$80,2,0) -> EQUIPO DE LAMINACIÓN | K43: =VLOOKUP(A43,Equipo!$A$4:$D$80,4,0) -> 8003 | L43: 4 | N43: =+K43/L43 -> 2000.75
A44: E-SV-007 | B44: =+VLOOKUP(A44,Equipo!$A$4:$D$80,2,0) -> TALADRO | K44: =VLOOKUP(A44,Equipo!$A$4:$D$80,4,0) -> 2715 | L44: 4 | N44: =+K44/L44 -> 678.75
B45: HERRAMIENTA MENOR | N45: 1500
B48: SUBTOTAL | N48: =SUM(N38:N47) -> 26895
B49: II. MATERIALES
B50: II. MATERIALES
B52: DESCRIPCIÓN | J52: UNIDAD | K52: CANTIDAD | L52: PRECIO UNIT. | N52: Vr. UNITARIO
A53: SV-1063 | B53: =VLOOKUP(A53,Materiales!$A$4:$D$141,2,0) -> LAMINA GALV. CALIBRE 16 | J53: =VLOOKUP(A53,Materiales!$A$4:$D$141,3,0) -> M2 | K53: 0.797 | L53: =VLOOKUP(A53,Materiales!$A$4:$D$141,4,0) -> 49580 | N53: =+L53*K53 -> 39515.26
A54: SV-1064 | B54: =VLOOKUP(A54,Materiales!$A$4:$D$141,2,0) -> PAPEL REFLECTIVO TIPO III | J54: =VLOOKUP(A54,Materiales!$A$4:$D$141,3,0) -> M2 | K54: 0.017 | L54: 3522400 | N54: =+L54*K54 -> 59880.8
A55: SV-1065 | B55: =VLOOKUP(A55,Materiales!$A$4:$D$141,2,0) -> ANGULO DE 2" X 1/4" | J55: =VLOOKUP(A55,Materiales!$A$4:$D$141,3,0) -> ML | K55: 3.35 | L55: =VLOOKUP(A55,Materiales!$A$4:$D$141,4,0) -> 17710 | N55: =+L55*K55 -> 59328.5
A56: SV-1066 | B56: =VLOOKUP(A56,Materiales!$A$4:$D$141,2,0) -> ANGULO DE 2" X 1/8" | J56: =VLOOKUP(A56,Materiales!$A$4:$D$141,3,0) -> ML | K56: 1.5 | L56: =VLOOKUP(A56,Materiales!$A$4:$D$141,4,0) -> 9810 | N56: =+L56*K56 -> 14715
A57: SV-1067 | B57: =VLOOKUP(A57,Materiales!$A$4:$D$141,2,0) -> TORNILLOS Y REMACHES | J57: =VLOOKUP(A57,Materiales!$A$4:$D$141,3,0) -> UND. | K57: 6 | L57: =VLOOKUP(A57,Materiales!$A$4:$D$141,4,0) -> 1004 | N57: =+L57*K57 -> 6024
A58: SV-1068 | B58: =VLOOKUP(A58,Materiales!$A$4:$D$141,2,0) -> PINTURA EN POLVO | J58: =VLOOKUP(A58,Materiales!$A$4:$D$141,3,0) -> GALON | K58: 0.05 | L58: =VLOOKUP(A58,Materiales!$A$4:$D$141,4,0) -> 170330 | N58: =+L58*K58 -> 8516.5
A59: SV-1069 | B59: =VLOOKUP(A59,Materiales!$A$4:$D$141,2,0) -> PINTURA ESMALTE | J59: =VLOOKUP(A59,Materiales!$A$4:$D$141,3,0) -> GALON | K59: 0.06 | L59: =VLOOKUP(A59,Materiales!$A$4:$D$141,4,0) -> 59020 | N59: =+L59*K59 -> 3541.2
A60: SV-1070 | B60: =VLOOKUP(A60,Materiales!$A$4:$D$141,2,0) -> SOLDADURA | J60: =VLOOKUP(A60,Materiales!$A$4:$D$141,3,0) -> KG | K60: 0.25 | L60: =VLOOKUP(A60,Materiales!$A$4:$D$141,4,0) -> 7210 | N60: =+L60*K60 -> 1802.5
A61: SV-1071 | B61: =VLOOKUP(A61,Materiales!$A$4:$D$141,2,0) -> CONCRETO CLASE E | J61: =VLOOKUP(A61,Materiales!$A$4:$D$141,3,0) -> M3 | K61: 0.05 | L61: =VLOOKUP(A61,Materiales!$A$4:$D$141,4,0) -> 463800 | N61: =+L61*K61 -> 23190
N62: =+L62*K62 -> 0
N63: =+L63*K63 -> 0
B64: SUBTOTAL | N64: =SUM(N53:N63) -> 216513.76
B65: III. TRANSPORTES
B66: III. TRANSPORTES
B68: MATERIAL | I68: VOL. o PESO | J68: DISTANCIA | K68: M3 o Ton/Km | L68: TARIFA | N68: Vr. UNITARIO
B69: TRANSPORTE DE SEÑAL | L69: 23000 | N69: =+L69 -> 23000
B71: SUBTOTAL | N71: =SUM(N69:N70) -> 23000
B72: IV. MANO DE OBRA
B73: IV. MANO DE OBRA
B75: TRABAJADOR | H75: CANTIDAD | I75: JORNAL | J75: PRESTACIONES | K75: JORNAL TOTAL | L75: RENDIMIENTO | N75: Vr. UNITARIO
A76: MO-SV-001 | B76: =VLOOKUP(A76,'Mano de Obra'!$A$4:$E$80,2,0) -> CORTADOR | H76: 1 | I76: =VLOOKUP(A76,'Mano de Obra'!$A$4:$E$80,3,0) -> 72000 | J76: =VLOOKUP(A76,'Mano de Obra'!$A$4:$E$80,4,0) -> 1.85 | K76: =+H76*I76*J76 -> 133200 | L76: 24 | N76: =+K76/L76 -> 5550
A77: MO-SV-002 | B77: =VLOOKUP(A77,'Mano de Obra'!$A$4:$E$80,2,0) -> SOLDADOR | H77: 1 | I77: =VLOOKUP(A77,'Mano de Obra'!$A$4:$E$80,3,0) -> 88000 | J77: =VLOOKUP(A77,'Mano de Obra'!$A$4:$E$80,4,0) -> 1.85 | K77: =+H77*I77*J77 -> 162800 | L77: 24 | N77: =+K77/L77 -> 6783.3333
A78: MO-SV-003 | B78: =VLOOKUP(A78,'Mano de Obra'!$A$4:$E$80,2,0) -> PINTOR | H78: 1 | I78: =VLOOKUP(A78,'Mano de Obra'!$A$4:$E$80,3,0) -> 72000 | J78: =VLOOKUP(A78,'Mano de Obra'!$A$4:$E$80,4,0) -> 1.85 | K78: =+H78*I78*J78 -> 133200 | L78: 24 | N78: =+K78/L78 -> 5550
A79: MO-SV-004 | B79: =VLOOKUP(A79,'Mano de Obra'!$A$4:$E$80,2,0) -> LAMINADOR | H79: 1 | I79: =VLOOKUP(A79,'Mano de Obra'!$A$4:$E$80,3,0) -> 72000 | J79: =VLOOKUP(A79,'Mano de Obra'!$A$4:$E$80,4,0) -> 1.85 | K79: =+H79*I79*J79 -> 133200 | L79: 24 | N79: =+K79/L79 -> 5550
A80: MO-SV-005 | B80: =VLOOKUP(A80,'Mano de Obra'!$A$4:$E$80,2,0) -> SERIGRAFISTA | H80: 1 | I80: =VLOOKUP(A80,'Mano de Obra'!$A$4:$E$80,3,0) -> 72000 | J80: =VLOOKUP(A80,'Mano de Obra'!$A$4:$E$80,4,0) -> 1.85 | K80: =+H80*I80*J80 -> 133200 | L80: 24 | N80: =+K80/L80 -> 5550
A81: MO-SV-006 | B81: =VLOOKUP(A81,'Mano de Obra'!$A$4:$E$80,2,0) -> AYUDANTE | H81: 2 | I81: =VLOOKUP(A81,'Mano de Obra'!$A$4:$E$80,3,0) -> 28000 | J81: =VLOOKUP(A81,'Mano de Obra'!$A$4:$E$80,4,0) -> 1.85 | K81: =+H81*I81*J81 -> 103600 | L81: 24 | N81: =+K81/L81 -> 4316.6667
A82: MO-SV-007 | B82: =VLOOKUP(A82,'Mano de Obra'!$A$4:$E$80,2,0) -> CUADRILLA DE INSTALÑACIÓN (3) | H82: 1 | I82: =VLOOKUP(A82,'Mano de Obra'!$A$4:$E$80,3,0) -> 83000 | J82: =VLOOKUP(A82,'Mano de Obra'!$A$4:$E$80,4,0) -> 1.85 | K82: =+H82*I82*J82 -> 153550 | L82: 24 | N82: =+K82/L82 -> 6397.9167
B85: SUBTOTAL | N85: =SUM(N76:N84) -> 39697.917
B87: TOTAL COSTO DIRECTO | N87: =+N85+N71+N64+N48 -> 306106.68
B88: V. COSTOS INDIRECTOS
B89: V. COSTOS INDIRECTOS
B91: Descripción | K91: Porcentaje | L91: Valor Total
B92: ADMINISTRACION | K92: 0.25 | L92: =+N87*K92 -> 76526.669
B93: IMPREVISTOS | K93: 0.05 | L93: =+N87*K93 -> 15305.334
B94: UTILIDAD | K94: 0.05 | L94: =+N87*K94 -> 15305.334
B95: SUBTOTAL | N95: =SUM(L92:M94) -> 107137.34
B97: Precio Unitario Total Aproximado al peso | N97: =ROUND(N87+N95,0) -> 413244
G101: =+'SV-01'!$G$96 -> Firma
G102: =+'SV-01'!$G$97 -> Nombre:
G103: =+'SV-01'!$G$98 -> Representante Legal del Contratista o su Apoderado
G104: =+'SV-01'!$G$99 -> Matricula No. :
B106: =+'SV-01'!$B$101 -> OBSERVACIONES INTERVENTORÍA
G110: =+'SV-01'!$G$105 -> Firma
G111: =+'SV-01'!$G$106 -> Nombre:
G112: =+'SV-01'!$G$107 -> Representante Legal del Interventor o su Apoderado
G113: =+'SV-01'!$G$108 -> Matricula No. :
B114: =+'SV-01'!$B$109 -> Original: Archivo de Gestión Contractual ( Subdirecciòn Administrativa)
B115: =+'SV-01'!$B$110 -> Copias : Unidad Ejecutora, Contratista, Interventor y Dirección Territorial.

Sheet SV-20
C2: MINISTERIO DE TRANSPORTE | K2: CÓDIGO | L2: MSE--FR-14
C3: INSTITUTO NACIONAL DE VIAS
C4: DIRECCION OPERATIVA | K4: VERSIÓN | L4: 2
C5: PROCESO SUPERVISION, EJECUCION Y SEGUIMIENTO A PROYECTOS
C6: =+'DATOS INICIALES '!B5 -> MANUAL DE INTERVENTORÍA OBRA PUBLICA | K6: PÁGINA | L6: 1 | M6: DE | N6: 1
C8: ANALISIS DE PRECIOS UNITARIOS
K10: FECHA | L10: DD | M10: MM | N10: AA
L11: =+'DATOS INICIALES '!K10 -> XXX | M11: =+'DATOS INICIALES '!L10 -> XXX | N11: =+'DATOS INICIALES '!M10 -> XXX
B12: UNIDAD EJECUTORA: | D12: =+'DATOS INICIALES '!C11 -> XXXXXXXXXX | I12: DIRECCIÓN TERRITORIAL: | J12: =+'DATOS INICIALES '!I11 -> XXXXXXXXXX
B18: CONTRATO No. | D18: =+'DATOS INICIALES '!C17 -> XXXXXXXXXX | G18: DE | H18: =+'DATOS INICIALES '!G17 -> XXXXXXXXXX
B19: OBJETO DEL CONTRATO | D19: =+'DATOS INICIALES '!C18 -> XXXXXXXXXXXXXXXXXXXXXXXXXXXXXXXXXXXXXX
B22: CONTRATISTA : | D22: =+'DATOS INICIALES '!C21 -> XXXXXXXXXX
B24: INTERVENTOR | D24: =+'DATOS INICIALES '!C23 -> XXXXXXXXXX
B26: GESTOR TECNICO DE CONTRATO | E26: =+'DATOS INICIALES '!D25 -> XXXXXXXXXX
B28: FECHA CIERRE DE LICITACIÓN Y/O SELECCIÓN ABREVIADA | G28: =+'DATOS INICIALES '!F27 -> XXXXXXXXXX
B30: DATOS ESPECÍFICOS
B32: ITEM | C32: DESCRIPCIÓN | K32: GRUPO DE AJUSTE | L32: UNIDAD | N32: CANTIDAD
B33: =+'PRESUPUESTO OFICIAL'!D19 -> SV-20 | C33: =+'PRESUPUESTO OFICIAL'!G19 -> SUMINISTRO E INSTALACIÓN DE SEÑAL VERTICAL SP-47 | L33: =+'PRESUPUESTO OFICIAL'!H19 -> UNIDAD | N33: =+'PRESUPUESTO OFICIAL'!I19 -> 12
B34: I. EQUIPO
B35: I. EQUIPO
B37: DESCRIPCIÓN | I37: TIPO | K37: TARIFA/HORA | L37: RENDIMIENTO | N37: Vr. UNITARIO
A38: E-SV-001 | B38: =+VLOOKUP(A38,Equipo!$A$4:$D$80,2,0) -> CORTADORA DE LÁMINA | K38: =VLOOKUP(A38,Equipo!$A$4:$D$80,4,0) -> 20339 | L38: 4 | N38: =+K38/L38 -> 5084.75
A39: E-SV-002 | B39: =+VLOOKUP(A39,Equipo!$A$4:$D$80,2,0) -> CORTADORA DE ANGULO | K39: =VLOOKUP(A39,Equipo!$A$4:$D$80,4,0) -> 20339 | L39: 4 | N39: =+K39/L39 -> 5084.75
A40: E-SV-003 | B40: =+VLOOKUP(A40,Equipo!$A$4:$D$80,2,0) -> EQUIPO DE SOLDADURA | K40: =VLOOKUP(A40,Equipo!$A$4:$D$80,4,0) -> 16271 | L40: 4 | N40: =+K40/L40 -> 4067.75
A41: E-SV-004 | B41: =+VLOOKUP(A41,Equipo!$A$4:$D$80,2,0) -> EQUIPO DE PINTURA | K41: =VLOOKUP(A41,Equipo!$A$4:$D$80,4,0) -> 20339 | L41: 4 | N41: =+K41/L41 -> 5084.75
A42: E-SV-005 | B42: =+VLOOKUP(A42,Equipo!$A$4:$D$80,2,0) -> EQUIPO DE SERIGRAFÍA | K42: =VLOOKUP(A42,Equipo!$A$4:$D$80,4,0) -> 13574 | L42: 4 | N42: =+K42/L42 -> 3393.5
A43: E-SV-006 | B43: =+VLOOKUP(A43,Equipo!$A$4:$D$80,2,0) -> EQUIPO DE LAMINACIÓN | K43: =VLOOKUP(A43,Equipo!$A$4:$D$80,4,0) -> 8003 | L43: 4 | N43: =+K43/L43 -> 2000.75
A44: E-SV-007 | B44: =+VLOOKUP(A44,Equipo!$A$4:$D$80,2,0) -> TALADRO | K44: =VLOOKUP(A44,Equipo!$A$4:$D$80,4,0) -> 2715 | L44: 4 | N44: =+K44/L44 -> 678.75
B45: HERRAMIENTA MENOR | N45: 1500
B47: SUBTOTAL | N47: =SUM(N38:N46) -> 26895
B48: II. MATERIALES
B49: II. MATERIALES
B51: DESCRIPCIÓN | J51: UNIDAD | K51: CANTIDAD | L51: PRECIO UNIT. | N51: Vr. UNITARIO
A52: SV-1063 | B52: =VLOOKUP(A52,Materiales!$A$4:$D$141,2,0) -> LAMINA GALV. CALIBRE 16 | J52: =VLOOKUP(A52,Materiales!$A$4:$D$141,3,0) -> M2 | K52: 0.664 | L52: =VLOOKUP(A52,Materiales!$A$4:$D$141,4,0) -> 49580 | N52: =+L52*K52 -> 32921.12
A53: SV-1064 | B53: =VLOOKUP(A53,Materiales!$A$4:$D$141,2,0) -> PAPEL REFLECTIVO TIPO III | J53: =VLOOKUP(A53,Materiales!$A$4:$D$141,3,0) -> M2 | K53: 0.017 | L53: 3522400 | N53: =+L53*K53 -> 59880.8
A54: SV-1065 | B54: =VLOOKUP(A54,Materiales!$A$4:$D$141,2,0) -> ANGULO DE 2" X 1/4" | J54: =VLOOKUP(A54,Materiales!$A$4:$D$141,3,0) -> ML | K54: 3.35 | L54: =VLOOKUP(A54,Materiales!$A$4:$D$141,4,0) -> 17710 | N54: =+L54*K54 -> 59328.5
A55: SV-1066 | B55: =VLOOKUP(A55,Materiales!$A$4:$D$141,2,0) -> ANGULO DE 2" X 1/8" | J55: =VLOOKUP(A55,Materiales!$A$4:$D$141,3,0) -> ML | K55: 1.5 | L55: =VLOOKUP(A55,Materiales!$A$4:$D$141,4,0) -> 9810 | N55: =+L55*K55 -> 14715
A56: SV-1067 | B56: =VLOOKUP(A56,Materiales!$A$4:$D$141,2,0) -> TORNILLOS Y REMACHES | J56: =VLOOKUP(A56,Materiales!$A$4:$D$141,3,0) -> UND. | K56: 8 | L56: =VLOOKUP(A56,Materiales!$A$4:$D$141,4,0) -> 1004 | N56: =+L56*K56 -> 8032
A57: SV-1068 | B57: =VLOOKUP(A57,Materiales!$A$4:$D$141,2,0) -> PINTURA EN POLVO | J57: =VLOOKUP(A57,Materiales!$A$4:$D$141,3,0) -> GALON | K57: 0.05 | L57: =VLOOKUP(A57,Materiales!$A$4:$D$141,4,0) -> 170330 | N57: =+L57*K57 -> 8516.5
A58: SV-1069 | B58: =VLOOKUP(A58,Materiales!$A$4:$D$141,2,0) -> PINTURA ESMALTE | J58: =VLOOKUP(A58,Materiales!$A$4:$D$141,3,0) -> GALON | K58: 0.06 | L58: =VLOOKUP(A58,Materiales!$A$4:$D$141,4,0) -> 59020 | N58: =+L58*K58 -> 3541.2
A59: SV-1070 | B59: =VLOOKUP(A59,Materiales!$A$4:$D$141,2,0) -> SOLDADURA | J59: =VLOOKUP(A59,Materiales!$A$4:$D$141,3,0) -> KG | K59: 0.25 | L59: =VLOOKUP(A59,Materiales!$A$4:$D$141,4,0) -> 7210 | N59: =+L59*K59 -> 1802.5
A60: SV-1071 | B60: =VLOOKUP(A60,Materiales!$A$4:$D$141,2,0) -> CONCRETO CLASE E | J60: =VLOOKUP(A60,Materiales!$A$4:$D$141,3,0) -> M3 | K60: 0.05 | L60: =VLOOKUP(A60,Materiales!$A$4:$D$141,4,0) -> 463800 | N60: =+L60*K60 -> 23190
N61: =+L61*K61 -> 0
N62: =+L62*K62 -> 0
B63: SUBTOTAL | N63: =SUM(N52:N62) -> 211927.62
B64: III. TRANSPORTES
B65: III. TRANSPORTES
B67: MATERIAL | I67: VOL. o PESO | J67: DISTANCIA | K67: M3 o Ton/Km | L67: TARIFA | N67: Vr. UNITARIO
B68: TRANSPORTE DE SEÑAL | L68: 23000 | N68: =+L68 -> 23000
B70: SUBTOTAL | N70: =SUM(N68:N69) -> 23000
B71: IV. MANO DE OBRA
B72: IV. MANO DE OBRA
B74: TRABAJADOR | H74: CANTIDAD | I74: JORNAL | J74: PRESTACIONES | K74: JORNAL TOTAL | L74: RENDIMIENTO | N74: Vr. UNITARIO
A75: MO-SV-001 | B75: =VLOOKUP(A75,'Mano de Obra'!$A$4:$E$80,2,0) -> CORTADOR | H75: 1 | I75: =VLOOKUP(A75,'Mano de Obra'!$A$4:$E$80,3,0) -> 72000 | J75: =VLOOKUP(A75,'Mano de Obra'!$A$4:$E$80,4,0) -> 1.85 | K75: =+H75*I75*J75 -> 133200 | L75: 24 | N75: =+K75/L75 -> 5550
A76: MO-SV-002 | B76: =VLOOKUP(A76,'Mano de Obra'!$A$4:$E$80,2,0) -> SOLDADOR | H76: 1 | I76: =VLOOKUP(A76,'Mano de Obra'!$A$4:$E$80,3,0) -> 88000 | J76: =VLOOKUP(A76,'Mano de Obra'!$A$4:$E$80,4,0) -> 1.85 | K76: =+H76*I76*J76 -> 162800 | L76: 24 | N76: =+K76/L76 -> 6783.3333
A77: MO-SV-003 | B77: =VLOOKUP(A77,'Mano de Obra'!$A$4:$E$80,2,0) -> PINTOR | H77: 1 | I77: =VLOOKUP(A77,'Mano de Obra'!$A$4:$E$80,3,0) -> 72000 | J77: =VLOOKUP(A77,'Mano de Obra'!$A$4:$E$80,4,0) -> 1.85 | K77: =+H77*I77*J77 -> 133200 | L77: 24 | N77: =+K77/L77 -> 5550
A78: MO-SV-004 | B78: =VLOOKUP(A78,'Mano de Obra'!$A$4:$E$80,2,0) -> LAMINADOR | H78: 1 | I78: =VLOOKUP(A78,'Mano de Obra'!$A$4:$E$80,3,0) -> 72000 | J78: =VLOOKUP(A78,'Mano de Obra'!$A$4:$E$80,4,0) -> 1.85 | K78: =+H78*I78*J78 -> 133200 | L78: 24 | N78: =+K78/L78 -> 5550
A79: MO-SV-005 | B79: =VLOOKUP(A79,'Mano de Obra'!$A$4:$E$80,2,0) -> SERIGRAFISTA | H79: 1 | I79: =VLOOKUP(A79,'Mano de Obra'!$A$4:$E$80,3,0) -> 72000 | J79: =VLOOKUP(A79,'Mano de Obra'!$A$4:$E$80,4,0) -> 1.85 | K79: =+H79*I79*J79 -> 133200 | L79: 24 | N79: =+K79/L79 -> 5550
A80: MO-SV-006 | B80: =VLOOKUP(A80,'Mano de Obra'!$A$4:$E$80,2,0) -> AYUDANTE | H80: 2 | I80: =VLOOKUP(A80,'Mano de Obra'!$A$4:$E$80,3,0) -> 28000 | J80: =VLOOKUP(A80,'Mano de Obra'!$A$4:$E$80,4,0) -> 1.85 | K80: =+H80*I80*J80 -> 103600 | L80: 24 | N80: =+K80/L80 -> 4316.6667
A81: MO-SV-007 | B81: =VLOOKUP(A81,'Mano de Obra'!$A$4:$E$80,2,0) -> CUADRILLA DE INSTALÑACIÓN (3) | H81: 1 | I81: =VLOOKUP(A81,'Mano de Obra'!$A$4:$E$80,3,0) -> 83000 | J81: =VLOOKUP(A81,'Mano de Obra'!$A$4:$E$80,4,0) -> 1.85 | K81: =+H81*I81*J81 -> 153550 | L81: 24 | N81: =+K81/L81 -> 6397.9167
B84: SUBTOTAL | N84: =SUM(N75:N83) -> 39697.917
B86: TOTAL COSTO DIRECTO | N86: =+N84+N70+N63+N47 -> 301520.54
B87: V. COSTOS INDIRECTOS
B88: V. COSTOS INDIRECTOS
B90: Descripción | K90: Porcentaje | L90: Valor Total
B91: ADMINISTRACION | K91: 0.25 | L91: =+N86*K91 -> 75380.134
B92: IMPREVISTOS | K92: 0.05 | L92: =+N86*K92 -> 15076.027
B93: UTILIDAD | K93: 0.05 | L93: =+N86*K93 -> 15076.027
B94: SUBTOTAL | N94: =SUM(L91:M93) -> 105532.19
B96: Precio Unitario Total Aproximado al peso | N96: =ROUND(N86+N94,0) -> 407053
G100: =+'SV-01'!$G$96 -> Firma
G101: =+'SV-01'!$G$97 -> Nombre:
G102: =+'SV-01'!$G$98 -> Representante Legal del Contratista o su Apoderado
G103: =+'SV-01'!$G$99 -> Matricula No. :
B105: =+'SV-01'!$B$101 -> OBSERVACIONES INTERVENTORÍA
G109: =+'SV-01'!$G$105 -> Firma
G110: =+'SV-01'!$G$106 -> Nombre:
G111: =+'SV-01'!$G$107 -> Representante Legal del Interventor o su Apoderado
G112: =+'SV-01'!$G$108 -> Matricula No. :
B113: =+'SV-01'!$B$109 -> Original: Archivo de Gestión Contractual ( Subdirecciòn Administrativa)
B114: =+'SV-01'!$B$110 -> Copias : Unidad Ejecutora, Contratista, Interventor y Dirección Territorial.
